Workbook
Name _56F9DC9755BA473782653E2940F9FormId: "79XIZPe22EO4S40ETtyQHR6SSzqw2MZMgX2hLKkxMm5UNkJBVThJMThQWTFKRURLNzJTNDU4VExQNSQlQCN0PWcu"
Name _56F9DC9755BA473782653E2940F9ResponseSheet: "Form1"
Name _56F9DC9755BA473782653E2940F9SourceDocId: "{e50dfd7f-ac2f-40a5-b514-1bf91148ed70}"
Name _PTD1: '[1]Sch 1- Rate Base '!$P$1:$P$3
Name _PTD2: '[1]Sch 1- Rate Base '!$P$1:$P$3
Name _PTD3: '[1]Sch 1- Rate Base '!$P$1:$P$3
Name _WNP2: #REF!
Name _WNP2: #REF!
Name Alt_Load_Switch: #REF!
Name Alt_Load_Switch: #REF!
Name BlockSales: #REF!
Name BlockSales: #REF!
Name CompleAugHLH: #REF!
Name CompleAugHLH: #REF!
Name CompleAugLLH: #REF!
Name CompleAugLLH: #REF!
Name contr_time_period_default: [2]Start!#REF!
Name contr_time_period_default: [2]Start!#REF!
Name DIST: '[1]Sch 1- Rate Base '!$Q$1:$Q$3
Name DIST: '[1]Sch 1- Rate Base '!$Q$1:$Q$3
Name DIST: '[1]Sch 1- Rate Base '!$Q$1:$Q$3
Name DIST: '[1]Sch 1- Rate Base '!$Q$1:$Q$3
Name DIST: '[1]Sch 1- Rate Base '!$Q$1:$Q$3
Name DIST: '[1]Sch 1- Rate Base '!$Q$1:$Q$3
Name DIST: '[1]Sch 1- Rate Base '!$Q$1:$Q$3
Name DIST: '[1]Sch 1- Rate Base '!$Q$1:$Q$3
Name DIST: '[1]Sch 1- Rate Base '!$Q$1:$Q$3
Name DIST: '[1]Sch 1- Rate Base '!$Q$1:$Q$3
Name DIST: '[1]Sch 1- Rate Base '!$Q$1:$Q$3
Name DIST: #REF!
Name DIST: '[1]Sch 1- Rate Base '!$Q$1:$Q$3
Name DIST: '[1]Sch 1- Rate Base '!$Q$1:$Q$3
Name DIST: #REF!
Name DIST: '[1]Sch 1- Rate Base '!$Q$1:$Q$3
Name DIST: '[1]Sch 1- Rate Base '!$Q$1:$Q$3
Name DIST: '[1]Sch 1- Rate Base '!$Q$1:$Q$3
Name DIST: '[1]Sch 1- Rate Base '!$Q$1:$Q$3
Name DIST: '[1]Sch 1- Rate Base '!$Q$1:$Q$3
Name DIST: '[1]Sch 1- Rate Base '!$Q$1:$Q$3
Name DIST: 'Sch 1- Rate Base '!$Q$1:$Q$3
Name DIST1: '[1]Sch 1- Rate Base '!$Q$1:$Q$3
Name DIST2: '[1]Sch 1- Rate Base '!$Q$1:$Q$3
Name DIST3: '[1]Sch 1- Rate Base '!$Q$1:$Q$3
Name DSIHLH: #REF!
Name DSIHLH: #REF!
Name DSILLH: #REF!
Name DSILLH: #REF!
Name FedGenSliceHLH: #REF!
Name FedGenSliceHLH: #REF!
Name FedGenSliceLLH: #REF!
Name FedGenSliceLLH: #REF!
Name FirmConHLH: #REF!
Name FirmConHLH: #REF!
Name FirmConLLH: #REF!
Name FirmConLLH: #REF!
Name FPSPFHLH: #REF!
Name FPSPFHLH: #REF!
Name FPSPFLLH: #REF!
Name FPSPFLLH: #REF!
Name HydroGenHossHLH: #REF!

Sheet Revisions_2026-28
A4: 1 | B4: Change dates in Sch 1- Rate Base Tab
C6: Cell E6 | D6: Change from: | F6: 2021 | G6: to | H6: 2023
C8: Cell E7 | D8: Change from: | F8: 44743 | G8: to | H8: 45476
A11: 2 | B11: In NLSL_Base_New_Calc Tab
C13: Cell A47 | D13: Change from | F13: 2021 cost of serving NLSLs under Endnote d | G13: to | H13: 2023 cost of serving NLSLs under Endnote d
A16: 3 | B16: In Above-RHWM_Base_New_Calc Tab
C18: Cell A47 | D18: Change from | F18: 2021 cost of serving Above-RHWM Loads under Endnote d | G18: to | H18: 2023 cost of serving Above-RHWM Loads under Endnote d
A21: 4 | B21: Updated all Footers from | F21: FY 2024-2025 ASC Filing | G21: to | H21: FY 2024-2025 ASC Filing
A24: 5 | B24: In New Resources-Individual and New Resources Group Tabs
C26: Cell B3 | D26: Change from | F26: 45566 | G26: to | H26: 46478 | I26: Midpoint is different because of the three year rate period
A28: 6 | B28: In Schedule 1 - Rate Base
C30: Check all account numbers

Sheet TOC
A1: FY 2026-2028 ASC Appendix 1
A2: Table of Contents
A4: 1 | B4: Schedule 1 - Rate Base
A5: 2 | B5: Schedule 1A - Cash Working Capital
A6: 3 | B6: Schedule 2 -Rate of Return
A7: 5 | B7: Schedule 3 - Expenses
A8: 6 | B8: Schedule 3A - Taxes
A9: 7 | B9: Schedule 3B - Other Items
A10: 8 | B10: Schedule 4 - Average System Cost
A11: 9 | B11: 3-YEAR PP & OSS Worksheet
A12: 10 | B12: Load Forecast
A13: 11 | B13: Distribution Loss Calc
A14: 12 | B14: Salaries
A15: 13 | B15: Ratios
... A24: 22 | B24: Tiered Rates

Sheet Sch 1- Rate Base 
A1: BONNEVILLE POWER ADMINISTRATION
A2: RESIDENTIAL PURCHASE AND SALES AGREEMENT
A3: 2008 Average System Cost Methodology (ASCM) Appendix 1
A5: TOC | D5: UTILITY NAME: | E5: Utility Name | I5: BPA Reviews:
A6: é | D6: End of Year Report Period: | E6: 2023
D7: ASC Filing Date: | E7: 45446
A10: Schedule 1: Plant Investment / Rate Base
A12: Account Description | C12: FERC Form 1 | E12: Functionalization | G12: Total | H12: Production | I12: Transmission | J12: Distribution/ Other | L12: Production | M12: Transmission
C13: Page | D13: Account | E13: Method | N13: Distribution/
C14: Number | D14: Numbers | E14: Default | F14: Optional | N14: Other
A15: Intangible Plant:
B16: Intangible Plant - Organization | C16: 204-207 | D16: 301 | E16: DIST | G16: ='204-207'!M3 -> 0 | H16: =VLOOKUP($E16,Ratio,2,FALSE)*$G16 -> 0 | I16: =VLOOKUP($E16,Ratio,3,FALSE)*$G16 -> 0 | J16: =VLOOKUP($E16,Ratio,4,FALSE)*$G16 -> 0
B17: Intangible Plant - Franchises and Consents | C17: 204-207 | D17: 302 | E17: DIRECT | F17: PTD | G17: ='204-207'!M4 -> 46804271 | H17: =IF($E17="DIRECT",$L17,VLOOKUP($E17,Ratio,2,FALSE)*$G17) -> 42107008 | I17: =IF($E17="DIRECT",$M17,VLOOKUP($E17,Ratio,3,FALSE)*$G17) -> 0 | J17: =IF($E17="DIRECT",$N17,VLOOKUP($E17,Ratio,4,FALSE)*$G17) -> 4697263.3 | L17: ='1.1 Intangible Assets Summary'!F8 -> 42107008 | N17: 4697263.3
B18: Intangible Plant - Miscellaneous | C18: 204-207 | D18: 303 | E18: DIRECT | F18: DIST | G18: ='204-207'!M5 -> 57840902 | H18: =IF($E18="DIRECT",$L18,VLOOKUP($E18,Ratio,2,FALSE)*$G18) -> 21321713 | I18: =IF($E18="DIRECT",$M18,VLOOKUP($E18,Ratio,3,FALSE)*$G18) -> 0 | J18: =IF($E18="DIRECT",$N18,VLOOKUP($E18,Ratio,4,FALSE)*$G18) -> 36519189 | L18: ='1.1 Intangible Assets Summary'!F14 -> 21321713 | M18: =0 -> 0 | N18: ='1.1 Intangible Assets Summary'!H14+'1.1 Intangible Assets Summary'!G14 -> 36519189
A19: Total Intangible Plant | G19: =SUM(G16:G18) -> 104645173 | H19: =SUM(H16:H18) -> 63428720 | I19: =SUM(I16:I18) -> 0 | J19: =SUM(J16:J18) -> 41216452
A21: Production Plant:
B22: Steam Production | C22: 204-207 | D22: 310-317 | E22: PROD | G22: =SUM('204-207'!M9:M16) -> 494693042 | H22: =VLOOKUP($E22,Ratio,2,FALSE)*$G22 -> 494693042 | I22: =VLOOKUP($E22,Ratio,3,FALSE)*$G22 -> 0 | J22: =VLOOKUP($E22,Ratio,4,FALSE)*$G22 -> 0
B23: Nuclear Production | C23: 204-207 | D23: 320-326 | E23: PROD | G23: =SUM('204-207'!M19:M25) -> 0 | H23: =VLOOKUP($E23,Ratio,2,FALSE)*$G23 -> 0 | I23: =VLOOKUP($E23,Ratio,3,FALSE)*$G23 -> 0 | J23: =VLOOKUP($E23,Ratio,4,FALSE)*$G23 -> 0
B24: Hydraulic Production | C24: 204-207 | D24: 330-337 | E24: PROD | G24: =SUM('204-207'!M28:M34) -> 791656686 | H24: =VLOOKUP($E24,Ratio,2,FALSE)*$G24 -> 791656686 | I24: =VLOOKUP($E24,Ratio,3,FALSE)*$G24 -> 0 | J24: =VLOOKUP($E24,Ratio,4,FALSE)*$G24 -> 0
B25: Other Production | C25: 204-207 | D25: 340-348 | E25: PROD | G25: =SUM('204-207'!M38:M45) -> 327526210 | H25: =VLOOKUP($E25,Ratio,2,FALSE)*$G25 -> 327526210 | I25: =VLOOKUP($E25,Ratio,3,FALSE)*$G25 -> 0 | J25: =VLOOKUP($E25,Ratio,4,FALSE)*$G25 -> 0
A26: Total Production Plant | G26: =SUM(G22:G25) -> 1613875938 | H26: =SUM(H22:H25) -> 1613875938 | I26: =SUM(I22:I25) -> 0 | J26: =SUM(J22:J25) -> 0
B29: Transmission Plant | C29: 204-207 | D29: 350-359.1 | E29: TRANS | G29: =SUM('204-207'!M49:M58) -> 1057719030 | H29: =VLOOKUP($E29,Ratio,2,FALSE)*$G29 -> 0 | I29: =VLOOKUP($E29,Ratio,3,FALSE)*$G29 -> 0 | J29: =VLOOKUP($E29,Ratio,4,FALSE)*$G29 -> 1057719030
A30: Total Transmission Plant | G30: =SUM(G29) -> 1057719030 | H30: =SUM(H29) -> 0 | I30: =SUM(I29) -> 0 | J30: =SUM(J29) -> 1057719030
A32: Distribution Plant:
B33: Distribution Plant | C33: 204-207 | D33: 360-374 | E33: DIST | G33: =SUM('204-207'!M61:M75) -> 2407306658 | H33: =VLOOKUP($E33,Ratio,2,FALSE)*$G33 -> 0 | I33: =VLOOKUP($E33,Ratio,3,FALSE)*$G33 -> 0 | J33: =VLOOKUP($E33,Ratio,4,FALSE)*$G33 -> 2407306658
A34: Total Distribution Plant | G34: =SUM(G33) -> 2407306658 | H34: =SUM(H33) -> 0 | I34: =SUM(I33) -> 0 | J34: =SUM(J33) -> 2407306658
A36: General Plant:
B37: Land and Land Rights | C37: 204-207 | D37: 389 | E37: PTD | G37: =SUM('204-207'!M87) -> 1083006 | H37: =VLOOKUP($E37,Ratio,2,FALSE)*$G37 -> 344136.87 | I37: =VLOOKUP($E37,Ratio,3,FALSE)*$G37 -> 0 | J37: =VLOOKUP($E37,Ratio,4,FALSE)*$G37 -> 738869.13
B38: Structures and Improvements | C38: 204-207 | D38: 390 | E38: PTD | G38: =SUM('204-207'!M88) -> 21045508 | H38: =VLOOKUP($E38,Ratio,2,FALSE)*$G38 -> 6687437.8 | I38: =VLOOKUP($E38,Ratio,3,FALSE)*$G38 -> 0 | J38: =VLOOKUP($E38,Ratio,4,FALSE)*$G38 -> 14358070
B39: Furniture and Equipment | C39: 204-207 | D39: 391 | E39: LABOR | G39: =SUM('204-207'!M89) -> 3976622 | H39: =VLOOKUP($E39,Ratio,2,FALSE)*$G39 -> 1455724.6 | I39: =VLOOKUP($E39,Ratio,3,FALSE)*$G39 -> 0 | J39: =VLOOKUP($E39,Ratio,4,FALSE)*$G39 -> 2520897.4
B40: Transportation Equipment | C40: 204-207 | D40: 392 | E40: TD | G40: =SUM('204-207'!M90) -> 62357831 | H40: =VLOOKUP($E40,Ratio,2,FALSE)*$G40 -> 0 | I40: =VLOOKUP($E40,Ratio,3,FALSE)*$G40 -> 0 | J40: =VLOOKUP($E40,Ratio,4,FALSE)*$G40 -> 62357831
B41: Stores Equipment | C41: 204-207 | D41: 393 | E41: PTD | G41: =SUM('204-207'!M91) -> 472784 | H41: =VLOOKUP($E41,Ratio,2,FALSE)*$G41 -> 150232.23 | I41: =VLOOKUP($E41,Ratio,3,FALSE)*$G41 -> 0 | J41: =VLOOKUP($E41,Ratio,4,FALSE)*$G41 -> 322551.77
B42: Tools and Garage Equipment | C42: 204-207 | D42: 394 | E42: PTD | G42: =SUM('204-207'!M92) -> 9005539 | H42: =VLOOKUP($E42,Ratio,2,FALSE)*$G42 -> 2861607.4 | I42: =VLOOKUP($E42,Ratio,3,FALSE)*$G42 -> 0 | J42: =VLOOKUP($E42,Ratio,4,FALSE)*$G42 -> 6143931.6
B43: Laboratory Equipment | C43: 204-207 | D43: 395 | E43: PTD | G43: =SUM('204-207'!M93) -> 3305287 | H43: =VLOOKUP($E43,Ratio,2,FALSE)*$G43 -> 1050290.7 | I43: =VLOOKUP($E43,Ratio,3,FALSE)*$G43 -> 0 | J43: =VLOOKUP($E43,Ratio,4,FALSE)*$G43 -> 2254996.3
B44: Power Operated Equipment | C44: 204-207 | D44: 396 | E44: TD | G44: =SUM('204-207'!M94) -> 25432532 | H44: =VLOOKUP($E44,Ratio,2,FALSE)*$G44 -> 0 | I44: =VLOOKUP($E44,Ratio,3,FALSE)*$G44 -> 0 | J44: =VLOOKUP($E44,Ratio,4,FALSE)*$G44 -> 25432532
B45: Communication Equipment | C45: 204-207 | D45: 397 | E45: PTD | G45: =SUM('204-207'!M95) -> 42279271 | H45: =VLOOKUP($E45,Ratio,2,FALSE)*$G45 -> 13434696 | I45: =VLOOKUP($E45,Ratio,3,FALSE)*$G45 -> 0 | J45: =VLOOKUP($E45,Ratio,4,FALSE)*$G45 -> 28844575
B46: Miscellaneous Equipment | C46: 204-207 | D46: 398 | E46: PTD | G46: =SUM('204-207'!M96) -> 258773 | H46: =VLOOKUP($E46,Ratio,2,FALSE)*$G46 -> 82227.92 | I46: =VLOOKUP($E46,Ratio,3,FALSE)*$G46 -> 0 | J46: =VLOOKUP($E46,Ratio,4,FALSE)*$G46 -> 176545.08
B47: Other Tangible Property | C47: 204-207 | D47: 399 | E47: DIRECT | F47: PTD | G47: ='204-207'!M98 -> 0 | H47: =IF($E47="DIRECT",$L47,VLOOKUP($E47,Ratio,2,FALSE)*$G47) -> 0 | I47: =IF($E47="DIRECT",$M47,VLOOKUP($E47,Ratio,3,FALSE)*$G47) -> 0 | J47: =IF($E47="DIRECT",$N47,VLOOKUP($E47,Ratio,4,FALSE)*$G47) -> 0
B48: Asset Retirement Costs for General Plant | C48: 204-207 | D48: 399.1 | E48: PTD | G48: ='204-207'!M99 -> 0 | H48: =VLOOKUP($E48,Ratio,2,FALSE)*$G48 -> 0 | I48: =VLOOKUP($E48,Ratio,3,FALSE)*$G48 -> 0 | J48: =VLOOKUP($E48,Ratio,4,FALSE)*$G48 -> 0
A50: Total General Plant | G50: =SUM(G37:G49) -> 169217153 | H50: =SUM(H37:H49) -> 26066353 | I50: =SUM(I37:I49) -> 0 | J50: =SUM(J37:J49) -> 1.431508e+08
A52: Total Electric Plant In-Service | G52: =G19+G26+G30+G34+G50 -> 5352763952 | H52: =H19+H26+H30+H34+H50 -> 1.703371e+09 | I52: =I19+I26+I30+I34+I50 -> 0 | J52: =J19+J26+J30+J34+J50 -> 3.6493929e+09
A53: (Total Intangible + Total Production + Total Transmission + Total Distribution + Total General)
A55: LESS:
A56: Depreciation and Amortization Reserve
B57: Steam Production Plant | C57: 219 | D57: 108 | E57: PROD | G57: ='219'!I21 -> 394650809 | H57: =VLOOKUP($E57,Ratio,2,FALSE)*$G57 -> 394650809 | I57: =VLOOKUP($E57,Ratio,3,FALSE)*$G57 -> 0 | J57: =VLOOKUP($E57,Ratio,4,FALSE)*$G57 -> 0
B58: Nuclear Production Plant | C58: 219 | D58: 108 | E58: PROD | G58: ='219'!I22 -> 0 | H58: =VLOOKUP($E58,Ratio,2,FALSE)*$G58 -> 0 | I58: =VLOOKUP($E58,Ratio,3,FALSE)*$G58 -> 0 | J58: =VLOOKUP($E58,Ratio,4,FALSE)*$G58 -> 0
B59: Hydraulic Production Plant | C59: 219 | D59: 108 | E59: PROD | G59: ='219'!I23 -> 202979974 | H59: =VLOOKUP($E59,Ratio,2,FALSE)*$G59 -> 202979974 | I59: =VLOOKUP($E59,Ratio,3,FALSE)*$G59 -> 0 | J59: =VLOOKUP($E59,Ratio,4,FALSE)*$G59 -> 0
B60: Other Production Plant | C60: 219 | D60: 108 | E60: PROD | G60: ='219'!I25 -> 177969738 | H60: =VLOOKUP($E60,Ratio,2,FALSE)*$G60 -> 177969738 | I60: =VLOOKUP($E60,Ratio,3,FALSE)*$G60 -> 0 | J60: =VLOOKUP($E60,Ratio,4,FALSE)*$G60 -> 0
B61: Transmission Plant (i) | C61: 219 | D61: 108 | E61: TRANS | G61: ='219'!I26 -> 285851148 | H61: =VLOOKUP($E61,Ratio,2,FALSE)*$G61 -> 0 | I61: =VLOOKUP($E61,Ratio,3,FALSE)*$G61 -> 0 | J61: =VLOOKUP($E61,Ratio,4,FALSE)*$G61 -> 285851148
B62: Distribution Plant | C62: 219 | D62: 108 | E62: DIST | G62: ='219'!I27 -> 788670773 | H62: =VLOOKUP($E62,Ratio,2,FALSE)*$G62 -> 0 | I62: =VLOOKUP($E62,Ratio,3,FALSE)*$G62 -> 0 | J62: =VLOOKUP($E62,Ratio,4,FALSE)*$G62 -> 788670773
B63: General Plant | C63: 219 | D63: 108 | E63: GP | G63: ='219'!I29 -> 78045959 | H63: =VLOOKUP($E63,Ratio,2,FALSE)*$G63 -> 12022266 | I63: =VLOOKUP($E63,Ratio,3,FALSE)*$G63 -> 0 | J63: =VLOOKUP($E63,Ratio,4,FALSE)*$G63 -> 66023693
B64: Amortization of Intangible Plant - Account 301 | C64: 219 | D64: 111 | E64: DIST | G64: 0 | H64: =VLOOKUP($E64,Ratio,2,FALSE)*$G64 -> 0 | I64: =VLOOKUP($E64,Ratio,3,FALSE)*$G64 -> 0 | J64: =VLOOKUP($E64,Ratio,4,FALSE)*$G64 -> 0
B65: Amortization of Intangible Plant - Account 302 | C65: 219 | D65: 111 | E65: DIRECT | F65: PTD | G65: =-'1.1 Intangible Assets Summary'!D20 -> 9306035.6 | H65: =IF($E65="DIRECT",$L65,VLOOKUP($E65,Ratio,2,FALSE)*$G65) -> 8402719.4 | I65: =IF($E65="DIRECT",$M65,VLOOKUP($E65,Ratio,3,FALSE)*$G65) -> 0 | J65: =IF($E65="DIRECT",$N65,VLOOKUP($E65,Ratio,4,FALSE)*$G65) -> 903316.2 | L65: =-'1.1 Intangible Assets Summary'!F20 -> 8402719.4 | N65: 903316.2
B66: Amortization of Intangible Plant - Account 303 | C66: 219 | D66: 111 | E66: DIRECT | F66: DIST | G66: =-'1.1 Intangible Assets Summary'!D25 -> 8218633.7 | H66: =IF($E66="DIRECT",$L66,VLOOKUP($E66,Ratio,2,FALSE)*$G66) -> 4395779.4 | I66: =IF($E66="DIRECT",$M66,VLOOKUP($E66,Ratio,3,FALSE)*$G66) -> 0 | J66: =IF($E66="DIRECT",$N66,VLOOKUP($E66,Ratio,4,FALSE)*$G66) -> 3822854.4 | L66: =-'1.1 Intangible Assets Summary'!F25 -> 4395779.4 | M66: =0 -> 0 | N66: =-'1.1 Intangible Assets Summary'!H27+-'1.1 Intangible Assets Summary'!G25 -> 3822854.4
B67: Mining Plant Depreciation | C67: 219 | D67: 108 | E67: PROD | G67: ='219'!I31 -> 0 | H67: =VLOOKUP($E67,Ratio,2,FALSE)*$G67 -> 0 | I67: =VLOOKUP($E67,Ratio,3,FALSE)*$G67 -> 0 | J67: =VLOOKUP($E67,Ratio,4,FALSE)*$G67 -> 0
B68: Amortization of Plant Held for Future Use | C68: 219 | D68: 111 | E68: DIST | G68: ='219'!I32 -> 0 | H68: =VLOOKUP($E68,Ratio,2,FALSE)*$G68 -> 0 | I68: =VLOOKUP($E68,Ratio,3,FALSE)*$G68 -> 0 | J68: =VLOOKUP($E68,Ratio,4,FALSE)*$G68 -> 0
B69: Capital Lease - Common Plant | C69: 219 | D69: 108 | E69: DIRECT | F69: PTD | G69: ='219'!I33 -> 0 | H69: =IF($E69="DIRECT",$L69,VLOOKUP($E69,Ratio,2,FALSE)*$G69) -> 0 | I69: =IF($E69="DIRECT",$M69,VLOOKUP($E69,Ratio,3,FALSE)*$G69) -> 0 | J69: =IF($E69="DIRECT",$N69,VLOOKUP($E69,Ratio,4,FALSE)*$G69) -> 0
B70: Leasehold Improvements | C70: 200-201 | D70: 108 | E70: DIRECT | F70: DIST | G70: ='219'!I34 -> 0 | H70: =IF($E70="DIRECT",$L70,VLOOKUP($E70,Ratio,2,FALSE)*$G70) -> 0 | I70: =IF($E70="DIRECT",$M70,VLOOKUP($E70,Ratio,3,FALSE)*$G70) -> 0 | J70: =IF($E70="DIRECT",$N70,VLOOKUP($E70,Ratio,4,FALSE)*$G70) -> 0
B71: In-Service: Depreciation of Common Plant (a) | C71: 200-201 | D71: 108 | E71: DIRECT | F71: PTD | G71: =-'1.3 Common Plt Summary'!D24 -> 219309854 | H71: =IF($E71="DIRECT",$L71,VLOOKUP($E71,Ratio,2,FALSE)*$G71) -> 61406759 | I71: =IF($E71="DIRECT",$M71,VLOOKUP($E71,Ratio,3,FALSE)*$G71) -> 0 | J71: =IF($E71="DIRECT",$N71,VLOOKUP($E71,Ratio,4,FALSE)*$G71) -> 1.5790309e+08 | L71: =-'1.3 Common Plt Summary'!G24 -> 61406759 | M71: =0 -> 0 | N71: =-'1.3 Common Plt Summary'!I24+-'1.3 Common Plt Summary'!H24 -> 1.5790309e+08
B72: Amortization of Other Utility Plant (a) | C72: 200-201 | D72: 108 | E72: DIRECT | F72: DIST | G72: ='219'!I36 -> 0 | H72: =IF($E72="DIRECT",$L72,VLOOKUP($E72,Ratio,2,FALSE)*$G72) -> 0 | I72: =IF($E72="DIRECT",$M72,VLOOKUP($E72,Ratio,3,FALSE)*$G72) -> 0 | J72: =IF($E72="DIRECT",$N72,VLOOKUP($E72,Ratio,4,FALSE)*$G72) -> 0
B73: Amortization of Acquisition Adjustments | C73: 200-201 | D73: 115 | E73: DIRECT | F73: DIST | G73: ='219'!I37 -> 0 | H73: =IF($E73="DIRECT",$L73,VLOOKUP($E73,Ratio,2,FALSE)*$G73) -> 0 | I73: =IF($E73="DIRECT",$M73,VLOOKUP($E73,Ratio,3,FALSE)*$G73) -> 0 | J73: =IF($E73="DIRECT",$N73,VLOOKUP($E73,Ratio,4,FALSE)*$G73) -> 0
A75: Depreciation and Amortization Reserve (Other) | E75: DIRECT | H75: =IF($E75="DIRECT",$L75,VLOOKUP($E75,Ratio,2,FALSE)*$G75) -> 0 | I75: =IF($E75="DIRECT",$M75,VLOOKUP($E75,Ratio,3,FALSE)*$G75) -> 0 | J75: =IF($E75="DIRECT",$N75,VLOOKUP($E75,Ratio,4,FALSE)*$G75) -> 0
A77: Total Depreciation and Amortization Reserve | G77: =SUM(G57:G75) -> 2.1650029e+09 | H77: =SUM(H57:H75) -> 8.6182804e+08 | I77: =SUM(I57:I75) -> 0 | J77: =SUM(J57:J75) -> 1.3031749e+09
A79: Total Net Plant | G79: =G52-G77 -> 3.187761e+09 | H79: =H52-H77 -> 8.4154297e+08 | I79: =I52-I77 -> 0 | J79: =J52-J77 -> 2.3462181e+09
A80: (Total Electric Plant In-Service) - (Total Depreciation & Amortization)
A82: Assets and Other Debits (Comparative Balance Sheet)
A84: Cash Working Capital (f) | C84: Calculation: Automatic Input from Sch 1A | G84: ='Sch 1A - Cash Working Capital'!C24 -> 41593657 | H84: ='Sch 1A - Cash Working Capital'!D24 -> 16843399 | I84: ='Sch 1A - Cash Working Capital'!E24 -> 0 | J84: ='Sch 1A - Cash Working Capital'!F24 -> 24750258
A86: Utility Plant
B87: (Utility Plant) Held For Future Use | C87: 200-201 | D87: 105 | E87: DIST | G87: ='200-201'!J11 -> 2928319 | H87: =VLOOKUP($E87,Ratio,2,FALSE)*$G87 -> 0 | I87: =VLOOKUP($E87,Ratio,3,FALSE)*$G87 -> 0 | J87: =VLOOKUP($E87,Ratio,4,FALSE)*$G87 -> 2928319
B88: (Utility Plant) Completed Construction - Not Classified | C88: 200-201 | D88: 106 | E88: PTD | G88: ='200-201'!J7 -> 0 | H88: =VLOOKUP($E88,Ratio,2,FALSE)*$G88 -> 0 | I88: =VLOOKUP($E88,Ratio,3,FALSE)*$G88 -> 0 | J88: =VLOOKUP($E88,Ratio,4,FALSE)*$G88 -> 0
B89: Nuclear Fuel | C89: 320-323 | D89: 120.1-120.6 | E89: PROD | G89: ='200-201'!J8 -> 0 | H89: =VLOOKUP($E89,Ratio,2,FALSE)*$G89 -> 0 | I89: =VLOOKUP($E89,Ratio,3,FALSE)*$G89 -> 0 | J89: =VLOOKUP($E89,Ratio,4,FALSE)*$G89 -> 0
B90: Construction Work in Progress (CWIP) | C90: 200-201 | D90: 107 & 120.1 | E90: DIST | G90: ='200-201'!J12 -> 132548007 | H90: =VLOOKUP($E90,Ratio,2,FALSE)*$G90 -> 0 | I90: =VLOOKUP($E90,Ratio,3,FALSE)*$G90 -> 0 | J90: =VLOOKUP($E90,Ratio,4,FALSE)*$G90 -> 132548007
B91: Common Plant | C91: 356 | E91: DIRECT | G91: ='1.3 Common Plt Summary'!D22 -> 527520424 | H91: =IF($E91="DIRECT",$L91,VLOOKUP($E91,Ratio,2,FALSE)*$G91) -> 95603687 | I91: =IF($E91="DIRECT",$M91,VLOOKUP($E91,Ratio,3,FALSE)*$G91) -> 0 | J91: =IF($E91="DIRECT",$N91,VLOOKUP($E91,Ratio,4,FALSE)*$G91) -> 4.3191674e+08 | L91: ='1.3 Common Plt Summary'!G22 -> 95603687 | M91: =0 -> 0 | N91: ='1.3 Common Plt Summary'!I22+'1.3 Common Plt Summary'!H22 -> 4.3191674e+08
B92: Acquisition Adjustments (Electric) | C92: 200-201 | D92: 114 | E92: DIRECT | F92: DIST | G92: ='200-201'!I13 -> 256800 | H92: =IF($E92="DIRECT",$L92,VLOOKUP($E92,Ratio,2,FALSE)*$G92) -> 0 | I92: =IF($E92="DIRECT",$M92,VLOOKUP($E92,Ratio,3,FALSE)*$G92) -> 0 | J92: =IF($E92="DIRECT",$N92,VLOOKUP($E92,Ratio,4,FALSE)*$G92) -> 256800 | N92: ='200-201'!I13 -> 256800
B93: Total | G93: =SUM(G87:G92) -> 663253550 | H93: =SUM(H87:H92) -> 95603687 | I93: =SUM(I87:I92) -> 0 | J93: =SUM(J87:J92) -> 5.6764986e+08
A95: Other Property and Investments
B96: Investment in Associated Companies | C96: 110-111 | D96: 123 | E96: DIRECT | F96: DIST | G96: ='110-111'!K21 -> 11547000 | H96: =IF($E96="DIRECT",$L96,VLOOKUP($E96,Ratio,2,FALSE)*$G96) -> 0 | I96: =IF($E96="DIRECT",$M96,VLOOKUP($E96,Ratio,3,FALSE)*$G96) -> 0 | J96: =IF($E96="DIRECT",$N96,VLOOKUP($E96,Ratio,4,FALSE)*$G96) -> 11547000 | N96: =G96 -> 11547000
B97: Other Investment | C97: 110-111 | D97: 124 | E97: DIST | G97: ='110-111'!K25 -> 14093.53 | H97: =VLOOKUP($E97,Ratio,2,FALSE)*$G97 -> 0 | I97: =VLOOKUP($E97,Ratio,3,FALSE)*$G97 -> 0 | J97: =VLOOKUP($E97,Ratio,4,FALSE)*$G97 -> 14093.53
B98: Long-Term Portion of Derivative Assets | C98: 110-111 | D98: 175 | E98: DIST | G98: 0 | H98: =VLOOKUP($E98,Ratio,2,FALSE)*$G98 -> 0 | I98: =VLOOKUP($E98,Ratio,3,FALSE)*$G98 -> 0 | J98: =VLOOKUP($E98,Ratio,4,FALSE)*$G98 -> 0
B99: Long-Term Portion of Derivative Assets - Hedges | C99: 110-111 | D99: 176 | E99: DIST | G99: 0 | H99: =VLOOKUP($E99,Ratio,2,FALSE)*$G99 -> 0 | I99: =VLOOKUP($E99,Ratio,3,FALSE)*$G99 -> 0 | J99: =VLOOKUP($E99,Ratio,4,FALSE)*$G99 -> 0
B100: Total | G100: =SUM(G96:G99) -> 11561094 | H100: =SUM(H96:H99) -> 0 | I100: =SUM(I96:I99) -> 0 | J100: =SUM(J96:J99) -> 11561094
A102: Current and Accrued Assets
B103: Fuel Stock | C103: 110-111 | D103: 151 | E103: PROD | G103: ='110-111'!K46 -> 4683150.2 | H103: =VLOOKUP($E103,Ratio,2,FALSE)*$G103 -> 4683150.2 | I103: =VLOOKUP($E103,Ratio,3,FALSE)*$G103 -> 0 | J103: =VLOOKUP($E103,Ratio,4,FALSE)*$G103 -> 0
B104: Fuel Stock Expenses Undistributed | C104: 110-111 | D104: 152 | E104: PROD | G104: ='110-111'!K47 -> 0 | H104: =VLOOKUP($E104,Ratio,2,FALSE)*$G104 -> 0 | I104: =VLOOKUP($E104,Ratio,3,FALSE)*$G104 -> 0 | J104: =VLOOKUP($E104,Ratio,4,FALSE)*$G104 -> 0
B105: Plant Materials and Operating Supplies | C105: 110-111 | D105: 154 | E105: PTD | G105: ='110-111'!K49 -> 79492528 | H105: =VLOOKUP($E105,Ratio,2,FALSE)*$G105 -> 25259611 | I105: =VLOOKUP($E105,Ratio,3,FALSE)*$G105 -> 0 | J105: =VLOOKUP($E105,Ratio,4,FALSE)*$G105 -> 54232917
B106: Merchandise (Major Only) | C106: 110-111 | D106: 155 | E106: DIST | G106: ='110-111'!K50 -> 0 | H106: =VLOOKUP($E106,Ratio,2,FALSE)*$G106 -> 0 | I106: =VLOOKUP($E106,Ratio,3,FALSE)*$G106 -> 0 | J106: =VLOOKUP($E106,Ratio,4,FALSE)*$G106 -> 0
B107: Other Materials and Supplies (Major only) | C107: 110-111 | D107: 156 | E107: DIST | G107: ='110-111'!K50 -> 0 | H107: =VLOOKUP($E107,Ratio,2,FALSE)*$G107 -> 0 | I107: =VLOOKUP($E107,Ratio,3,FALSE)*$G107 -> 0 | J107: =VLOOKUP($E107,Ratio,4,FALSE)*$G107 -> 0
B108: EPA Allowance Inventory | C108: 110-111 | D108: 158.1 | E108: PROD | G108: ='110-111'!K53 -> 30071678 | H108: =VLOOKUP($E108,Ratio,2,FALSE)*$G108 -> 30071678 | I108: =VLOOKUP($E108,Ratio,3,FALSE)*$G108 -> 0 | J108: =VLOOKUP($E108,Ratio,4,FALSE)*$G108 -> 0
B109: EPA Allowances Withheld | C109: 110-111 | D109: 158.2 | E109: PROD | G109: ='110-111'!K54 -> 0 | H109: =VLOOKUP($E109,Ratio,2,FALSE)*$G109 -> 0 | I109: =VLOOKUP($E109,Ratio,3,FALSE)*$G109 -> 0 | J109: =VLOOKUP($E109,Ratio,4,FALSE)*$G109 -> 0
B110: Stores Expense Undistributed | C110: 110-111 | D110: 163 | E110: PTD | G110: ='110-111'!K55 -> 0 | H110: =VLOOKUP($E110,Ratio,2,FALSE)*$G110 -> 0 | I110: =VLOOKUP($E110,Ratio,3,FALSE)*$G110 -> 0 | J110: =VLOOKUP($E110,Ratio,4,FALSE)*$G110 -> 0
B111: Prepayments | C111: 110-111 | D111: 165 | E111: PTD | G111: ='110-111'!K58 -> 50221552 | H111: =VLOOKUP($E111,Ratio,2,FALSE)*$G111 -> 15958441 | I111: =VLOOKUP($E111,Ratio,3,FALSE)*$G111 -> 0 | J111: =VLOOKUP($E111,Ratio,4,FALSE)*$G111 -> 34263110
B112: Derivative Instrument Assets | C112: 110-111 | D112: 175 | E112: DIST | G112: ='110-111'!K64 -> 11821033 | H112: =VLOOKUP($E112,Ratio,2,FALSE)*$G112 -> 0 | I112: =VLOOKUP($E112,Ratio,3,FALSE)*$G112 -> 0 | J112: =VLOOKUP($E112,Ratio,4,FALSE)*$G112 -> 11821033
B113: (Less) Long-Term Portion of Derivative Assets | C113: 110-111 | D113: 175 | E113: DIST | G113: 0 | H113: =VLOOKUP($E113,Ratio,2,FALSE)*$G113 -> 0 | I113: =VLOOKUP($E113,Ratio,3,FALSE)*$G113 -> 0 | J113: =VLOOKUP($E113,Ratio,4,FALSE)*$G113 -> 0
B114: Derivative Instrument Assets - Hedges | C114: 110-111 | D114: 176 | E114: DIST | G114: 0 | H114: =VLOOKUP($E114,Ratio,2,FALSE)*$G114 -> 0 | I114: =VLOOKUP($E114,Ratio,3,FALSE)*$G114 -> 0 | J114: =VLOOKUP($E114,Ratio,4,FALSE)*$G114 -> 0
B115: (Less) Long-Term Portion of Derivative Assets - Hedges | C115: 110-111 | D115: 176 | E115: DIST | G115: 0 | H115: =VLOOKUP($E115,Ratio,2,FALSE)*$G115 -> 0 | I115: =VLOOKUP($E115,Ratio,3,FALSE)*$G115 -> 0 | J115: =VLOOKUP($E115,Ratio,4,FALSE)*$G115 -> 0
B116: Total | G116: =SUM(G103:G112,G114)-G113-G115 -> 1.7628994e+08 | H116: =SUM(H103:H112,H114)-H113-H115 -> 75972881 | I116: =SUM(I103:I112,I114)-I113-I115 -> 0 | J116: =SUM(J103:J112,J114)-J113-J115 -> 1.0031706e+08
A118: Deferred Debits
B119: Unamortized Debt Expenses | C119: 110-111 | D119: 181 | E119: PTDG | G119: ='110-111'!K70 -> 21586301 | H119: =VLOOKUP($E119,Ratio,2,FALSE)*$G119 -> 6869251 | I119: =VLOOKUP($E119,Ratio,3,FALSE)*$G119 -> 0 | J119: =VLOOKUP($E119,Ratio,4,FALSE)*$G119 -> 14717050
B120: Extraordinary Property Losses | C120: 110-111 | D120: 182.1 | E120: DIRECT | F120: DIST | G120: ='110-111'!K71 -> 0 | H120: =IF($E120="DIRECT",$L120,VLOOKUP($E120,Ratio,2,FALSE)*$G120) -> 0 | I120: =IF($E120="DIRECT",$M120,VLOOKUP($E120,Ratio,3,FALSE)*$G120) -> 0 | J120: =IF($E120="DIRECT",$N120,VLOOKUP($E120,Ratio,4,FALSE)*$G120) -> 0
B121: Unrecovered Plant and Regulatory Study Costs | C121: 110-111 | D121: 182.2 | E121: DIRECT | F121: DIST | G121: ='110-111'!K72 -> 0 | H121: =IF($E121="DIRECT",$L121,VLOOKUP($E121,Ratio,2,FALSE)*$G121) -> 0 | I121: =IF($E121="DIRECT",$M121,VLOOKUP($E121,Ratio,3,FALSE)*$G121) -> 0 | J121: =IF($E121="DIRECT",$N121,VLOOKUP($E121,Ratio,4,FALSE)*$G121) -> 0
...

Sheet 1.1 Intangible Assets Summary
A1: Avista Utilities
A2: Intangible Plant Allocation
A3: 12 Months Ended December 2023
A5: Electric System | C5: Workpaper | D5: 2023 | F5: Production | G5: Transmission | H5: Distribution
A6: Account | B6: Description
A8: 302000 | B8: Franchises & Consents | C8: 1.1a Intangible Plt | D8: ='1.1a Intangible Detail'!G84 -> 46804271 | F8: ='1.1a Intangible Detail'!G81 -> 42107008 | G8: ='1.1a Intangible Detail'!G82 -> 4697263.3 | H8: ='[1]1.1a Intangible Detail'!G83 -> 0 | I8: =SUM(F8:H8)=D8 -> TRUE | J8: =SUM(F8:H8)-D8 -> 0
I9: =SUM(F9:H9)=D9 -> TRUE | J9: =SUM(F9:H9)-D9 -> 0
A10: 303000 | B10: Intangible Plant | C10: 1.1a Intangible Plt | D10: ='[1]1.1a Intangible Detail'!D32 -> 7494383.9 | F10: ='[1]1.1a Intangible Detail'!G92 -> 447092.23 | G10: ='[1]1.1a Intangible Detail'!G87 -> 6864993.7 | H10: ='[1]1.1a Intangible Detail'!G98 -> 182298 | I10: =SUM(F10:H10)=D10 -> TRUE | J10: =SUM(F10:H10)-D10 -> 0
A11: 303100 | B11: Intangible Plant - Software | C11: 1.1a Intangible Plt | D11: ='[1]1.1a Intangible Detail'!D45 -> 29766371 | F11: ='1.1a Intangible Detail'!G93 -> 16218177 | G11: ='1.1a Intangible Detail'!G88 -> 1759125.5 | H11: ='1.1a Intangible Detail'!G99 -> 11789069 | I11: =SUM(F11:H11)=D11 -> TRUE | J11: =SUM(F11:H11)-D11 -> 0
A12: 3031XX | B12: Misc Intangible Plant | C12: 1.1a Intangible Plt | D12: =SUM('1.1a Intangible Detail'!G89,'1.1a Intangible Detail'!G94,'1.1a Intangible Detail'!G100) -> 15923703 | F12: ='1.1a Intangible Detail'!G94 -> - | G12: ='1.1a Intangible Detail'!G89 -> 0 | H12: ='1.1a Intangible Detail'!G100 -> 15923703 | I12: =SUM(F12:H12)=D12 -> TRUE | J12: =SUM(F12:H12)-D12 -> 0
A13: 303345 | B13: Misc Intangible Plant | D13: ='1.1a Intangible Detail'!G95 -> 4656443.7 | F13: ='1.1a Intangible Detail'!G95 -> 4656443.7 | G13: 0 | H13: 0 | I13: =SUM(F13:H13)=D13 -> TRUE | J13: =SUM(F13:H13)-D13 -> 0 | K13: OK
B14: Total 303 | D14: =SUM(D10:D13) -> 57840902 | F14: =SUM(F10:F13) -> 21321713 | G14: =SUM(G10:G13) -> 8624119.2 | H14: =SUM(H10:H13) -> 27895070 | I14: =SUM(F14:H14)=D14 -> TRUE | J14: =SUM(F14:H14)-D14 -> 0
I15: =SUM(F15:H15)=D15 -> TRUE | J15: =SUM(F15:H15)-D15 -> 0
B16: Total Intangible Plant Assigned to Electric | D16: =SUM(D8:D13) -> 1.0464517e+08 | F16: =SUM(F8:F13) -> 63428720 | G16: =SUM(G8:G12) -> 13321383 | H16: =SUM(H8:H12) -> 27895070 | I16: =SUM(F16:H16)=D16 -> TRUE | J16: =SUM(F16:H16)-D16 -> 0
B17: Allocation Factor | F17: =F16/D16 -> 0.60613136 | G17: =G16/D16 -> 0.1273005 | H17: =H16/D16 -> 0.26656815 | J17: =SUM(F17:H17)-D17 -> 1
I18: =SUM(F18:H18)=D18 -> TRUE | J18: =SUM(F18:H18)-D18 -> 0
A19: Accumulated Depreciation | I19: =SUM(F19:H19)=D19 -> TRUE | J19: =SUM(F19:H19)-D19 -> 0
A20: 302000 | B20: Franchises & Consents | C20: 1.1c Intangible | D20: ='[1]Intangible Reserve 1.1c'!F11 -> -9306035.6 | F20: ='[1]Intangible Reserve 1.1c'!F40 -> -8402719.4 | G20: ='[1]Intangible Reserve 1.1c'!F41 -> -903316.2 | H20: 0 | I20: =SUM(F20:H20)=D20 -> TRUE | J20: =SUM(F20:H20)-D20 -> 0
I21: =SUM(F21:H21)=D21 -> TRUE | J21: =SUM(F21:H21)-D21 -> 0
A22: 303000 | B22: Intangible Plant | C22: 1.1c Intangible | D22: ='[1]Intangible Reserve 1.1c'!F27 -> -2268021.5 | F22: ='[1]Intangible Reserve 1.1c'!F51 -> -253088.65 | G22: ='[1]Intangible Reserve 1.1c'!F46 -> -1991040.7 | H22: ='[1]Intangible Reserve 1.1c'!F55 -> -23892.16 | J22: =SUM(F22:H22)-D22 -> 0
A23: 303100 | B23: Intangible Plant - Software | C23: 1.1c Intangible | D23: ='Intangible Reserve 1.1c'!F35 -> -5950612.2 | F23: ='[1]Intangible Reserve 1.1c'!F52 -> -4142690.7 | G23: ='[1]Intangible Reserve 1.1c'!F47 -> -294472.33 | H23: ='[1]Intangible Reserve 1.1c'!F56-0.44 -> -1513449.2 | J23: =SUM(F23:H23)-D23 -> 0.0032972088
A24: 303110 | B24: Intangible Plant -Software | I24: =SUM(F24:H24)=D24 -> TRUE | J24: =SUM(F24:H24)-D24 -> 0
B25: Total 303 | D25: =SUM(D22:D24) -> -8218633.7 | F25: =SUM(F22:F24) -> -4395779.4 | G25: =SUM(G22:G24) -> -2285513 | H25: =SUM(H22:H24) -> -1537341.3
A27: Accumulated Depreciation/Amortization | C27: 1.1b Intangible Dpr. | D27: =SUM(D20:D24) -> -17524669 | F27: =SUM(F20:F24) -> -12798499 | G27: =SUM(G20:G24) -> -3188829.2 | H27: =SUM(H20:H24) -> -1537341.3
F28: =F27/$D$27 -> 0.73031328 | G28: =G27/$D$27 -> 0.1819623 | H28: =H27/$D$27 -> 0.087724413
A29: Depreciation Expense
A30: 302000 | B30: Depreciation Expense | C30: Schedule 3 | D30: =D32*0.226 -> 2226233.1 | F30: =$D$30*(F20/D20) -> 2010137.6 | G30: =$D$30*(G20/D20) -> 216095.5 | H30: =$D$30*(H20/D20) -> 0
A31: 303000 | B31: Depreciation Expense | C31: Schedule 3 | D31: =D32*0.774 -> 7624355.9 | F31: =D31*F28 -> 5568168.4 | G31: =D31*G28 -> 1387345.4 | H31: =D31*H28 -> 668842.14
B32: Total Related Expense per FERC 336 | D32: =+'336'!E2 -> 9850589 | F32: =F30+F31 -> 7578306 | G32: =G30+G31 -> 1603440.9 | H32: =H30+H31 -> 668842.14
D33: =D30+D31-D32 -> 0
A39: Note: | B39: We have directly assigned accounts 302 and 303 Intangible Plant and Accumulated Depreciation as shown in workpapers 1.1a and 1.1b. We then used the allocation factor derived from the direct assignments to allocate Depreciation Expense above.

Sheet 1.1a Intangible Detail
E1: Accounting Period: 202312 Book type Code : AVA CORP Service:
D3: Ending Balance
A4: Plant Acct | B4: Facility Desc | C4: State
A5: 302000 | B5: CABINET GORGE HED | C5: ID | D5: 8667214.1 | E5: Production
B6: FOREST USE PERMITS - IDAHO | C6: ID | D6: 369469.5 | E6: Transmission
B7: LOLO-OXBOW 230KV LINE - OREGON | C7: OR | D7: 0 | E7: Production
B8: Long Lake | C8: WA | D8: 27217346 | E8: Production
B9: NOXON RAPIDS HED | C9: MT | D9: 6222447.9 | E9: Production
B10: POST FALLS HED | C10: ID | D10: 1572741 | E10: Transmission
B11: WASHINGTON STATE FRANCHISES 028 | C11: WA | D11: 2755052.9 | E11: Transmission
B12: AFUDC
B13: Total | D13: =SUM(D5:D12) -> 46804271
A14: 303000 | B14: ELECTRIC VEHICLE SUPPLY EQUIPMENT (WA) | C14: WA | D14: 182298 | E14: Distirbution
B15: BEACON-CABINET 230KV TRANSM LINE - IDAHO (AN) | C15: ID | D15: 5064969.8 | E15: Transmission
B16: BELL BPA SUB COMMUNICATION (AN) | C16: WA | D16: 303789.43 | E16: Transmission
B17: BELL BPA SUBSTATION (AN) | C17: WA | D17: 420295.36 | E17: Transmission
B18: CABINET GORGE NON-PROJECT | C18: ID | D18: 10924.77 | E18: Production
B19: COYOTE SPRINGS 2 | C19: OR | D19: 162603.68 | E19: Production
B20: DEER PARK BPA OWNED SUBSTA 115kV ONLY (AN) | C20: WA | D20: 141717.4 | E20: Transmission
B21: DEVILS GAP LARSON STRATFORD GRANT CO TRANSMN LINE | C21: WA | D21: 0
B22: DRY CREEK 230/115kV SUBSTA | C22: WA | D22: 0
B23: DRY CREEK 230/115kV SUBSTA (AN) | C23: WA | D23: 11937.03 | E23: Transmission
B24: HATWAI BPA SUB COMMUNICATION (AN) | C24: ID | D24: 160380.83 | E24: Transmission
B25: LANCASTER CT | C25: ID | D25: 40477.75 | E25: Production
B26: Long Lake Hydro - Non-Project | C26: WA | D26: 0 | E26: Production
B27: NORTHEAST SUBSTA | C27: WA | D27: 137418.35 | E27: Transmission
B28: NOXON NON-PROJECT | C28: MT | D28: 224178 | E28: Production
B29: NOXON RAPIDS HED | C29: MT | D29: 8908.03 | E29: Production
B30: SAND CREEK BPA SUBSTATION (AN) | C30: ID | D30: 607098.02 | E30: Transmission
B31: SYSTEM OPERATIONS ELECTRIC | C31: WA | D31: 17387.48 | E31: Transmission
B32: Total | D32: =SUM(D14:D31) -> 7494383.9
A33: 303100 | B33: ELECTRIC VEHICLE SUPPLY EQUIPMENT (WA) | C33: WA | D33: 317204 | E33: See 1.1b
B34: COLSTRIP-TOWNSEND 500KV TRANSM LINE A | C34: MT | D34: 1191.76 | E34: See 1.1b
B35: KETTLE FALLS GS (AN) | C35: WA | D35: 71758.33 | E35: See 1.1b
B36: MGMT NETWORK SGDP COMMUNICATION (WA) | C36: WA | D36: 0 | E36: See 1.1b
B37: NOXON RAPIDS HED | C37: MT | D37: 0 | E37: See 1.1b
B38: SYSTEM OPERATIONS ELECTRIC | C38: WA | D38: 0 | E38: See 1.1b
B39: UNSPECIFIED - Allocated North | C39: AN | D39: 0 | E39: See 1.1b
B40: UNSPECIFIED - Allocated North (ID) | C40: ID | D40: 101044.82 | E40: See 1.1b
B41: UNSPECIFIED - Allocated North (MT) | C41: MT | D41: 26007.52 | E41: See 1.1b
B42: UNSPECIFIED - Allocated North (WA) | C42: WA | D42: 24352884 | E42: See 1.1b
B43: UNSPECIFIED - Idaho | C43: ID | D43: 0 | E43: See 1.1b
B44: UNSPECIFIED - Washington | C44: WA | D44: 4896280.3 | E44: See 1.1b
B45: Total | D45: =SUM(D33:D44) -> 29766371
A46: 303102 | B46: UNSPECIFIED - Allocated North (WA) | C46: WA | D46: 378148.62 | E46: Distribution
B47: Total | D47: 378148.62
A48: 303103 | B48: UNSPECIFIED - Allocated North (WA) | C48: WA | D48: 1013677.4 | E48: Distribution
B49: Total | D49: 1013677.4
A50: 303104 | B50: UNSPECIFIED - Allocated North (WA) | C50: WA | D50: 1609449.2 | E50: Distribution
B51: Total | D51: 1609449.2
A52: 303105 | B52: UNSPECIFIED - Allocated North (ID) | C52: ID | D52: 191287.43 | E52: Distribution
B53: UNSPECIFIED - Allocated North (WA) | C53: WA | D53: 2749094.9 | E53: Distribution
B54: Total | D54: 2940382.3
A55: 303110 | B55: UNSPECIFIED - Allocated North | C55: AN | D55: 0
B56: Total | D56: 0
A57: 303121 | B57: UNSPECIFIED - Washington | C57: WA | D57: 1779527.3 | E57: Distribution
B58: Total | D58: 1779527.3
A59: 303130 | B59: UNSPECIFIED - Allocated North (WA) | C59: WA | D59: 7813329.1 | E59: Distribution
B60: Total | D60: 7813329.1
A61: 303133 | B61: UNSPECIFIED - Allocated North (WA) | C61: WA | D61: 142619.22 | E61: Distribution
B62: Total | D62: 142619.22
A63: 303134 | B63: UNSPECIFIED - Allocated North (WA) | C63: WA | D63: 59529.81 | E63: Distribution
B64: Total | D64: 59529.81
A65: 303345 | B65: CABINET GORGE HED | C65: ID | D65: 48529.47 | E65: Production
B66: CABINET GORGE NON-PROJECT | C66: ID | D66: 3102255.8 | E66: Production
B67: NOXON NON-PROJECT | C67: MT | D67: 410244.93 | E67: Production
B68: NOXON RAPIDS HED | C68: MT | D68: 70171.28 | E68: Production
B69: Total | D69: =SUM(D65:D68) -> 3631201.5
A70: 303350 | B70: Long Lake | C70: WA | D70: 243924.33 | E70: Production
B71: Long Lake Hydro - Non-Project | C71: WA | D71: 167100.14 | E71: Production
B72: POST FALLS HED | C72: ID | D72: 202916.04 | E72: Production
B73: POST FALLS HED - BENEWAH CO | C73: ID | D73: 411301.7 | E73: Production
B74: Total | D74: 1025242.2
A75: Total | D75: =SUM(D13,D32,D45,D47,D49,D51,D54,D56,D58,D60,D62,D64,D69,D74) -> 1.0445813e+08
A76: Page 1 of 2
A79: For Internal Use Only
D80: Acct. 302
G81: =SUM(D5,D8:D9) -> 42107008 | H81: Production
G82: =SUM(D6,D10:D11) -> 4697263.3 | H82: Transmission
G83: 0 | H83: Distribution
G84: =SUM(G81:G83) -> 46804271 | H84: Total A/C 302
G85: TRUE
D86: Acct. 303
F87: 303000 | G87: =SUM(D15:D17,D20,D23:D24,D27,D30:D31) -> 6864993.7
F88: 303100 | G88: ='1.1b Intangible Soft. 303100'!J152 -> 1759125.5 | H88: 1.1b
F89: 3031XX | G89: 0
G90: =SUM(G87:G89) -> 8624119.2 | H90: Total Transmission
F92: 303000 | G92: =SUM(D18:D19,D26,D25,D28:D29) -> 447092.23
F93: 303100 | G93: =+'1.1b Intangible Soft. 303100'!I152 -> 16218177 | H93: 1.1b
F94: 3031XX | G94: -
F95: 303345 | G95: =SUM(D65:D68,D70:D73) -> 4656443.7
G96: =SUM(G92:G95) -> 21321713 | H96: Production
F98: 303000 | G98: =SUM(D14) -> 182298
F99: 303100 | G99: =+'1.1b Intangible Soft. 303100'!K152 -> 11789069 | H99: 1.1b
F100: 3031xx | G100: =SUM(D47,D49,D51,D54,D58,D60,D62,D64)+187040 -> 15923703 | H100: w/plug
G101: =SUM(G98:G100) -> 27895070 | H101: Total Distribution
G103: =SUM(G101,G96,G90) -> 57840902 | H103: Total A/C 303
G105: =G84+G103 -> 1.0464517e+08 | H105: Total 302 & 303
D106: diff | G106: =G105-D75 -> 187040
G107: ='[1]204-207'!M5 -> 57840902 | H107: FERC pg 204-207
...

Sheet 1.1b Intangible Soft. 303100
A1: *Use FA_TTP Report in Cognos (excluding URGL transactions). Assume 5-year lookback based on depreciation schedule; ending balances represent Gross Plant Balances
I2: Allocation
A3: Plant Acct | B3: Service | C3: Jurisdiction | D3: Dpis: Year | E3: Ending Balance | F3: Project | G3: Project Name | H3: Method | I3: P | J3: T | K3: D
A4: 303100 | B4: ED | C4: AN | D4: 2019 | E4: 13916 | F4: 9806017 | G4: Autodesk Inventor Upgrade-2019 | H4: D | K4: 13916 | L4: =SUM(I4:K4) -> 13916 | M4: =E4-L4 -> 0
A5: 303100 | B5: ED | C5: AN | D5: 2019 | E5: 24305 | F5: 30405081 | G5: CG HED-BatteryBank&DC Upgrade | H5: P | I5: 24305 | L5: =SUM(I5:K5) -> 24305 | M5: =E5-L5 -> 0
A6: 303100 | B6: ED | C6: WA | D6: 2019 | E6: 321996 | F6: 2806669 | G6: EVSE Network Perp License-2019 | H6: D | K6: 321996 | L6: =SUM(I6:K6) -> 321996 | M6: =E6-L6 -> 0
A7: 303100 | B7: ED | C7: AN | D7: 2019 | E7: 1717 | F7: 40205146 | G7: Floating Pit Tag Antenna App C | H7: P | I7: 1717 | L7: =SUM(I7:K7) -> 1717 | M7: =E7-L7 -> 0
A8: 303100 | B8: ED | C8: AN | D8: 2019 | E8: 0 | F8: 21105005 | G8: KFCT- Solar CT Control SFTWR | H8: P | I8: 0 | L8: =SUM(I8:K8) -> 0 | M8: =E8-L8 -> 0
A9: 303100 | B9: ED | C9: AN | D9: 2019 | E9: 71758 | F9: 21205062 | G9: KFGS Repl Bailey Infin 90 desg | H9: P | I9: 71758 | L9: =SUM(I9:K9) -> 71758 | M9: =E9-L9 -> 0
A10: 303100 | B10: ED | C10: AN | D10: 2019 | E10: 10925 | F10: 9806014 | G10: QTS / QTD | H10: PTD | I10: 3580.6621 | J10: 2304.7579 | K10: 5039.58 | L10: =SUM(I10:K10) -> 10925 | M10: =E10-L10 -> 0
A11: 303100 | B11: ED | C11: AN | D11: 2019 | E11: 109 | F11: 9805988 | G11: Realtime Turret System Refresh | H11: P | I11: 109 | L11: =SUM(I11:K11) -> 109 | M11: =E11-L11 -> 0
A12: 303100 | B12: ED | C12: AN | D12: 2019 | E12: 47686 | F12: 9805860 | G12: Serveron TM View Upgrade | H12: PTD | I12: 15629.058 | J12: 10059.925 | K12: 21997.017 | L12: =SUM(I12:K12) -> 47686 | M12: =E12-L12 -> 0
A13: 303100 | B13: ED | C13: AN | D13: 2019 | E13: 14746 | F13: 9805984 | G13: Synergi Electric 6.1 Upgrade | H13: T | J13: 14746 | L13: =SUM(I13:K13) -> 14746 | M13: =E13-L13 -> 0
A14: 303100 | B14: ED | C14: AN | D14: 2019 | E14: 673594.74 | F14: 9805968 | G14: ADSS Package #1 | H14: P | I14: 673594.74 | L14: =SUM(I14:K14) -> 673594.74 | M14: =E14-L14 -> 0
A15: 303100 | B15: ED | C15: AN | D15: 2019 | E15: 804225.48 | F15: 9805970 | G15: ADSS Package #2 | H15: P | I15: 804225.48 | L15: =SUM(I15:K15) -> 804225.48 | M15: =E15-L15 -> 0
A16: 303100 | B16: ED | C16: AN | D16: 2019 | E16: 628076.01 | F16: 9805971 | G16: ADSS Package #3 | H16: P | I16: 628076.01 | L16: =SUM(I16:K16) -> 628076.01 | M16: =E16-L16 -> 0
A17: 303100 | B17: ED | C17: AN | D17: 2019 | E17: 641977.66 | F17: 9806009 | G17: ADSS Package #4 | H17: P | I17: 641977.66 | L17: =SUM(I17:K17) -> 641977.66 | M17: =E17-L17 -> 0
A18: 303100 | B18: ED | C18: AN | D18: 2019 | E18: 552731.62 | F18: 9806030 | G18: ADSS Phase 4 Pkg 1 | H18: P | I18: 552731.62 | L18: =SUM(I18:K18) -> 552731.62 | M18: =E18-L18 -> 0
A19: 303100 | B19: ED | C19: WA | D19: 2020 | E19: 790334.36 | F19: 2806731 | G19: Energy Management Alerts-WA | H19: D | K19: 790334.36 | L19: =SUM(I19:K19) -> 790334.36 | M19: =E19-L19 -> 0
A20: 303100 | B20: ED | C20: WA | D20: 2020 | E20: 563475.07 | F20: 2806796 | G20: AMI_HES Enhancements 2020 | H20: D | K20: 563475.07 | L20: =SUM(I20:K20) -> 563475.07 | M20: =E20-L20 -> 0
A21: 303100 | B21: ED | C21: AN | D21: 2020 | E21: 103326.11 | F21: 9805781 | G21: Substation Access Control | H21: TD | J21: 32425.205 | K21: 70900.905 | L21: =SUM(I21:K21) -> 103326.11 | M21: =E21-L21 -> 0
A22: 303100 | B22: ED | C22: AN | D22: 2020 | E22: -221.84 | F22: 9805860 | G22: Serveron TM View Upgrade | H22: PTD | I22: -72.707925 | J22: -46.79977 | K22: -102.3323 | L22: =SUM(I22:K22) -> -221.84 | M22: =E22-L22 -> 0
A23: 303100 | B23: ED | C23: AN | D23: 2020 | E23: 0 | F23: 9806014 | G23: QTS / QTD | H23: PTD | I23: 0 | J23: 0 | K23: 0 | L23: =SUM(I23:K23) -> 0 | M23: =E23-L23 -> 0
A24: 303100 | B24: ED | C24: AN | D24: 2020 | E24: 1746.01 | F24: 9806017 | G24: Autodesk Inventor Upgrade-2019 | H24: D | K24: 1746.01 | L24: =SUM(I24:K24) -> 1746.01 | M24: =E24-L24 -> 0
A25: 303100 | B25: ED | C25: AN | D25: 2020 | E25: 5459.54 | F25: 9806018 | G25: Global Mapper Upgrade-2019 | H25: T | J25: 5459.54 | L25: =SUM(I25:K25) -> 5459.54 | M25: =E25-L25 -> 0
A26: 303100 | B26: ED | C26: AN | D26: 2020 | E26: 687617.18 | F26: 9806019 | G26: GPSS Mobile Solution | H26: PTD | I26: 225366.11 | J26: 145060.97 | K26: 317190.1 | L26: =SUM(I26:K26) -> 687617.18 | M26: =E26-L26 -> 0
A27: 303100 | B27: ED | C27: AN | D27: 2020 | E27: 26037.19 | F27: 9806028 | G27: Stackvision Upgrade 2019 | H27: P | I27: 26037.19 | L27: =SUM(I27:K27) -> 26037.19 | M27: =E27-L27 -> 0
A28: 303100 | B28: ED | C28: AN | D28: 2020 | E28: 200120.51 | F28: 9806041 | G28: Energy Imbalance Market MV-90 | H28: D | K28: 200120.51 | L28: =SUM(I28:K28) -> 200120.51 | M28: =E28-L28 -> 0
A29: 303100 | B29: ED | C29: AN | D29: 2020 | E29: 1195412.2 | F29: 9806051 | G29: EMS Full Netwrk Model and Apps | H29: T | J29: 1195412.2 | L29: =SUM(I29:K29) -> 1195412.2 | M29: =E29-L29 -> 0
A30: 303100 | B30: ED | C30: AN | D30: 2020 | E30: 13308.18 | F30: 9806082 | G30: Synergi Electric - CY2020 | H30: D | K30: 13308.18 | L30: =SUM(I30:K30) -> 13308.18 | M30: =E30-L30 -> 0
A31: 303100 | B31: ED | C31: AN | D31: 2020 | E31: 23342.84 | F31: 9806086 | G31: Serveron TMview Upgrade 2020 | H31: PTD | I31: 7650.6016 | J31: 4924.448 | K31: 10767.79 | L31: =SUM(I31:K31) -> 23342.84 | M31: =E31-L31 -> 0
A32: 303100 | B32: ED | C32: AN | D32: 2020 | E32: 14798.42 | F32: 9806089 | G32: Power DB Pro_Upgrade 2020 | H32: PTD | I32: 4850.1732 | J32: 3121.9016 | K32: 6826.3452 | L32: =SUM(I32:K32) -> 14798.42 | M32: =E32-L32 -> 0
A33: 303100 | B33: ED | C33: AN | D33: 2020 | E33: 11029.53 | F33: 9806091 | G33: CYMCAP Upgrade 2020 | H33: TD | J33: 3461.2237 | K33: 7568.3063 | L33: =SUM(I33:K33) -> 11029.53 | M33: =E33-L33 -> 0
A34: 303100 | B34: ED | C34: AN | D34: 2020 | E34: 56147.1 | F34: 9806092 | G34: Generation Anitvirus Update | H34: P | I34: 56147.1 | L34: =SUM(I34:K34) -> 56147.1 | M34: =E34-L34 -> 0
A35: 303100 | B35: ED | C35: AN | D35: 2020 | E35: 82732.7 | F35: 9806093 | G35: Gen Remote Site Server Ref | H35: P | I35: 82732.7 | L35: =SUM(I35:K35) -> 82732.7 | M35: =E35-L35 -> 0
A36: 303100 | B36: ED | C36: AN | D36: 2020 | E36: 50184.17 | F36: 9806098 | G36: LIMS/WeighWiz/LabWiz 2020 | H36: P | I36: 50184.17 | L36: =SUM(I36:K36) -> 50184.17 | M36: =E36-L36 -> 0
A37: 303100 | B37: ED | C37: AN | D37: 2020 | E37: 440910.58 | F37: 9806104 | G37: AMI Outage Data Analytics v2 | H37: D | K37: 440910.58 | L37: =SUM(I37:K37) -> 440910.58 | M37: =E37-L37 -> 0
A38: 303100 | B38: ED | C38: AN | D38: 2020 | E38: 9419.9 | F38: 9806118 | G38: SKM Power Tools Upgrade | H38: P | I38: 9419.9 | L38: =SUM(I38:K38) -> 9419.9 | M38: =E38-L38 -> 0
A39: 303100 | B39: ED | C39: AN | D39: 2020 | E39: 6876.66 | F39: 9806137 | G39: OATI Ferc Order 676 Implement | H39: T | J39: 6876.66 | L39: =SUM(I39:K39) -> 6876.66 | M39: =E39-L39 -> 0
A40: 303100 | B40: ED | C40: AA | D40: 2020 | E40: 54216.48 | F40: 9906591 | G40: OATI-webSmart OASIS | H40: T | J40: 54216.48 | L40: =SUM(I40:K40) -> 54216.48 | M40: =E40-L40 -> 0
A41: 303100 | B41: ED | C41: AN | D41: 2020 | E41: 899.69 | F41: 42405000 | G41: Colstrip Transmission - AN | H41: T | J41: 899.69 | L41: =SUM(I41:K41) -> 899.69 | M41: =E41-L41 -> 0
A42: 303100 | B42: ED | C42: AN | D42: 2020 | E42: 0.02 | F42: 9806009 | G42: ADSS Package #4 | H42: P | I42: 0.02 | L42: =SUM(I42:K42) -> 0.02 | M42: =E42-L42 -> 0
A43: 303100 | B43: ED | C43: AN | D43: 2020 | E43: 11057.89 | F43: 9806030 | G43: ADSS Phase 4 Pkg 1 | H43: P | I43: 11057.89 | L43: =SUM(I43:K43) -> 11057.89 | M43: =E43-L43 -> 0
A44: 303100 | B44: ED | C44: AN | D44: 2020 | E44: 666567.2 | F44: 9806032 | G44: ADSS Phase 4 Pkg 3 | H44: P | I44: 666567.2 | L44: =SUM(I44:K44) -> 666567.2 | M44: =E44-L44 -> 0
A45: 303100 | B45: ED | C45: AN | D45: 2020 | E45: 633796.16 | F45: 9806031 | G45: ADSS Phase 4 Pkg 2 | H45: P | I45: 633796.16 | L45: =SUM(I45:K45) -> 633796.16 | M45: =E45-L45 -> 0
A46: 303100 | B46: ED | C46: AN | D46: 2020 | E46: 415727.48 | F46: 9806033 | G46: ADSS Phase 4 Pkg 4 | H46: P | I46: 415727.48 | L46: =SUM(I46:K46) -> 415727.48 | M46: =E46-L46 -> 0
A47: 303100 | B47: ED | C47: AN | D47: 2020 | E47: 356872.04 | F47: 9806034 | G47: ADSS Phase 4 Pkg 5 | H47: P | I47: 356872.04 | L47: =SUM(I47:K47) -> 356872.04 | M47: =E47-L47 -> 0
A48: 303100 | B48: ED | C48: AN | D48: 2020 | E48: 197501.6 | F48: 9806035 | G48: ADSS Phase 4 Pkg 6 | H48: P | I48: 197501.6 | L48: =SUM(I48:K48) -> 197501.6 | M48: =E48-L48 -> 0
A49: 303100 | B49: ED | C49: WA | D49: 2021 | E49: 1007988.2 | F49: 2806698 | G49: AMI OUTAGE Data Analytics | H49: D | K49: 1007988.2 | L49: =SUM(I49:K49) -> 1007988.2 | M49: =E49-L49 -> 0
A50: 303100 | B50: ED | C50: WA | D50: 2021 | E50: 8812.37 | F50: 2806731 | G50: Energy Management Alerts-WA | H50: D | K50: 8812.37 | L50: =SUM(I50:K50) -> 8812.37 | M50: =E50-L50 -> 0
A51: 303100 | B51: ED | C51: WA | D51: 2021 | E51: -563475.07 | F51: 2806796 | G51: AMI_HES Enhancements 2020 | H51: D | K51: -563475.07 | L51: =SUM(I51:K51) -> -563475.07 | M51: =E51-L51 -> 0
A52: 303100 | B52: ED | C52: WA | D52: 2021 | E52: 16561.7 | F52: 2806845 | G52: Electric Vehicle TOU Rate | H52: D | K52: 16561.7 | L52: =SUM(I52:K52) -> 16561.7 | M52: =E52-L52 -> 0
A53: 303100 | B53: ED | C53: WA | D53: 2021 | E53: 357611.92 | F53: 2806893 | G53: AMI Enhancements Jan June 2021 | H53: D | K53: 357611.92 | L53: =SUM(I53:K53) -> 357611.92 | M53: =E53-L53 -> 0
A54: 303100 | B54: ED | C54: AN | D54: 2021 | E54: 0 | F54: 9805678 | G54: Transmission Outage Mgmt Syst | H54: T | J54: 0 | L54: =SUM(I54:K54) -> 0 | M54: =E54-L54 -> 0
A55: 303100 | B55: ED | C55: AN | D55: 2021 | E55: 0 | F55: 9805722 | G55: Substation Health Index Tool | H55: TD | J55: 0 | K55: 0 | L55: =SUM(I55:K55) -> 0 | M55: =E55-L55 -> 0
A56: 303100 | B56: ED | C56: AN | D56: 2021 | E56: 359760.14 | F56: 9805781 | G56: Substation Access Control | H56: TD | J56: 112897.86 | K56: 246862.28 | L56: =SUM(I56:K56) -> 359760.14 | M56: =E56-L56 -> 0
A57: 303100 | B57: ED | C57: AN | D57: 2021 | E57: 0 | F57: 9805790 | G57: BAL-003 Freq Response Upgrade | H57: D | K57: 0 | L57: =SUM(I57:K57) -> 0 | M57: =E57-L57 -> 0
A58: 303100 | B58: ED | C58: AN | D58: 2021 | E58: 0 | F58: 9805803 | G58: RCT U#2 HMI Upgrade-software | H58: LABOR | I58: 0 | J58: 0 | K58: 0 | L58: =SUM(I58:K58) -> 0 | M58: =E58-L58 -> 0
A59: 303100 | B59: ED | C59: AN | D59: 2021 | E59: 0 | F59: 9805847 | G59: Settlements Solution Implem | H59: P | I59: 0 | L59: =SUM(I59:K59) -> 0 | M59: =E59-L59 -> 0
A60: 303100 | B60: ED | C60: AN | D60: 2021 | E60: 0 | F60: 9805864 | G60: LIMSUpgrade | H60: P | I60: 0 | L60: =SUM(I60:K60) -> 0 | M60: =E60-L60 -> 0
A61: 303100 | B61: ED | C61: AN | D61: 2021 | E61: 85490.51 | F61: 9806019 | G61: GPSS Mobile Solution | H61: PTD | I61: 28019.463 | J61: 18035.233 | K61: 39435.814 | L61: =SUM(I61:K61) -> 85490.51 | M61: =E61-L61 -> 0
A62: 303100 | B62: ED | C62: AN | D62: 2021 | E62: 32384.41 | F62: 9806051 | G62: EMS Full Netwrk Model and Apps | H62: T | J62: 32384.41 | L62: =SUM(I62:K62) -> 32384.41 | M62: =E62-L62 -> 0
A63: 303100 | B63: ED | C63: AN | D63: 2021 | E63: 2017.97 | F63: 9806089 | G63: Power DB Pro_Upgrade 2020 | H63: PTD | I63: 661.38844 | J63: 425.71462 | K63: 930.86694 | L63: =SUM(I63:K63) -> 2017.97 | M63: =E63-L63 -> 0
A64: 303100 | B64: ED | C64: AN | D64: 2021 | E64: 0 | F64: 9806091 | G64: CYMCAP Upgrade 2020 | H64: TD | J64: 0 | K64: 0 | L64: =SUM(I64:K64) -> 0 | M64: =E64-L64 -> 0
A65: 303100 | B65: ED | C65: AN | D65: 2021 | E65: 85345.45 | F65: 9806092 | G65: Generation Anitvirus Update | H65: P | I65: 85345.45 | L65: =SUM(I65:K65) -> 85345.45 | M65: =E65-L65 -> 0
A66: 303100 | B66: ED | C66: AN | D66: 2021 | E66: -82732.71 | F66: 9806093 | G66: Gen Remote Site Server Ref | H66: P | I66: -82732.71 | L66: =SUM(I66:K66) -> -82732.71 | M66: =E66-L66 -> 0
A67: 303100 | B67: ED | C67: AN | D67: 2021 | E67: 0 | F67: 9806098 | G67: LIMS/WeighWiz/LabWiz 2020 | H67: P | I67: 0 | L67: =SUM(I67:K67) -> 0 | M67: =E67-L67 -> 0
A68: 303100 | B68: ED | C68: AN | D68: 2021 | E68: 0 | F68: 9806118 | G68: SKM Power Tools Upgrade | H68: P | I68: 0 | L68: =SUM(I68:K68) -> 0 | M68: =E68-L68 -> 0
A69: 303100 | B69: ED | C69: AN | D69: 2021 | E69: 86957.03 | F69: 9806121 | G69: CROW Upgrade/Enhance 2020 | H69: D | K69: 86957.03 | L69: =SUM(I69:K69) -> 86957.03 | M69: =E69-L69 -> 0
A70: 303100 | B70: ED | C70: AN | D70: 2021 | E70: 0 | F70: 9806137 | G70: OATI Ferc Order 676 Implement | H70: T | J70: 0 | L70: =SUM(I70:K70) -> 0 | M70: =E70-L70 -> 0
A71: 303100 | B71: ED | C71: AN | D71: 2021 | E71: 6552.86 | F71: 9806148 | G71: Synergi Electric 2021 | H71: D | K71: 6552.86 | L71: =SUM(I71:K71) -> 6552.86 | M71: =E71-L71 -> 0
A72: 303100 | B72: ED | C72: AN | D72: 2021 | E72: 24622.47 | F72: 9806150 | G72: Aspen OneLiner Upgrade 2021 | H72: TD | J72: 7726.8819 | K72: 16895.588 | L72: =SUM(I72:K72) -> 24622.47 | M72: =E72-L72 -> 0
A73: 303100 | B73: ED | C73: AN | D73: 2021 | E73: 10796.15 | F73: 9806169 | G73: CymCap 2021 - Repl | H73: TD | J73: 3387.9857 | K73: 7408.1643 | L73: =SUM(I73:K73) -> 10796.15 | M73: =E73-L73 -> 0
A74: 303100 | B74: ED | C74: AN | D74: 2021 | E74: 23142.71 | F74: 9806181 | G74: EIM - MV90 Additional Licenses | H74: D | K74: 23142.71 | L74: =SUM(I74:K74) -> 23142.71 | M74: =E74-L74 -> 0
A75: 303100 | B75: ED | C75: AN | D75: 2021 | E75: 60140.93 | F75: 9806186 | G75: PSCAD Implementation | H75: P | I75: 60140.93 | L75: =SUM(I75:K75) -> 60140.93 | M75: =E75-L75 -> 0
A76: 303100 | B76: ED | C76: AN | D76: 2021 | E76: 0 | F76: 21105005 | G76: KFCT- Solar CT Control SFTWR | H76: P | I76: 0 | L76: =SUM(I76:K76) -> 0 | M76: =E76-L76 -> 0
A77: 303100 | B77: ED | C77: AN | D77: 2021 | E77: 0 | F77: 30405081 | G77: CG HED-BatteryBank&DC Upgrade | H77: P | I77: 0 | L77: =SUM(I77:K77) -> 0 | M77: =E77-L77 -> 0
A78: 303100 | B78: ED | C78: AN | D78: 2021 | E78: 270.11 | F78: 42405000 | G78: Colstrip Transmission - AN | H78: T | J78: 270.11 | L78: =SUM(I78:K78) -> 270.11 | M78: =E78-L78 -> 0
A79: 303100 | B79: ED | C79: AN | D79: 2021 | E79: 0 | F79: 9805729 | G79: ADSS Phase 2 | H79: P | I79: 0 | L79: =SUM(I79:K79) -> 0 | M79: =E79-L79 -> 0
A80: 303100 | B80: ED | C80: AN | D80: 2021 | E80: 0 | F80: 9805869 | G80: ADSS R2: Trader | H80: P | I80: 0 | L80: =SUM(I80:K80) -> 0 | M80: =E80-L80 -> 0
A81: 303100 | B81: ED | C81: AN | D81: 2021 | E81: 0 | F81: 9805945 | G81: ADSS Phase 3 Release 1 | H81: P | I81: 0 | L81: =SUM(I81:K81) -> 0 | M81: =E81-L81 -> 0
A82: 303100 | B82: ED | C82: AN | D82: 2021 | E82: 15585.15 | F82: 9806031 | G82: ADSS Phase 4 Pkg 2 | H82: P | I82: 15585.15 | L82: =SUM(I82:K82) -> 15585.15 | M82: =E82-L82 -> 0
A83: 303100 | B83: ED | C83: AN | D83: 2021 | E83: 0 | F83: 9806033 | G83: ADSS Phase 4 Pkg 4 | H83: P | I83: 0 | L83: =SUM(I83:K83) -> 0 | M83: =E83-L83 -> 0
A84: 303100 | B84: ED | C84: AN | D84: 2021 | E84: 69.38 | F84: 9806034 | G84: ADSS Phase 4 Pkg 5 | H84: P | I84: 69.38 | L84: =SUM(I84:K84) -> 69.38 | M84: =E84-L84 -> 0
A85: 303100 | B85: ED | C85: AN | D85: 2021 | E85: 23964.24 | F85: 9806035 | G85: ADSS Phase 4 Pkg 6 | H85: P | I85: 23964.24 | L85: =SUM(I85:K85) -> 23964.24 | M85: =E85-L85 -> 0
A86: 303100 | B86: ED | C86: AN | D86: 2021 | E86: 2320469.2 | F86: 9806107 | G86: ADSS EIM Enh. Package | H86: P | I86: 2320469.2 | L86: =SUM(I86:K86) -> 2320469.2 | M86: =E86-L86 -> 0
A87: 303100 | B87: ED | C87: AN | D87: 2021 | E87: 297857.61 | F87: 9806152 | G87: ADSS Phase 4 2021: Pkg. 7 | H87: P | I87: 297857.61 | L87: =SUM(I87:K87) -> 297857.61 | M87: =E87-L87 -> 0
A88: 303100 | B88: ED | C88: AN | D88: 2021 | E88: 152560.91 | F88: 9806165 | G88: ADSS Phase 4 2021: Pkg. 8 | H88: P | I88: 152560.91 | L88: =SUM(I88:K88) -> 152560.91 | M88: =E88-L88 -> 0
A89: 303100 | B89: ED | C89: WA | D89: 2022 | E89: 0 | F89: 2806893 | G89: AMI Enhancements Jan June 2021 | H89: D | K89: 0 | L89: =SUM(I89:K89) -> 0 | M89: =E89-L89 -> 0
A90: 303100 | B90: ED | C90: WA | D90: 2022 | E90: 178449.02 | F90: 2806936 | G90: AMI Enhancements 2021 Jul-Dec | H90: D | K90: 178449.02 | L90: =SUM(I90:K90) -> 178449.02 | M90: =E90-L90 -> 0
A91: 303100 | B91: ED | C91: WA | D91: 2022 | E91: 1023150.2 | F91: 2806983 | G91: Always On | H91: D | K91: 1023150.2 | L91: =SUM(I91:K91) -> 1023150.2 | M91: =E91-L91 -> 0
A92: 303100 | B92: ED | C92: WA | D92: 2022 | E92: 273453.19 | F92: 2806996 | G92: AMI Enhancements 2022 Pkg 1 | H92: D | K92: 273453.19 | L92: =SUM(I92:K92) -> 273453.19 | M92: =E92-L92 -> 0
A93: 303100 | B93: ED | C93: WA | D93: 2022 | E93: 226891.38 | F93: 2806997 | G93: AMI Enhancements 2022 Pkg 2 | H93: D | K93: 226891.38 | L93: =SUM(I93:K93) -> 226891.38 | M93: =E93-L93 -> 0
A94: 303100 | B94: ED | C94: AN | D94: 2022 | E94: 265459.09 | F94: 9805808 | G94: DMS PRISM 11 Upgrade | H94: TD | J94: 83304.845 | K94: 182154.25 | L94: =SUM(I94:K94) -> 265459.09 | M94: =E94-L94 -> 0
A95: 303100 | B95: ED | C95: AN | D95: 2022 | E95: 2425975.5 | F95: 9806015 | G95: HMI Upgrade Control Software | H95: P | I95: 2425975.5 | L95: =SUM(I95:K95) -> 2425975.5 | M95: =E95-L95 -> 0
A96: 303100 | B96: ED | C96: AN | D96: 2022 | E96: 66833.74 | F96: 9806019 | G96: GPSS Mobile Solution | H96: PTD | I96: 21904.718 | J96: 14099.367 | K96: 30829.655 | L96: =SUM(I96:K96) -> 66833.74 | M96: =E96-L96 -> 0
A97: 303100 | B97: ED | C97: AN | D97: 2022 | E97: 3793.01 | F97: 9806092 | G97: Generation Anitvirus Update | H97: P | I97: 3793.01 | L97: =SUM(I97:K97) -> 3793.01 | M97: =E97-L97 -> 0
A98: 303100 | B98: ED | C98: AN | D98: 2022 | E98: 0 | F98: 9806107 | G98: ADSS EIM Enh. Package | H98: P | I98: 0 | L98: =SUM(I98:K98) -> 0 | M98: =E98-L98 -> 0
A99: 303100 | B99: ED | C99: AN | D99: 2022 | E99: 2156389.2 | F99: 9806129 | G99: EIM - Settlements & Analytics | H99: D | K99: 2156389.2 | L99: =SUM(I99:K99) -> 2156389.2 | M99: =E99-L99 -> 0
A100: 303100 | B100: ED | C100: AN | D100: 2022 | E100: 126661.91 | F100: 9806141 | G100: MV90 System Upgrade | H100: D | K100: 126661.91 | L100: =SUM(I100:K100) -> 126661.91 | M100: =E100-L100 -> 0
...

Sheet Intangible Reserve 1.1c
E1: 202312
E2: Beginning Balance | F2: Ending Balance
A3: Plant Acct | B3: Plant Acct Desc | C3: Facility Desc | D3: Jurisdiction
A4: 302000 | B4: INTANG PLT FRANCH&CONSENT | C4: CABINET GORGE HED | D4: AN | E4: -4630598.7 | F4: -4646745.2 | G4: Production
C5: FOREST USE PERMITS - IDAHO | D5: AN | E5: -245280.46 | F5: -246306.82 | G5: Transmission
C6: Long Lake | D6: AN | E6: =-5696388.11+5696388.11 -> 0 | F6: =-5741790.89+5741790.89 -> 0 | G6: Production
C7: NOXON RAPIDS HED | D7: AN | E7: -3286923.8 | F7: -3298257.9 | G7: Production
C8: POST FALLS HED | D8: AN | E8: -455092.78 | F8: -457716.38 | G8: Production
C9: UNSPECIFIED | D9: ID | E9: 0 | F9: 0
C10: WASHINGTON STATE FRANCHISES 028 | D10: WA | E10: -646368.19 | F10: -657009.38 | G10: Transmission
C11: Total | E11: =SUM(E4:E10) -> -9264264 | F11: =SUM(F4:F10) -> -9306035.6
A12: 303000 | B12: MISC INTANGIBLE PLANT | C12: ELECTRIC VEHICLE SUPPLY EQUIPMENT (WA) | D12: WA | E12: -23615.95 | F12: -23892.16 | G12: Distribution
C13: BEACON-CABINET 230KV TRANSM LINE - IDAHO (AN) | D13: AN | E13: -939589.49 | F13: -947425.64 | G13: Transmission
C14: BELL BPA SUB COMMUNICATION (AN) | D14: AN | E14: -208181.41 | F14: -208390.62 | G14: Transmission
C15: BELL BPA SUBSTATION (AN) | D15: AN | E15: -286989.01 | F15: -287280.71 | G15: Transmission
C16: COYOTE SPRINGS 2 | D16: AN | E16: -631.95 | F16: -648.8 | G16: Production
C17: DEER PARK BPA OWNED SUBSTA 115kV ONLY (AN) | D17: AN | E17: -142764.63 | F17: -143448.74 | G17: Transmission
C18: DRY CREEK 230/115kV SUBSTA (AN) | D18: AN | E18: -23617.35 | F18: -23837.04 | G18: Transmission
C19: HATWAI BPA SUB COMMUNICATION (AN) | D19: AN | E19: -4054.36 | F19: -4072.36 | G19: Transmission
C20: LANCASTER CT | D20: AN | E20: -160380.83 | F20: -160380.83 | G20: Production
C21: Long Lake Hydro - Non-Project | D21: AN | E21: -31699 | F21: -31924.63 | G21: Production
C22: NORTHEAST SUBSTA | D22: WA | E22: -47899.06 | F22: -48111.7 | G22: Transmission
C23: NOXON RAPIDS HED | D23: AN | E23: -506.25 | F23: -519.75 | G23: Production
C24: NOXON NON-PROJECT | D24: AN | E24: -59286.17 | F24: -59614.64 | G24: Production
... C26: SYSTEM OPERATIONS ELECTRIC | D26: AN | E26: -17387.48 | F26: -17387.48 | G26: Transmission
D27: Total | E27: =SUM(E12:E26) -> -2256672.1 | F27: =SUM(F12:F26) -> -2268021.5
A28: 303100 | B28: MISC INTANG PLT-SOFTWARE | C28: ELECTRIC VEHICLE SUPPLY EQUIPMENT (WA) | D28: WA | E28: -8560.31 | F28: -14439.93 | G28: See 1.1b
C29: KETTLE FALLS GS (AN) | D29: AN | E29: -6577.84 | F29: -7773.81 | G29: See 1.1b
C30: UNSPECIFIED - Allocated North (ID) | D30: AN | E30: -18451.33 | F30: -19010.98 | G30: See 1.1b
C31: UNSPECIFIED - Allocated North (MT) | D31: AN | E31: -6716.35 | F31: -7269.82 | G31: See 1.1b
C32: UNSPECIFIED - Allocated North (WA) | D32: AN | E32: -5633003.1 | F32: -5868836.7 | G32: See 1.1b
C33: UNSPECIFIED - Washington | D33: WA | E33: -761687.25 | F33: -20644.85 | G33: See 1.1b
A34: 303121 | B34: AMI SOFTWARE | C34: UNSPECIFIED - Washington | D34: WA | E34: -3052.42 | F34: -12636.18 | G34: See 1.1b
D35: Total | E35: =SUM(E28:E34) -> -6438048.6 | F35: =SUM(F28:F34) -> -5950612.2
A36: Total | D36: Grand Total | E36: =SUM(E35,E27,E11) -> -17958985 | F36: =SUM(F35,F27,F11) -> -17524669
A37: Page 1 of 3
F39: Acct. 111-302
A40: For Internal Use Only | F40: =SUM(F4,F6,F7,F8) -> -8402719.4 | G40: Production
F41: =SUM(F5,F10) -> -903316.2 | G41: Transmission
F42: 0 | G42: Distribution
F43: =SUM(F40:F42) -> -9306035.6 | G43: Total A/C 302
F45: Acct. 111-303
F46: =SUM(F13,F14,F15,F17:F18,F19,F22,F25:F26) -> -1991040.7 | G46: 303000
F47: =-'[1]1.1b Intangible Soft. 303100'!J104 -> -294472.33 | G47: 303100 & 303110 (1.1b) | H47: =F35*0.3169 -> -1885749
F48: - | G48: Allocation
F49: =SUM(F46:F48) -> -2285513 | G49: Total Transmission
F51: =SUM(F16,F20:F21,F24,F23) -> -253088.65 | G51: 303000
F52: =-'[1]1.1b Intangible Soft. 303100'!I104 -> -4142690.7 | G52: 303100 & 303110 (1.1b)
F53: =SUM(F51:F52) -> -4395779.4 | G53: Production
F55: =SUM(F12) -> -23892.16 | G55: 303000
F56: =-'[1]1.1b Intangible Soft. 303100'!K104 -> -1513448.7 | G56: 303100 & 303110 (1.1b)
G57: Allocation
F58: =SUM(F55:F57) -> -1537340.9 | G58: Total Distribution
F60: =F49+F53+F58 -> -8218633.3 | G60: Total A/C 303
F62: =F60+F43 -> -17524669 | G62: Total 302 & 303
F63: =F36-F62 -> -0.44329721

Sheet 1.3 Common Plt Summary
A1: Avista Utilities
A2: Common Plant Service Allocation | N2: I17,I26,I35,I53,I62
A3: 12 Months Ended December 2023
A5: Electric System | C5: Workpaper | D5: 2023 | E5: Allocation
A6: Account | B6: Description
A7: 301 | B7: Organization
A8: 302 | B8: Franchises & Consents | G8: Production | H8: Transmission | I8: Distribution | N8: 2019 values pasted for comparison
A9: 303 | B9: Miscellaneous Intangible Plant-Software | C9: 1.3a Common Plt | D9: =SUM('[1]1.3a Common Plant'!I17,'[1]1.3a Common Plant'!I26,'[1]1.3a Common Plant'!I35,'[1]1.3a Common Plant'!I53,'[1]1.3a Common Plant'!I62,'[1]1.3a Common Plant'!I71,'[1]1.3a Common Plant'!I80) -> 222188264 | E9: D | G9: 0 | H9: 0 | I9: =D9 -> 222188264 | K9: =D9=SUM(G9:I9) -> TRUE | M9: 303 | N9: Miscellaneous Intangible Plant-Software | O9: 1.3a Common Plt | P9: 123724778 | Q9: D
A10: 389 | B10: Land and Land Rights | C10: 1.3a Common Plt | D10: ='[1]1.3a Common Plant'!I109 -> 10303494 | E10: PTD | G10: =D10*[1]Ratios!$E$50 -> 3274046.7 | H10: =D10*[1]Ratios!$F$50 -> 2145779.2 | I10: =D10*[1]Ratios!$G$50 -> 4883668.1 | K10: =D10=SUM(G10:I10) -> TRUE | M10: 389 | N10: Land and Land Rights | O10: 1.3a Common Plt | P10: 9895991 | Q10: PTD
A11: 390 | B11: Structures and Improvements | C11: 1.3a Common Plt | D11: ='[1]1.3a Common Plant'!I119 -> 117958282 | E11: PTD | G11: =D11*[1]Ratios!$E$50 -> 37482520 | H11: =D11*[1]Ratios!$F$50 -> 24565689 | I11: =D11*[1]Ratios!$G$50 -> 55910072 | K11: =D11=SUM(G11:I11) -> TRUE | M11: 390 | N11: Structures and Improvements | O11: 1.3a Common Plt | P11: 112447413 | Q11: PTD
A12: 391 | B12: Office Furniture and Equipment | C12: 1.3a Common Plt | D12: ='[1]1.3a Common Plant'!I129 -> 52107378 | E12: LABOR | G12: =D12*[1]Ratios!E22 -> 19074981 | H12: =D12*[1]Ratios!F22 -> 8309893.8 | I12: =D12*[1]Ratios!G22 -> 24722503 | K12: =D12=SUM(G12:I12) -> TRUE | M12: 391 | N12: Office Furniture and Equipment | O12: 1.3a Common Plt | P12: 65552553 | Q12: LABOR
A13: 392 | B13: Transportation Equipment | C13: 1.3a Common Plt | D13: ='[1]1.3a Common Plant'!I139 -> 10962380 | E13: TD | G13: =D13*[1]Ratios!$E$65 -> 0 | H13: =D13*[1]Ratios!$F$65 -> 3346329.6 | I13: =D13*[1]Ratios!$G$65 -> 7616050.4 | K13: =D13=SUM(G13:I13) -> TRUE | M13: 392 | N13: Transportation Equipment | O13: 1.3a Common Plt | P13: 10591056 | Q13: TD
A14: 393 | B14: Stores Equipment | C14: 1.3a Common Plt | D14: ='[1]1.3a Common Plant'!I149 -> 4684177 | E14: PTD | G14: =D14*[1]Ratios!$E$50 -> 1488447.9 | H14: =D14*[1]Ratios!$F$50 -> 975514.69 | I14: =D14*[1]Ratios!$G$50 -> 2220214.4 | K14: =D14=SUM(G14:I14) -> TRUE | M14: 393 | N14: Stores Equipment | O14: 1.3a Common Plt | P14: 3824165 | Q14: PTD
A15: 394 | B15: Tools, Shop and Garage Equipment | C15: 1.3a Common Plt | D15: ='[1]1.3a Common Plant'!I159 -> 12717622 | E15: PTD | G15: =D15*[1]Ratios!$E$50 -> 4041162 | H15: =D15*[1]Ratios!$F$50 -> 2648539.3 | I15: =D15*[1]Ratios!$G$50 -> 6027920.7 | K15: =D15=SUM(G15:I15) -> TRUE | M15: 394 | N15: Tools, Shop and Garage Equipment | O15: 1.3a Common Plt | P15: 10356500 | Q15: PTD
A16: 395 | B16: Laboratory Equipment | C16: 1.3a Common Plt | D16: ='[1]1.3a Common Plant'!I178 -> 929160 | E16: PTD | G16: =D16*[1]Ratios!$E$50 -> 295250.64 | H16: =D16*[1]Ratios!$F$50 -> 193504.48 | I16: =D16*[1]Ratios!$G$50 -> 440404.88 | K16: =D16=SUM(G16:I16) -> TRUE | M16: 395 | N16: Laboratory Equipment | O16: 1.3a Common Plt | P16: 1107027 | Q16: PTD
A17: 396 | B17: Power Operated Equipment | C17: 1.3a Common Plt | D17: ='[1]1.3a Common Plant'!I188 -> 1424950 | E17: TD | G17: =D17*[1]Ratios!$E$65 -> 0 | H17: =D17*[1]Ratios!$F$65 -> 434974.19 | I17: =D17*[1]Ratios!$G$65 -> 989975.81 | K17: =D17=SUM(G17:I17) -> TRUE | M17: 396 | N17: Power Operated Equipment | O17: 1.3a Common Plt | P17: 1539719 | Q17: TD
A18: 397 | B18: Communication Equipment | C18: 1.3a Common Plt | D18: ='[1]1.3a Common Plant'!I198 -> 93649773 | E18: PTD | G18: =D18*[1]Ratios!$E$50 -> 29758229 | H18: =D18*[1]Ratios!$F$50 -> 19503262 | I18: =D18*[1]Ratios!$G$50 -> 44388283 | K18: =D18=SUM(G18:I18) -> TRUE | M18: 397 | N18: Communication Equipment | O18: 1.3a Common Plt | P18: 55904154 | Q18: PTD
A19: 398 | B19: Miscellaneous Equipment | C19: 1.3a Common Plt | D19: ='[1]1.3a Common Plant'!I208 -> 594944 | E19: PTD | G19: =D19*[1]Ratios!$E$50 -> 189049.89 | H19: =D19*[1]Ratios!$F$50 -> 123901.51 | I19: =D19*[1]Ratios!$G$50 -> 281992.6 | K19: =D19=SUM(G19:I19) -> TRUE | M19: 398 | N19: Miscellaneous Equipment | O19: 1.3a Common Plt | P19: 442664 | Q19: PTD
A20: 399 | B20: Other Tangible Property | E20: N/A | K20: =D20=SUM(G20:I20) -> TRUE | M20: 399 | N20: Other Tangible Property | Q20: N/A
A21: 399.1 | B21: Asset Retirement Costs for General Plant | D21: 0 | E21: PTD | G21: =D21*[1]Ratios!$E$50 -> 0 | H21: =D21*[1]Ratios!$F$50 -> 0 | I21: =D21*[1]Ratios!$G$50 -> 0 | K21: =D21=SUM(G21:I21) -> TRUE | M21: 399.1 | N21: Asset Retirement Costs for General Plant | P21: 0 | Q21: PTD
B22: Total Common Plant Assigned to Electric | D22: =SUM(D9:D21) -> 527520424 | G22: =SUM(G9:G21) -> 95603687 | H22: =SUM(H9:H21) -> 62247388 | I22: =SUM(I9:I21) -> 3.6966935e+08 | K22: =D22=SUM(G22:I22) -> TRUE | N22: Total Common Plant Assigned to Electric | P22: 466550667
B23: Allocation Factor | G23: 0.28 | H23: 0.14 | I23: 0.58 | N23: Allocation Factor
B24: Accumulated Depreciation/Amortization | C24: 1.3b Common Dpr. | D24: ='1.3b Common Plt Acc. Depr'!E128 -> -219309854 | E24: Electric only. | G24: =G23*D24 -> -61406759 | H24: =D24*H23 -> -30703380 | I24: =D24*I23 -> -1.2719972e+08 | K24: =D24=SUM(G24:I24) -> TRUE | N24: Accumulated Depreciation/Amortization | O24: 1.3b Common Dpr. | P24: -140139684
B26: Depreciation Expense | C26: A/C 403 | D26: 18217879 | G26: =D26*G23 -> 5101006.1 | H26: =D26*H23 -> 2550503.1 | I26: =D26*I23 -> 10566370 | K26: =D26=SUM(G26:I26) -> TRUE
B27: Amortization Expense | C27: A/C 404 | D27: 36465620 | G27: =D27*G23 -> 10210374 | H27: =D27*H23 -> 5105186.8 | I27: =D27*I23 -> 21150060 | K27: =D27=SUM(G27:I27) -> TRUE
B28: Total Related Expense per FERC 336 | D28: =SUM(D26:D27) -> 54683499 | G28: =G26+G27 -> 15311380 | H28: =H26+H27 -> 7655689.9 | I28: =I26+I27 -> 31716429 | K28: =D28=SUM(G28:I28) -> TRUE | N28: 744829169
B30: CWIP Allocation | D30: =(D22/D58)*D62 -> 21660100 | G30: - | H30: - | I30: =D30 -> 21660100 | K30: =D30=SUM(G30:I30) -> TRUE
A32: Gas System | C32: Workpaper | D32: 2023 | E32: Allocation
A33: Account | B33: Description
A34: 301 | B34: Organization | C34: 1.3a Common Plt | E34: N/A
A35: 302 | B35: Franchises & Consents
A36: 303 | B36: Miscellaneous Intangible Plant | C36: 1.3a Common Plt | D36: ='[1]1.3a Common Plant'!Q81 -> 94171546 | E36: N/A
A37: 389 | B37: Land and Land Rights | C37: 1.3a Common Plt | D37: ='[1]1.3a Common Plant'!Q109 -> 4158883 | E37: N/A
A38: 390 | B38: Structures and Improvements | C38: 1.3a Common Plt | D38: ='[1]1.3a Common Plant'!Q119 -> 47021412 | E38: N/A
A39: 391 | B39: Office Furniture and Equipment | C39: 1.3a Common Plt | D39: ='[1]1.3a Common Plant'!Q129 -> 22075316 | E39: N/A
A40: 392 | B40: Transportation Equipment | C40: 1.3a Common Plt | D40: ='[1]1.3a Common Plant'!Q139 -> 3935750 | E40: N/A
A41: 393 | B41: Stores Equipment | C41: 1.3a Common Plt | D41: ='[1]1.3a Common Plant'!Q149 -> 1389035 | E41: N/A
A42: 394 | B42: Tools, Shop and Garage Equipment | C42: 1.3a Common Plt | D42: ='[1]1.3a Common Plant'!Q159 -> 5218298 | E42: N/A
A43: 395 | B43: Laboratory Equipment | C43: 1.3a Common Plt | D43: ='[1]1.3a Common Plant'!Q178 -> 396091 | E43: N/A
A44: 396 | B44: Power Operated Equipment | C44: 1.3a Common Plt | D44: ='[1]1.3a Common Plant'!Q188 -> 470370 | E44: N/A
A45: 397 | B45: Communication Equipment | C45: 1.3a Common Plt | D45: ='[1]1.3a Common Plant'!Q198 -> 38219758 | E45: N/A
A46: 398 | B46: Miscellaneous Equipment | C46: 1.3a Common Plt | D46: ='[1]1.3a Common Plant'!Q208 -> 252286 | E46: N/A
A47: 399 | B47: Other Tangible Property
A48: 399.1 | B48: Asset Retirement Costs for General Plant | D48: -
B49: Total Common Plant Assigned to Gas | D49: =SUM(D36:D46) -> 217308745
B51: Related Accumulated Depreciation/Amortization | C51: 1.3b Common Dpr.
D52: =SUM('1.3b Common Plt Acc. Depr'!F128:G128) -> -91151447
B54: CWIP Allocation | D54: =(D49/D58)*D62 -> 8922743
A58: Total Electric and Gas Common Plant | C58: Form 1 Page 356 | D58: =D49+D22 -> 744829169
A59: Check | D59: =D58-744829169 -> 0
A62: Total Electric and Gas Common CWIP | C62: Form 1 Page 356 | D62: 30582843
A64: Total Accumulated Provision for Depr, Amort, & Depl.
A65: Check | C65: Form 1 Page 201,356 | D65: =D52+D24 -> -310461301
D66: =D65+313510703 -> 3049402 | E66: =D65-D66 -> -313510703
A68: Note: | B68: We have directly assigned the electric and gas portion of common plant above. We then directly assigned the electric portion of common plant using the ratios allowed for electric general plant in these same accounts. We believe that these ratios accurately reflect the nature of how the account is used by the business as a whole. We used the allocation factor derived above, to apply to the related accumulated amortization and expense accounts.

Sheet 1.3a Common Plant
A2: RESULTS OF OPERATIONS | E2: Report ID: | H2: AVISTA UTILITIES
A3: COMMON INTANGIBLE PLANT | E3: C-IPL-12E
A4: For Twelve Months Ended December 31, 2023 | H4: Electric Copy
A5: Ending Balance Basis
F6: ********************** ELECTRIC *************************** | J6: ********************** GAS NORTH ************************** | N6: ************** OREGON GAS****************
A7: Ref/Basis | B7: Account | C7: Description | E7: Total | F7: Direct-WA | G7: Direct-ID | H7: Allocated | I7: Total | J7: Direct-WA | K7: Direct-ID | L7: Allocated | M7: Total | N7: Direct-OR | O7: Allocated | P7: Total
B9: 303000 | C9: Intangible Plant
A10: 99 | C10: ED-WA / ID / AN | E10: 12150827 | F10: 319716 | G10: 0 | H10: 11831111 | I10: 12150827 | J10: 0 | K10: 0 | L10: 0 | M10: 0 | N10: 0 | O10: 0 | P10: 0
A11: 99 | C11: GD-WA / ID / AN | E11: 1794111 | F11: 0 | G11: 0 | H11: 0 | I11: 0 | J11: 1022594 | K11: 771517 | L11: 0 | M11: 1794111 | N11: 0 | O11: 0 | P11: 0
A12: 99 | C12: GD-OR / AS | E12: 425951 | F12: 0 | G12: 0 | H12: 0 | I12: 0 | J12: 0 | K12: 0 | L12: 0 | M12: 0 | N12: 425951 | O12: 0 | P12: 425951
A13: 8 | C13: GD-AA | E13: 0 | F13: 0 | G13: 0 | H13: 0 | I13: 0 | J13: 0 | K13: 0 | L13: 0 | M13: 0 | N13: 0 | O13: 0 | P13: 0
A14: 7 | C14: CD-AA | E14: 6222493 | F14: 0 | G14: 0 | H14: 4362714 | I14: 4362714 | J14: 0 | K14: 0 | L14: 1288554 | M14: 1288554 | N14: 0 | O14: 571225 | P14: 571225
A15: 9 | C15: CD-WA / ID / AN | E15: 194058 | F15: 0 | G15: 0 | H15: 149702 | I15: 149702 | J15: 0 | K15: 0 | L15: 44356 | M15: 44356 | N15: 0 | O15: 0 | P15: 0
C16: TOTAL ACCOUNT | E16: =SUM(E10:E15) -> 20787440 | F16: =SUM(F10:F15) -> 319716 | G16: =SUM(G10:G15) -> 0 | H16: =SUM(H10:H15) -> 16343527 | I16: =SUM(I10:I15) -> 16663243 | J16: =SUM(J10:J15) -> 1022594 | K16: =SUM(K10:K15) -> 771517 | L16: =SUM(L10:L15) -> 1332910 | ... P16: =SUM(P10:P15) -> 997176
I17: =SUM(I14:I15) -> 4512416 | M17: =SUM(M14:M15) -> 1332910 | P17: =SUM(P14:P15) -> 571225 | Q17: =SUM(M17:P17) -> 1904135
B18: 303100 | C18: Misc Intangible Plant--Mainframe Software
A19: 99 | C19: ED-WA / ID / AN | E19: 29766371 | F19: 5213484 | G19: 0 | H19: 24552887 | I19: 29766371 | J19: 0 | K19: 0 | L19: 0 | M19: 0 | N19: 0 | O19: 0 | P19: 0
A20: 99 | C20: GD-WA / ID / AN | E20: 0 | F20: 0 | G20: 0 | H20: 0 | I20: 0 | J20: 0 | K20: 0 | L20: 0 | M20: 0 | N20: 0 | O20: 0 | P20: 0
A21: 99 | C21: GD-OR / AS | E21: 354611 | F21: 0 | G21: 0 | H21: 0 | I21: 0 | J21: 0 | K21: 0 | L21: 0 | M21: 0 | N21: 354611 | O21: 0 | P21: 354611
A22: 8 | C22: GD-AA | E22: 420398 | F22: 0 | G22: 0 | H22: 0 | I22: 0 | J22: 0 | K22: 0 | L22: 290222 | M22: 290222 | N22: 0 | O22: 130176 | P22: 130176
A23: 7 | C23: CD-AA | E23: 119731234 | F23: 0 | G23: 0 | H23: 83945963 | I23: 83945963 | J23: 0 | K23: 0 | L23: 24793944 | M23: 24793944 | N23: 0 | O23: 10991327 | P23: 10991327
A24: 9 | C24: CD-WA / ID / AN | E24: 1490369 | F24: 687019 | G24: 0 | H24: 462697 | I24: 1149716 | J24: 203559 | K24: 0 | L24: 137094 | M24: 340653 | N24: 0 | O24: 0 | P24: 0
C25: TOTAL ACCOUNT | E25: =SUM(E19:E24) -> 151762983 | F25: =SUM(F19:F24) -> 5900503 | G25: =SUM(G19:G24) -> 0 | H25: =SUM(H19:H24) -> 108961547 | I25: =SUM(I19:I24) -> 114862050 | J25: =SUM(J19:J24) -> 203559 | K25: =SUM(K19:K24) -> 0 | L25: =SUM(L19:L24) -> 25221260 | ... P25: =SUM(P19:P24) -> 11476114
I26: =SUM(I23:I24) -> 85095679 | M26: =SUM(M23:M24) -> 25134597 | P26: =SUM(P23:P24) -> 10991327 | Q26: =SUM(M26:P26) -> 36125924
B27: 30310X | C27: Misc Intangible Plant--Term On-Premise Software
A28: 99 | C28: ED-WA / ID / AN | E28: 5941658 | F28: 0 | G28: 0 | H28: 5941658 | I28: 5941658 | J28: 0 | K28: 0 | L28: 0 | M28: 0 | N28: 0 | O28: 0 | P28: 0
A29: 99 | C29: GD-WA / ID / AN | E29: 0 | F29: 0 | G29: 0 | H29: 0 | I29: 0 | J29: 0 | K29: 0 | L29: 0 | M29: 0 | N29: 0 | O29: 0 | P29: 0
A30: 99 | C30: GD-OR / AS | E30: 0 | F30: 0 | G30: 0 | H30: 0 | I30: 0 | J30: 0 | K30: 0 | L30: 0 | M30: 0 | N30: 0 | O30: 0 | P30: 0
A31: 8 | C31: GD-AA | E31: 1087713 | F31: 0 | G31: 0 | H31: 0 | I31: 0 | J31: 0 | K31: 0 | L31: 750903 | M31: 750903 | N31: 0 | O31: 336810 | P31: 336810
A32: 7 | C32: CD-AA | E32: 35412540 | F32: 0 | G32: 0 | H32: 24828440 | I32: 24828440 | J32: 0 | K32: 0 | L32: 7333229 | M32: 7333229 | N32: 0 | O32: 3250871 | P32: 3250871
A33: 9 | C33: CD-WA / ID / AN | E33: 0 | F33: 0 | G33: 0 | H33: 0 | I33: 0 | J33: 0 | K33: 0 | L33: 0 | M33: 0 | N33: 0 | O33: 0 | P33: 0
C34: TOTAL ACCOUNT | E34: =SUM(E28:E33) -> 42441911 | F34: =SUM(F28:F33) -> 0 | G34: =SUM(G28:G33) -> 0 | H34: =SUM(H28:H33) -> 30770098 | I34: =SUM(I28:I33) -> 30770098 | J34: =SUM(J28:J33) -> 0 | K34: =SUM(K28:K33) -> 0 | L34: =SUM(L28:L33) -> 8084132 | ... P34: =SUM(P28:P33) -> 3587681
I35: =SUM(I32:I33) -> 24828440 | M35: =SUM(M32:M33) -> 7333229 | P35: =SUM(P32:P33) -> 3250871 | Q35: =SUM(M35:P35) -> 10584100
B36: 303110 | C36: Misc Intangible Plant--PC Software
A37: 99 | C37: ED-WA / ID / AN | E37: 7813329 | F37: 0 | G37: 0 | H37: 7813329 | I37: 7813329 | J37: 0 | K37: 0 | L37: 0 | M37: 0 | N37: 0 | O37: 0 | P37: 0
A38: 99 | C38: GD-WA / ID / AN | E38: 0 | F38: 0 | G38: 0 | H38: 0 | I38: 0 | J38: 0 | K38: 0 | L38: 0 | M38: 0 | N38: 0 | O38: 0 | P38: 0
A39: 99 | C39: GD-OR / AS | E39: 0 | F39: 0 | G39: 0 | H39: 0 | I39: 0 | J39: 0 | K39: 0 | L39: 0 | M39: 0 | N39: 0 | O39: 0 | P39: 0
A40: 8 | C40: GD-AA | E40: 0 | F40: 0 | G40: 0 | H40: 0 | I40: 0 | J40: 0 | K40: 0 | L40: 0 | M40: 0 | N40: 0 | O40: 0 | P40: 0
A41: 7 | C41: CD-AA | E41: 0 | F41: 0 | G41: 0 | H41: 0 | I41: 0 | J41: 0 | K41: 0 | L41: 0 | M41: 0 | N41: 0 | O41: 0 | P41: 0
A42: 9 | C42: CD-WA / ID / AN | E42: 0 | F42: 0 | G42: 0 | H42: 0 | I42: 0 | J42: 0 | K42: 0 | L42: 0 | M42: 0 | N42: 0 | O42: 0 | P42: 0
C43: TOTAL ACCOUNT | E43: 7813329 | F43: 0 | G43: 0 | H43: 7813329 | I43: 7813329 | J43: 0 | K43: 0 | L43: 0 | M43: 0 | N43: 0 | O43: 0 | P43: 0
I44: =SUM(I41:I42) -> 0 | M44: =SUM(M41:M42) -> 0 | P44: =SUM(P41:P42) -> 0 | Q44: =SUM(M44:P44) -> 0
B45: 303115 | C45: Misc Intangible Plant--PC Software
A46: 99 | C46: ED-WA / ID / AN | E46: 0 | F46: 0 | G46: 0 | H46: 0 | I46: 0 | J46: 0 | K46: 0 | L46: 0 | M46: 0 | N46: 0 | O46: 0 | P46: 0
A47: 99 | C47: GD-WA / ID / AN | E47: 0 | F47: 0 | G47: 0 | H47: 0 | I47: 0 | J47: 0 | K47: 0 | L47: 0 | M47: 0 | N47: 0 | O47: 0 | P47: 0
A48: 99 | C48: GD-OR / AS | E48: 0 | F48: 0 | G48: 0 | H48: 0 | I48: 0 | J48: 0 | K48: 0 | L48: 0 | M48: 0 | N48: 0 | O48: 0 | P48: 0
A49: 8 | C49: GD-AA | E49: 0 | F49: 0 | G49: 0 | H49: 0 | I49: 0 | J49: 0 | K49: 0 | L49: 0 | M49: 0 | N49: 0 | O49: 0 | P49: 0
A50: 7 | C50: CD-AA | E50: 98160456 | F50: 0 | G50: 0 | H50: 68822259 | I50: 68822259 | J50: 0 | K50: 0 | L50: 20327067 | M50: 20327067 | N50: 0 | O50: 9011130 | P50: 9011130
A51: 9 | C51: CD-WA / ID / AN | E51: 0 | F51: 0 | G51: 0 | H51: 0 | I51: 0 | J51: 0 | K51: 0 | L51: 0 | M51: 0 | N51: 0 | O51: 0 | P51: 0
C52: TOTAL ACCOUNT | E52: =SUM(E46:E51) -> 98160456 | F52: =SUM(F46:F51) -> 0 | G52: =SUM(G46:G51) -> 0 | H52: =SUM(H46:H51) -> 68822259 | I52: =SUM(I46:I51) -> 68822259 | J52: =SUM(J46:J51) -> 0 | K52: =SUM(K46:K51) -> 0 | L52: =SUM(L46:L51) -> 20327067 | ... P52: =SUM(P46:P51) -> 9011130
I53: =SUM(I50:I51) -> 68822259 | M53: =SUM(M50:M51) -> 20327067 | P53: =SUM(P50:P51) -> 9011130 | Q53: =SUM(M53:P53) -> 29338197
B54: 303120 | C54: Misc Intangible Plant--Software 12.5 YR
A55: 99 | C55: ED-WA / ID / AN | E55: 0 | F55: 0 | G55: 0 | H55: 0 | I55: 0 | J55: 0 | K55: 0 | L55: 0 | M55: 0 | N55: 0 | O55: 0 | P55: 0
A56: 99 | C56: GD-WA / ID / AN | E56: 0 | F56: 0 | G56: 0 | H56: 0 | I56: 0 | J56: 0 | K56: 0 | L56: 0 | M56: 0 | N56: 0 | O56: 0 | P56: 0
A57: 99 | C57: GD-OR / AS | E57: 0 | F57: 0 | G57: 0 | H57: 0 | I57: 0 | J57: 0 | K57: 0 | L57: 0 | M57: 0 | N57: 0 | O57: 0 | P57: 0
A58: 8 | C58: GD-AA | E58: 0 | F58: 0 | G58: 0 | H58: 0 | I58: 0 | J58: 0 | K58: 0 | L58: 0 | M58: 0 | N58: 0 | O58: 0 | P58: 0
A59: 7 | C59: CD-AA | E59: 29192891 | F59: 0 | G59: 0 | H59: 20467720 | I59: 20467720 | J59: 0 | K59: 0 | L59: 6045264 | M59: 6045264 | N59: 0 | O59: 2679907 | P59: 2679907
A60: 9 | C60: CD-WA / ID / AN | E60: 0 | F60: 0 | G60: 0 | H60: 0 | I60: 0 | J60: 0 | K60: 0 | L60: 0 | M60: 0 | N60: 0 | O60: 0 | P60: 0
C61: TOTAL ACCOUNT | E61: =SUM(E55:E60) -> 29192891 | F61: =SUM(F55:F60) -> 0 | G61: =SUM(G55:G60) -> 0 | H61: =SUM(H55:H60) -> 20467720 | I61: =SUM(I55:I60) -> 20467720 | J61: =SUM(J55:J60) -> 0 | K61: =SUM(K55:K60) -> 0 | L61: =SUM(L55:L60) -> 6045264 | ... P61: =SUM(P55:P60) -> 2679907
I62: =SUM(I59:I60) -> 20467720 | M62: =SUM(M59:M60) -> 6045264 | P62: =SUM(P59:P60) -> 2679907 | Q62: =SUM(M62:P62) -> 8725171
B63: 303121 | C63: Misc Intangible Plant--AMI Software
A64: 99 | C64: ED-WA / ID / AN | E64: 1779527 | F64: 1779527 | G64: 0 | H64: 0 | I64: 1779527 | J64: 0 | K64: 0 | L64: 0 | M64: 0 | N64: 0 | O64: 0 | P64: 0
A65: 99 | C65: GD-WA / ID / AN | E65: 0 | F65: 0 | G65: 0 | H65: 0 | I65: 0 | J65: 0 | K65: 0 | L65: 0 | M65: 0 | N65: 0 | O65: 0 | P65: 0
A66: 99 | C66: GD-OR / AS | E66: 0 | F66: 0 | G66: 0 | H66: 0 | I66: 0 | J66: 0 | K66: 0 | L66: 0 | M66: 0 | N66: 0 | O66: 0 | P66: 0
A67: 8 | C67: GD-AA | E67: 0 | F67: 0 | G67: 0 | H67: 0 | I67: 0 | J67: 0 | K67: 0 | L67: 0 | M67: 0 | N67: 0 | O67: 0 | P67: 0
A68: 7 | C68: CD-AA | E68: 83246 | F68: 0 | G68: 0 | H68: 58365 | I68: 58365 | J68: 0 | K68: 0 | L68: 17239 | M68: 17239 | N68: 0 | O68: 7642 | P68: 7642
A69: 9 | C69: CD-WA / ID / AN | E69: 3749705 | F69: 2892635 | G69: 0 | H69: 0 | I69: 2892635 | J69: 857070 | K69: 0 | L69: 0 | M69: 857070 | N69: 0 | O69: 0 | P69: 0
C70: TOTAL ACCOUNT | E70: =SUM(E64:E69) -> 5612478 | F70: =SUM(F64:F69) -> 4672162 | G70: =SUM(G64:G69) -> 0 | H70: =SUM(H64:H69) -> 58365 | I70: =SUM(I64:I69) -> 4730527 | J70: =SUM(J64:J69) -> 857070 | K70: =SUM(K64:K69) -> 0 | L70: =SUM(L64:L69) -> 17239 | ... P70: =SUM(P64:P69) -> 7642
I71: =SUM(I68:I69) -> 2951000 | M71: =SUM(M68:M69) -> 874309 | P71: =SUM(P68:P69) -> 7642 | Q71: =SUM(M71:P71) -> 881951
B72: 30313X | C72: Misc Intangible Plant--Term SAAS Software
A73: 99 | C73: ED-WA / ID / AN | E73: 389189 | F73: 0 | G73: 0 | H73: 389189 | I73: 389189 | J73: 0 | K73: 0 | L73: 0 | M73: 0 | N73: 0 | O73: 0 | P73: 0
A74: 99 | C74: GD-WA / ID / AN | E74: 0 | F74: 0 | G74: 0 | H74: 0 | I74: 0 | J74: 0 | K74: 0 | L74: 0 | M74: 0 | N74: 0 | O74: 0 | P74: 0
A75: 99 | C75: GD-OR / AS | E75: 0 | F75: 0 | G75: 0 | H75: 0 | I75: 0 | J75: 0 | K75: 0 | L75: 0 | M75: 0 | N75: 0 | O75: 0 | P75: 0
A76: 8 | C76: GD-AA | E76: 0 | F76: 0 | G76: 0 | H76: 0 | I76: 0 | J76: 0 | K76: 0 | L76: 0 | M76: 0 | N76: 0 | O76: 0 | P76: 0
A77: 7 | C77: CD-AA | E77: 22122818 | F77: 0 | G77: 0 | H77: 15510750 | I77: 15510750 | J77: 0 | K77: 0 | L77: 4581193 | M77: 4581193 | N77: 0 | O77: 2030875 | P77: 2030875
A78: 9 | C78: CD-WA / ID / AN | E78: 0 | F78: 0 | G78: 0 | H78: 0 | I78: 0 | J78: 0 | K78: 0 | L78: 0 | M78: 0 | N78: 0 | O78: 0 | P78: 0
C79: TOTAL ACCOUNT | E79: =SUM(E73:E78) -> 22512007 | F79: =SUM(F73:F78) -> 0 | G79: =SUM(G73:G78) -> 0 | H79: =SUM(H73:H78) -> 15899939 | I79: =SUM(I73:I78) -> 15899939 | J79: =SUM(J73:J78) -> 0 | K79: =SUM(K73:K78) -> 0 | L79: =SUM(L73:L78) -> 4581193 | ... P79: =SUM(P73:P78) -> 2030875
I80: =SUM(I77:I78) -> 15510750 | M80: =SUM(M77:M78) -> 4581193 | P80: =SUM(P77:P78) -> 2030875 | Q80: =SUM(M80:P80) -> 6612068
C81: TOTAL | E81: =+E52+E43+E34+E25+E16+E61+E70+E79 -> 378283495 | F81: =+F52+F43+F34+F25+F16+F61+F70+F79 -> 10892381 | G81: =+G52+G43+G34+G25+G16+G61+G70+G79 -> 0 | H81: =+H52+H43+H34+H25+H16+H61+H70+H79 -> 269136784 | I81: =+I52+I43+I34+I25+I16+I61+I70+I79 -> 280029165 | J81: =+J52+J43+J34+J25+J16+J61+J70+J79 -> 2083223 | K81: =+K52+K43+K34+K25+K16+K61+K70+K79 -> 771517 | L81: =+L52+L43+L34+L25+L16+L61+L70+L79 -> 65609065 | ... P81: =+P52+P43+P34+P25+P16+P61+P70+P79 -> 29790525 | Q81: =SUM(Q7:Q80) -> 94171546
I83: =SUM(I71,I62,I53,I26,I17,I80,I44,I35) -> 222188264
A85: ALLOCATION RATIOS:
A86: E-ALL | B86: 7 | C86: Elec/Gas North/Oregon 4-Factor | E86: 1 | H86: 0.70112 | L86: 0.20708 | O86: 0.0918
A87: E-ALL | B87: 8 | C87: Gas North/Oregon 4-Factor | E87: 1 | H87: 0 | L87: 0.69035 | O87: 0.30965
A88: E-ALL | B88: 9 | C88: Elec/Gas North 4-Factor | E88: 1 | H88: 0.77144 | L88: 0.22856 | O88: 0
A89: E-ALL | B89: 99 | C89: Not Allocated | E89: 0 | H89: 0 | L89: 0 | O89: 0
A94: RESULTS OF OPERATIONS | E94: Report ID: | H94: AVISTA UTILITIES
A95: COMMON GENERAL PLANT | E95: C-GPL-12E
A96: For Twelve Months Ended December 31, 2023 | H96: Electric Copy
A97: Ending Balance Basis
F98: ******************** ELECTRIC ************************** | J98: ******************** GAS NORTH ************************ | N98: ******************* OREGON GAS **********************
A99: Ref/Basis | B99: Account | C99: Description | E99: Total | F99: Direct-WA | G99: Direct-ID | H99: Allocated | I99: Total | J99: Direct-WA | K99: Direct-ID | L99: Allocated | M99: Total | N99: Direct-OR | O99: Allocated | P99: Total
B101: 389XXX | C101: Land & Land Rights
A102: 99 | C102: ED-WA / ID / AN | E102: 1083006 | F102: 122220 | G102: 362279 | H102: 598507 | I102: 1083006 | J102: 0 | K102: 0 | L102: 0 | M102: 0 | N102: 0 | O102: 0 | P102: 0
A103: 99 | C103: GD-WA / ID / AN | E103: 3071017 | F103: 0 | G103: 0 | H103: 0 | I103: 0 | J103: 3071017 | K103: 0 | L103: 0 | M103: 3071017 | N103: 0 | O103: 0 | P103: 0
A104: 99 | C104: GD-OR / AS | E104: 845517 | F104: 0 | G104: 0 | H104: 0 | I104: 0 | J104: 0 | K104: 0 | L104: 0 | M104: 0 | N104: 845517 | O104: 0 | P104: 845517
A105: 8 | C105: GD-AA | E105: 0 | F105: 0 | G105: 0 | H105: 0 | I105: 0 | J105: 0 | K105: 0 | L105: 0 | M105: 0 | N105: 0 | O105: 0 | P105: 0
A106: 7 | C106: CD-AA | E106: 12135088 | F106: 0 | G106: 0 | H106: 8508153 | I106: 8508153 | J106: 0 | K106: 0 | L106: 2512934 | M106: 2512934 | N106: 0 | O106: 1114001 | P106: 1114001
A107: 9 | C107: CD-WA / ID / AN | E107: 2327289 | F107: 678639 | G107: 337288 | H107: 779414 | I107: 1795341 | J107: 201076 | K107: 99936 | L107: 230936 | M107: 531948 | N107: 0 | O107: 0 | P107: 0
C108: TOTAL ACCOUNT | E108: =SUM(E102:E107) -> 19461917 | F108: =SUM(F102:F107) -> 800859 | G108: =SUM(G102:G107) -> 699567 | H108: =SUM(H102:H107) -> 9886074 | I108: =SUM(I102:I107) -> 11386500 | J108: =SUM(J102:J107) -> 3272093 | K108: =SUM(K102:K107) -> 99936 | L108: =SUM(L102:L107) -> 2743870 | ... P108: =SUM(P102:P107) -> 1959518
E109: =SUM(E106:E107) -> 14462377 | I109: =SUM(I106:I107) -> 10303494 | M109: =SUM(M106:M107) -> 3044882 | P109: =SUM(P106:P107) -> 1114001 | Q109: =SUM(M109:P109) -> 4158883
...

Sheet 1.3b Common Plt Acc. Depr
A2: RESULTS OF OPERATIONS | E2: Report ID: | H2: AVISTA UTILITIES
A3: ELECTRIC ACCUMULATED DEPRECIATION | E3: E-ADEP-12E
A4: For Twelve Months Ended December 31, 2023
A5: Ending Balance Basis
E7: Assigned or | F7: Assigned or | G7: Assigned or
D8: System | E8: Allocated | F8: Allocated | G8: Allocated | I8: ******** ELECTRIC ******** | L8: ******** WASHINGTON ******** | O8: ******** IDAHO ********
A9: Ref/Basis | D9: Total | E9: to Electric | F9: to Gas-North | G9: to Gas-South | H9: Direct | I9: Allocated | J9: Total | K9: Direct | L9: Allocated | M9: Total | N9: Direct | O9: Allocated | P9: Total
A10: Electric Production
A11: 1 | B11: Steam (ED-AN) | D11: -82023072 | E11: -82023072 | I11: -82023072 | J11: -82023072 | L11: -52888477 | M11: -52888477 | O11: -29134595 | P11: -29134595
B12: Steam (ED-ID) | D12: -100069993 | E12: -100069993 | H12: -100069993 | J12: -100069993 | N12: -100069993 | P12: -100069993
B13: Steam (ED-WA) | D13: -197154614 | E13: -197154614 | H13: -197154614 | J13: -197154614 | K13: -197154614 | M13: -197154614
A14: 1 | B14: Hydro (ED-AN) | D14: -203413600 | E14: -203413600 | I14: -203413600 | J14: -203413600 | L14: -131161089 | M14: -131161089 | O14: -72252511 | P14: -72252511
A15: 1 | B15: Other (ED-AN) | D15: -180021272 | E15: -180021272 | I15: -180021272 | J15: -180021272 | L15: -116077716 | M15: -116077716 | O15: -63943556 | P15: -63943556
A16: Total Electric Production | D16: =SUM(D11:D15) -> -762682551 | E16: =SUM(E11:E15) -> -762682551 | H16: =SUM(H11:H15) -> -297224607 | I16: =SUM(I11:I15) -> -465457944 | J16: =SUM(J11:J15) -> -762682551 | K16: =SUM(K11:K15) -> -197154614 | L16: =SUM(L11:L15) -> -300127282 | M16: =SUM(M11:M15) -> -497281896 | N16: =SUM(N11:N15) -> -100069993 | O16: =SUM(O11:O15) -> -165330662 | P16: =SUM(P11:P15) -> -265400655
A18: Electric Transmission
A19: 1 | B19: ED-AN | D19: -258289052 | E19: -258289052 | I19: -258289052 | J19: -258289052 | L19: -166544781 | M19: -166544781 | O19: -91744271 | P19: -91744271
B20: ED-ID | D20: -10870481 | E20: -10870481 | H20: -10870481 | J20: -10870481 | N20: -10870481 | P20: -10870481
B21: ED-WA | D21: -17242792 | E21: -17242792 | H21: -17242792 | J21: -17242792 | K21: -17242792 | M21: -17242792
A22: Total Electric Transmission | D22: =SUM(D19:D21) -> -286402325 | E22: =SUM(E19:E21) -> -286402325 | H22: =SUM(H19:H21) -> -28113273 | I22: =SUM(I19:I21) -> -258289052 | J22: =SUM(J19:J21) -> -286402325 | K22: =SUM(K19:K21) -> -17242792 | L22: =SUM(L19:L21) -> -166544781 | M22: =SUM(M19:M21) -> -183787573 | N22: =SUM(N19:N21) -> -10870481 | O22: =SUM(O19:O21) -> -91744271 | P22: =SUM(P19:P21) -> -102614752
A24: Electric Distribution
A25: 3 | B25: ED-AN | D25: -577679 | E25: -577679 | I25: -577679 | J25: -577679 | L25: -402145 | M25: -402145 | O25: -175534 | P25: -175534
B26: ED-ID | D26: -295908105 | E26: -295908105 | H26: -295908105 | J26: -295908105 | N26: -295908105 | P26: -295908105
B27: ED-WA | D27: -492331554 | E27: -492331554 | H27: -492331554 | J27: -492331554 | K27: -492331554 | M27: -492331554
A28: Total Electric Distribution | D28: =SUM(D25:D27) -> -788817338 | E28: =SUM(E25:E27) -> -788817338 | H28: =SUM(H25:H27) -> -788239659 | I28: =SUM(I25:I27) -> -577679 | J28: =SUM(J25:J27) -> -788817338 | K28: =SUM(K25:K27) -> -492331554 | L28: =SUM(L25:L27) -> -402145 | M28: =SUM(M25:M27) -> -492733699 | N28: =SUM(N25:N27) -> -295908105 | O28: =SUM(O25:O27) -> -175534 | P28: =SUM(P25:P27) -> -296083639
A30: Gas Underground Storage
B31: GD-AN | D31: -19980348 | F31: -19980348
B32: GD-OR | D32: -1773512 | G32: -1773512
A33: Total Gas Underground Storage | D33: =SUM(D31:D32) -> -21753860 | F33: =SUM(F31:F32) -> -19980348 | G33: =SUM(G31:G32) -> -1773512
A35: Gas Distribution
B36: GD-AN | D36: -2080935 | F36: -2080935
B37: GD-ID | D37: -107960786 | F37: -107960786
B38: GD-WA | D38: -202174606 | F38: -202174606
B39: GD-OR | D39: -149690561 | G39: -149690561
A40: Total Gas Distribution | D40: =SUM(D36:D39) -> -461906888 | F40: =SUM(F36:F39) -> -312216327 | G40: =SUM(G36:G39) -> -149690561
A42: General Plant
A43: 4 | B43: ED-AN | D43: -36984577 | E43: -36984577 | I43: -36984577 | J43: -36984577 | L43: -25409514 | M43: -25409514 | O43: -11575063 | P43: -11575063
B44: ED-ID | D44: -13778734 | E44: -13778734 | H44: -13778734 | J44: -13778734 | N44: -13778734 | P44: -13778734
B45: ED-WA | D45: -27325224 | E45: -27325224 | H45: -27325224 | J45: -27325224 | K45: -27325224 | M45: -27325224
A46: 7,4 | B46: CD-AA | D46: -110355496 | E46: -77372445 | F46: -22852416 | G46: -10130635 | I46: -77372445 | J46: -77372445 | L46: -53157191 | M46: -53157191 | O46: -24215254 | P46: -24215254
A47: 9,4 | B47: CD-AN | D47: -9087635 | E47: -7010474 | F47: -2077161 | I47: -7010474 | J47: -7010474 | L47: -4816406 | M47: -4816406 | O47: -2194068 | P47: -2194068
A48: 9 | B48: CD-ID | D48: -4288018 | E48: -3307906 | F48: -980112 | H48: -3307906 | J48: -3307906 | N48: -3307906 | P48: -3307906
A49: 9 | B49: CD-WA | D49: -9272971 | E49: -7153448 | F49: -2119523 | H49: -7153448 | J49: -7153448 | K49: -7153448 | M49: -7153448
A50: 8 | B50: GD-AA | D50: -2831367 | F50: -1954634 | G50: -876733
B51: GD-AN | D51: -3908982 | F51: -3908982
B52: GD-ID | D52: -2530602 | F52: -2530602
B53: GD-WA | D53: -13712114 | F53: -13712114
B54: GD-OR | D54: -5940275 | G54: -5940275
A55: Total General Plant | D55: =SUM(D43:D54) -> -240015995 | E55: =SUM(E43:E54) -> -172932808 | F55: =SUM(F43:F54) -> -50135544 | G55: =SUM(G43:G54) -> -16947643 | H55: =SUM(H43:H54) -> -51565312 | I55: =SUM(I43:I54) -> -121367496 | J55: =SUM(J43:J54) -> -172932808 | K55: =SUM(K43:K54) -> -34478672 | ... P55: =SUM(P43:P54) -> -55071025
A57: Total Accumulated Depr | D57: =SUM(D55,D40,D33,D28,D22,D16) -> -2561578957 | E57: =SUM(E55,E40,E33,E28,E22,E16) -> -2010835022 | F57: =SUM(F55,F40,F33,F28,F22,F16) -> -382332219 | G57: =SUM(G55,G40,G33,G28,G22,G16) -> -168411716 | H57: =SUM(H55,H40,H33,H28,H22,H16) -> -1165142851 | I57: =SUM(I55,I40,I33,I28,I22,I16) -> -845692171 | J57: =SUM(J55,J40,J33,J28,J22,J16) -> -2010835022 | K57: =SUM(K55,K40,K33,K28,K22,K16) -> -741207632 | ... P57: =SUM(P55,P40,P33,P28,P22,P16) -> -719170071
D59: =SUM(D46:D49) -> -133004120 | E59: =SUM(E46:E49) -> -94844273 | F59: =SUM(F46:F49) -> -28029212 | G59: =SUM(G46:G49) -> -10130635
A64: Allocation Ratios:
A65: Service - | E65: Electric | F65: Gas-North | G65: Gas-South | I65: Jurisdiction - | L65: Washington | O65: Idaho
A66: 7 | B66: Elec/Gas North/Oregon 4-Factor | E66: 0.70112 | F66: 0.20708 | G66: 0.0918 | I66: 1 | J66: Production/Transmission Ratio | L66: 0.6448 | O66: 0.3552
A67: 8 | B67: Gas North/Oregon 4-Factor | E67: 0 | F67: 0.69035 | G67: 0.30965 | I67: 3 | J67: Direct Distribution Operating Expense | L67: 0.69614 | O67: 0.30386
A68: 9 | B68: Elec/Gas North 4-Factor | E68: 0.77144 | F68: 0.22856 | G68: 0 | I68: 4 | J68: Jurisdictional 4-Factor Ratio | L68: 0.68703 | O68: 0.31297
A73: RESULTS OF OPERATIONS | E73: Report ID: | G73: AVISTA UTILITIES
A74: ELECTRIC ACCUMULATED AMORTIZATION | E74: E-AAMT-12E
A75: For Twelve Months Ended December 31, 2023
A76: Ending Balance Basis
E78: Assigned or | F78: Assigned or | G78: Assigned or
D79: System | E79: Allocated | F79: Allocated | G79: Allocated | I79: ******** ELECTRIC ******** | L79: ******** WASHINGTON ******** | O79: ******** IDAHO ********
A80: Ref/Basis | D80: Total | E80: to Electric | F80: to Gas-North | G80: to Gas-South | H80: Direct | I80: Allocated | J80: Total | K80: Direct | L80: Allocated | M80: Total | N80: Direct | O80: Allocated | P80: Total
A81: Production/Transmission
A82: 1 | B82: Franchises (302000) | C82: ED-AN | D82: -16570154 | E82: -16570154 | I82: -16570154 | J82: -16570154 | L82: -10684435 | M82: -10684435 | O82: -5885719 | P82: -5885719
A83: 1 | B83: Misc Intangible Plt (303000) | C83: ED-AN | D83: -3081969 | E83: -3081969 | I83: -3081969 | J83: -3081969 | L83: -1987254 | M83: -1987254 | O83: -1094715 | P83: -1094715
A84: Total Production/Transmission | D84: =SUM(D82:D83) -> -19652123 | E84: =SUM(E82:E83) -> -19652123 | I84: =SUM(I82:I83) -> -19652123 | J84: =SUM(J82:J83) -> -19652123 | L84: =SUM(L82:L83) -> -12671689 | M84: =SUM(M82:M83) -> -12671689 | O84: =SUM(O82:O83) -> -6980434 | P84: =SUM(P82:P83) -> -6980434
A86: Distribution
B87: Franchises (302000) | C87: ED-WA | D87: -503313 | E87: -503313 | H87: -503313 | J87: -503313 | K87: -503313 | M87: -503313
B88: Misc Intangible Plt (303000) | C88: ED-WA | D88: -72004 | E88: -72004 | H88: -72004 | J88: -72004 | K88: -72004 | M88: -72004
A89: Total Distribution | D89: =SUM(D87:D88) -> -575317 | E89: =SUM(E87:E88) -> -575317 | H89: =SUM(H87:H88) -> -575317 | J89: =SUM(J87:J88) -> -575317 | K89: =SUM(K87:K88) -> -575317 | M89: =SUM(M87:M88) -> -575317
A91: General Plant - 303000
A92: 7,4 | C92: CD-AA | D92: -5450622 | E92: -3821540 | F92: -1128715 | G92: -500367 | I92: -3821540 | J92: -3821540 | L92: -2625513 | M92: -2625513 | O92: -1196027 | P92: -1196027
A93: 9,1 | C93: CD-AN | D93: -155142 | E93: -119681 | F93: -35461 | I93: -119681 | J93: -119681 | L93: -77170 | M93: -77170 | O93: -42511 | P93: -42511
C94: GD-ID | D94: -174844 | F94: -174844
C95: GD-WA | D95: -340463 | F95: -340463
C96: GD-OR | D96: -135608 | G96: -135608
A97: Total General Plant - 303000 | D97: =SUM(D92:D96) -> -6256679 | E97: =SUM(E92:E96) -> -3941221 | F97: =SUM(F92:F96) -> -1679483 | G97: =SUM(G92:G96) -> -635975 | I97: =SUM(I92:I96) -> -3941221 | J97: =SUM(J92:J96) -> -3941221 | L97: =SUM(L92:L96) -> -2702683 | M97: =SUM(M92:M96) -> -2702683 | O97: =SUM(O92:O96) -> -1238538 | P97: =SUM(P92:P96) -> -1238538
A99: Miscellaneous IT Intangible Plant -3031XX
A100: 7,4 | C100: CD-AA | D100: -171340885 | E100: -120130521 | F100: -35481271 | G100: -15729093 | I100: -120130521 | J100: -120130521 | L100: -82533272 | M100: -82533272 | O100: -37597249 | P100: -37597249
A101: 9,4 | C101: CD-AN | D101: -510532 | E101: -393839 | F101: -116693 | I101: -393839 | J101: -393839 | L101: -270579 | M101: -270579 | O101: -123260 | P101: -123260
A102: 9 | C102: CD-ID | D102: 0 | E102: 0 | F102: 0 | H102: 0 | J102: 0 | M102: 0 | N102: 0 | P102: 0
A103: 9 | C103: CD-WA | D103: -3612161 | E103: -2786530 | F103: -825631 | H103: -2786530 | J103: -2786530 | K103: -2786530 | M103: -2786530 | N103: 0 | P103: 0
A104: 4 | C104: ED-AN | D104: -15838258 | E104: -15838258 | I104: -15838258 | J104: -15838258 | L104: -10881358 | M104: -10881358 | O104: -4956900 | P104: -4956900
C105: ED-ID | D105: 0 | E105: 0 | H105: 0 | J105: 0 | N105: 0 | P105: 0
C106: ED-WA | D106: -3326296 | E106: -3326296 | H106: -3326296 | J106: -3326296 | K106: -3326296 | M106: -3326296
A107: 8 | C107: GD-AA | D107: -322409 | F107: -222575 | G107: -99834
C108: GD-AN | D108: 0 | F108: 0
C109: GD-OR | D109: -83307 | G109: -83307
A110: Total Misc IT Intangible Plant - 3031XX | D110: =SUM(D100:D109) -> -195033848 | E110: =SUM(E100:E109) -> -142475444 | F110: =SUM(F100:F109) -> -36646170 | G110: =SUM(G100:G109) -> -15912234 | H110: =SUM(H100:H109) -> -6112826 | I110: =SUM(I100:I109) -> -136362618 | J110: =SUM(J100:J109) -> -142475444 | K110: =SUM(K100:K109) -> -6112826 | ... M110: =SUM(M100:M109) -> -99798035 | O110: =SUM(O100:O109) -> -42677409 | P110: =SUM(P100:P109) -> -42677409
A112: Gas Underground Storage
C113: GD-AN | D113: 0 | F113: 0
A114: Total Gas Underground Storage | D114: 0 | F114: 0
A116: General Plant - 390200, 396200
A117: 7,4 | C117: CD-AA | D117: 0 | E117: 0 | F117: 0 | G117: 0 | I117: 0 | J117: 0 | L117: 0 | M117: 0 | O117: 0 | P117: 0
A118: 9 | C118: CD-ID | D118: 0 | E118: 0 | F118: 0 | H118: 0 | J118: 0 | N118: 0 | P118: 0
A119: 9 | C119: CD-WA | D119: 0 | E119: 0 | F119: 0 | H119: 0 | J119: 0 | K119: 0 | M119: 0
A120: 4 | C120: ED-AN | D120: -1582237 | E120: -1582237 | I120: -1582237 | J120: -1582237 | L120: -1087044 | M120: -1087044 | O120: -495193 | P120: -495193
C121: ED-WA | D121: 0 | E121: 0 | H121: 0 | J121: 0 | K121: 0 | M121: 0
C122: GD-WA | D122: 0 | F122: 0
C123: GD-OR | D123: 0 | G123: 0
...

Sheet 1.3c Common Amort Exp
A1: RESULTS OF OPERATIONS | E1: Report ID: | H1: AVISTA UTILITIES
A2: ELECTRIC AMORTIZATION EXPENSE | E2: E-AMTX-12E
A3: For Twelve Months Ended December 31, 2023
A4: Ending Balance Basis
E6: Assigned or | F6: Assigned or | G6: Assigned or
D7: System | E7: Allocated | F7: Allocated | G7: Allocated | I7: ******** ELECTRIC ******** | L7: ******** WASHINGTON ******** | O7: ******** IDAHO ********
A8: Ref/Basis | D8: Total | E8: to Electric | F8: to Gas-North | G8: to Gas-South | H8: Direct | I8: Allocated | J8: Total | K8: Direct | L8: Allocated | M8: Total | N8: Direct | O8: Allocated | P8: Total
A9: Production/Transmission
A10: 1 | B10: Franchises (302000) | C10: ED-AN | D10: 918400 | E10: 918400 | I10: 918400 | J10: 918400 | L10: 592184 | M10: 592184 | O10: 326216 | P10: 326216
A11: 1 | B11: Misc Intangible Plt (303000) | C11: ED-AN | D11: 262754 | E11: 262754 | I11: 262754 | J11: 262754 | L11: 169424 | M11: 169424 | O11: 93330 | P11: 93330
A12: Total Production/Transmission | D12: =SUM(D10:D11) -> 1181154 | E12: =SUM(E10:E11) -> 1181154 | I12: =SUM(I10:I11) -> 1181154 | J12: =SUM(J10:J11) -> 1181154 | L12: =SUM(L10:L11) -> 761608 | M12: =SUM(M10:M11) -> 761608 | O12: =SUM(O10:O11) -> 419546 | P12: =SUM(P10:P11) -> 419546
A14: Distribution
B15: Franchises (302000) | C15: ED-WA | D15: 109887 | E15: 109887 | H15: 109887 | J15: 109887 | K15: 109887 | M15: 109887
B16: Misc Intangible Plt (303000) | C16: ED-WA | D16: 5866 | E16: 5866 | H16: 5866 | J16: 5866 | K16: 5866 | M16: 5866
A17: Total Distribution | D17: =SUM(D15:D16) -> 115753 | E17: =SUM(E15:E16) -> 115753 | H17: =SUM(H15:H16) -> 115753 | J17: =SUM(J15:J16) -> 115753 | K17: =SUM(K15:K16) -> 115753 | M17: =SUM(M15:M16) -> 115753
A19: General Plant - 303000
A20: 7,4 | C20: CD-AA | D20: 414834 | E20: 290848 | F20: 85904 | G20: 38082 | I20: 290848 | J20: 290848 | L20: 199821 | M20: 199821 | O20: 91027 | P20: 91027
A21: 9,1 | C21: CD-AN | D21: 9729 | E21: 7505 | F21: 2224 | I21: 7505 | J21: 7505 | L21: 4839 | M21: 4839 | O21: 2666 | P21: 2666
C22: GD-ID | D22: 14795 | F22: 14795
C23: GD-WA | D23: 24862 | F23: 24862
C24: GD-OR | D24: 6607 | G24: 6607
A25: Total General Plant - 303000 | D25: =SUM(D20:D24) -> 470827 | E25: =SUM(E20:E24) -> 298353 | F25: =SUM(F20:F24) -> 127785 | G25: =SUM(G20:G24) -> 44689 | I25: =SUM(I20:I24) -> 298353 | J25: =SUM(J20:J24) -> 298353 | L25: =SUM(L20:L24) -> 204660 | M25: =SUM(M20:M24) -> 204660 | O25: =SUM(O20:O24) -> 93693 | P25: =SUM(P20:P24) -> 93693
A27: Miscellaneous IT Intangible Plant - 3031XX
A28: 7,4 | C28: CD-AA | D28: 29913664 | E28: 21112466 | F28: 6136190 | G28: 2665008 | I28: 21112466 | J28: 21112466 | L28: 14607504 | M28: 14607504 | O28: 6504962 | P28: 6504962
A29: 9,4 | C29: CD-AN | D29: 86219 | E29: 67141 | F29: 19078 | I29: 67141 | J29: 67141 | L29: 46454 | M29: 46454 | O29: 20687 | P29: 20687
A30: 9,4 | C30: CD-ID | D30: 7834 | E30: 6101 | F30: 1733 | H30: 6101 | J30: 6101 | N30: 6101 | P30: 6101
A31: 9,4 | C31: CD-WA | D31: 3703616 | E31: 2884117 | F31: 819499 | H31: 2884117 | J31: 2884117 | K31: 2884117 | M31: 2884117 | P31: 0
A32: 4 | C32: ED-AN | D32: 2727532 | E32: 2727532 | I32: 2727532 | J32: 2727532 | L32: 1887152 | M32: 1887152 | O32: 840380 | P32: 840380
C33: ED-ID | D33: -32 | E33: -32 | H33: -32 | J33: -32 | N33: -32 | P33: -32
C34: ED-WA | D34: 227798 | E34: 227798 | H34: 227798 | J34: 227798 | K34: 227798 | M34: 227798
A35: 8 | C35: GD-AA | D35: 128573 | F35: 89713 | G35: 38860
C36: GD-AN | D36: 0 | F36: 0
C37: GD-OR | D37: 0 | G37: 0
A38: Total Miscellaneous IT Intangible Plt - 3031XX | D38: =SUM(D28:D37) -> 36795204 | E38: =SUM(E28:E37) -> 27025123 | F38: =SUM(F28:F37) -> 7066213 | G38: =SUM(G28:G37) -> 2703868 | H38: =SUM(H28:H37) -> 3117984 | I38: =SUM(I28:I37) -> 23907139 | J38: =SUM(J28:J37) -> 27025123 | K38: =SUM(K28:K37) -> 3111915 | ... P38: =SUM(P28:P37) -> 7372098
A40: Gas Underground Storage
C41: GD-AN | D41: 0 | F41: 0
A42: Total Gas Underground Storage | D42: 0 | F42: 0
A44: General Plant - 390200, 396200
A45: 7,4 | C45: CD-AA | D45: 0 | E45: 0 | F45: 0 | G45: 0 | I45: 0 | J45: 0 | L45: 0 | M45: 0 | O45: 0 | P45: 0
A46: 4 | C46: ED-AN | D46: 422431 | E46: 422431 | I46: 422431 | J46: 422431 | L46: 290223 | M46: 290223 | O46: 132208 | P46: 132208
C47: GD-OR | D47: 0 | G47: 0
A48: Total General Plant - 390200, 396200 | D48: =SUM(D45:D47) -> 422431 | E48: =SUM(E45:E47) -> 422431 | F48: =SUM(F45:F47) -> 0 | G48: =SUM(G45:G47) -> 0 | I48: =SUM(I45:I47) -> 422431 | J48: =SUM(J45:J47) -> 422431 | L48: =SUM(L41:L47) -> 290223 | M48: =SUM(M41:M47) -> 290223 | O48: =SUM(O41:O47) -> 132208 | P48: =SUM(P41:P47) -> 132208
A50: Total Amortization Expense | D50: =SUM(D48,D42,D38,D25,D17, D12) -> 38985369 | E50: =SUM(E48,E42,E38,E25,E17, E12) -> 29042814 | F50: =SUM(F48,F42,F38,F25,F17, F12) -> 7193998 | G50: =SUM(G48,G42,G38,G25,G17, G12) -> 2748557 | H50: =SUM(H48,H42,H38,H25,H17, H12) -> 3233737 | I50: =SUM(I48,I42,I38,I25,I17, I12) -> 25809077 | J50: =SUM(J48,J42,J38,J25,J17, J12) -> 29042814 | K50: =SUM(K48,K42,K38,K25,K17, K12) -> 3227668 | ... P50: =SUM(P48,P42,P38,P25,P17, P12) -> 8017545
A52: Allocation Ratios:
A53: Service - | E53: Electric | F53: Gas-North | G53: Gas-South | I53: Jurisdiction - | L53: Washington | O53: Idaho
A54: 7 | B54: Elec/Gas North/Oregon 4-Factor | E54: 0.70112 | F54: 0.20708 | G54: 0.0918 | I54: 1 | J54: Production/Transmission Ratio | L54: 0.6448 | O54: 0.3552
A55: 8 | B55: Gas North/Oregon 4-Factor | E55: 0 | F55: 0.69035 | G55: 0.30965 | I55: 4 | J55: Jurisdictional 4-Factor Ratio | L55: 0.68703 | O55: 0.31297
A56: 9 | B56: Elec/Gas North 4-Factor | E56: 0.77144 | F56: 0.22856 | G56: 0
A59: RESULTS OF OPERATIONS | E59: Report ID: | H59: AVISTA UTILITIES
A60: ELECTRIC DEPRECIATION EXPENSE | E60: E-DEPX-12E
A61: For Twelve Months Ended December 31, 2023
A62: Ending Balance Basis
E64: Assigned or | F64: Assigned or | G64: Assigned or
D65: System | E65: Allocated | F65: Allocated | G65: Allocated | I65: ******** ELECTRIC ******** | L65: ******** WASHINGTON ******** | O65: ******** IDAHO ********
A66: Ref/Basis | D66: Total | E66: to Electric | F66: to Gas-North | G66: to Gas-South | H66: Direct | I66: Allocated | J66: Total | K66: Direct | L66: Allocated | M66: Total | N66: Direct | O66: Allocated | P66: Total
A67: Electric Production
A68: 1 | B68: Steam (ED-AN) | D68: 4227705 | E68: 4227705 | I68: 4227705 | J68: 4227705 | L68: 2726024 | M68: 2726024 | O68: 1501681 | P68: 1501681
B69: Steam (ED-ID) | D69: 4369441 | E69: 4369441 | H69: 4369441 | J69: 4369441 | N69: 4369441 | P69: 4369441
B70: Steam (ED-WA) | D70: 11235468 | E70: 11235468 | H70: 11235468 | J70: 11235468 | K70: 11235468 | M70: 11235468
A71: 1 | B71: Hydro (ED-AN) | D71: 16632247 | E71: 16632247 | I71: 16632247 | J71: 16632247 | L71: 10724473 | M71: 10724473 | O71: 5907774 | P71: 5907774
A72: 1 | B72: Other (ED-AN) | D72: 11021689 | E72: 11021689 | I72: 11021689 | J72: 11021689 | L72: 7106785 | M72: 7106785 | O72: 3914904 | P72: 3914904
A73: Total Electric Production | D73: =SUM(D68:D72) -> 47486550 | E73: =SUM(E68:E72) -> 47486550 | H73: =SUM(H68:H72) -> 15604909 | I73: =SUM(I68:I72) -> 31881641 | J73: =SUM(J68:J72) -> 47486550 | K73: =SUM(K68:K72) -> 11235468 | L73: =SUM(L68:L72) -> 20557282 | M73: =SUM(M68:M72) -> 31792750 | N73: =SUM(N68:N72) -> 4369441 | O73: =SUM(O68:O72) -> 11324359 | P73: =SUM(P68:P72) -> 15693800
A75: Electric Transmission
A76: 1 | B76: ED-AN | D76: 20269922 | E76: 20269922 | I76: 20269922 | J76: 20269922 | L76: 13070046 | M76: 13070046 | O76: 7199876 | P76: 7199876
B77: ED-ID | D77: 272723 | E77: 272723 | H77: 272723 | J77: 272723 | N77: 272723 | P77: 272723
B78: ED-WA | D78: 522026 | E78: 522026 | H78: 522026 | J78: 522026 | K78: 522026 | M78: 522026
A79: Total Electric Transmission | D79: =SUM(D76:D78) -> 21064671 | E79: =SUM(E76:E78) -> 21064671 | H79: =SUM(H76:H78) -> 794749 | I79: =SUM(I76:I78) -> 20269922 | J79: =SUM(J76:J78) -> 21064671 | K79: =SUM(K76:K78) -> 522026 | L79: =SUM(L76:L78) -> 13070046 | M79: =SUM(M76:M78) -> 13592072 | N79: =SUM(N76:N78) -> 272723 | O79: =SUM(O76:O78) -> 7199876 | P79: =SUM(P76:P78) -> 7472599
A81: Electric Distribution
A82: 3 | B82: ED-AN | D82: 86671 | E82: 86671 | I82: 86671 | J82: 86671 | L82: 60335 | M82: 60335 | O82: 26336 | P82: 26336
B83: ED-ID | D83: 20587230 | E83: 20587230 | H83: 20587230 | J83: 20587230 | N83: 20587230 | P83: 20587230
B84: ED-WA | D84: 39835680 | E84: 39835680 | H84: 39835680 | J84: 39835680 | K84: 39835680 | M84: 39835680
A85: Total Electric Distribution | D85: =SUM(D82:D84) -> 60509581 | E85: =SUM(E82:E84) -> 60509581 | H85: =SUM(H82:H84) -> 60422910 | I85: =SUM(I82:I84) -> 86671 | J85: =SUM(J82:J84) -> 60509581 | K85: =SUM(K82:K84) -> 39835680 | L85: =SUM(L82:L84) -> 60335 | M85: =SUM(M82:M84) -> 39896015 | N85: =SUM(N82:N84) -> 20587230 | O85: =SUM(O82:O84) -> 26336 | P85: =SUM(P82:P84) -> 20613566
A87: Gas Underground Storage
B88: GD-AN | D88: 766986 | F88: 766986
B89: GD-OR | D89: 129752 | G89: 129752
A90: Total Gas Underground Storage | D90: =SUM(D88:D89) -> 896738 | F90: =SUM(F88:F89) -> 766986 | G90: =SUM(G88:G89) -> 129752
A92: Gas Distribution
B93: GD-AN | D93: 57432 | F93: 57432
B94: GD-ID | D94: 7217145 | F94: 7217145
B95: GD-WA | D95: 16993528 | F95: 16993528
B96: GD-OR | D96: 11025577 | G96: 11025577
A97: Total Gas Distribution | D97: =SUM(D93:D96) -> 35293682 | F97: =SUM(F93:F96) -> 24268105 | G97: =SUM(G93:G96) -> 11025577
A99: General Plant
A100: 4 | B100: ED-AN | D100: 2809853 | E100: 2809853 | I100: 2809853 | J100: 2809853 | L100: 1930453 | M100: 1930453 | O100: 879400 | P100: 879400
B101: ED-ID | D101: 521706 | E101: 521706 | H101: 521706 | J101: 521706 | N101: 521706 | P101: 521706
B102: ED-WA | D102: 1418464 | E102: 1418464 | H102: 1418464 | J102: 1418464 | K102: 1418464 | M102: 1418464
A103: 7,4 | B103: CD-AA | D103: 22402930 | E103: 15707142 | F103: 4639199 | G103: 2056589 | I103: 15707142 | J103: 15707142 | L103: 10791278 | M103: 10791278 | O103: 4915864 | P103: 4915864
A104: 9,4 | B104: CD-AN | D104: 765285 | E104: 590364 | F104: 174921 | I104: 590364 | J104: 590364 | L104: 405598 | M104: 405598 | O104: 184766 | P104: 184766
A105: 9 | B105: CD-ID | D105: 473544 | E105: 365306 | F105: 108238 | H105: 365306 | J105: 365306 | N105: 365306 | P105: 365306
A106: 9 | B106: CD-WA | D106: 2015781 | E106: 1555034 | F106: 460747 | H106: 1555034 | J106: 1555034 | K106: 1555034 | M106: 1555034
A107: 8 | B107: GD-AA | D107: 355402 | F107: 245352 | G107: 110050
B108: GD-AN | D108: 28729 | F108: 28729
B109: GD-ID | D109: 42632 | F109: 42632
B110: GD-WA | D110: 1095909 | F110: 1095909
B111: GD-OR | D111: 186516 | G111: 186516
A112: Total General Plant | D112: =SUM(D100:D111) -> 32116751 | E112: =SUM(E100:E111) -> 22967869 | F112: =SUM(F100:F111) -> 6795727 | G112: =SUM(G100:G111) -> 2353155 | H112: =SUM(H100:H111) -> 3860510 | I112: =SUM(I100:I111) -> 19107359 | J112: =SUM(J100:J111) -> 22967869 | K112: =SUM(K100:K111) -> 2973498 | ... P112: =SUM(P100:P111) -> 6867042
A114: Total Depreciation Expense | D114: =SUM(D112,D97,D90,D85,D79,D73) -> 197367973 | E114: =SUM(E112,E97,E90,E85,E79,E73) -> 152028671 | F114: =SUM(F112,F97,F90,F85,F79,F73) -> 31830818 | G114: =SUM(G112,G97,G90,G85,G79,G73) -> 13508484 | H114: =SUM(H112,H97,H90,H85,H79,H73) -> 80683078 | I114: =SUM(I112,I97,I90,I85,I79,I73) -> 71345593 | J114: =SUM(J112,J97,J90,J85,J79,J73) -> 152028671 | K114: =SUM(K112,K97,K90,K85,K79,K73) -> 54566672 | ... P114: =SUM(P112,P97,P90,P85,P79,P73) -> 50647007
A117: Allocation Ratios:
A118: Service - | E118: Electric | F118: Gas-North | G118: Gas-South | I118: Jurisdiction - | L118: Washington | O118: Idaho
A119: 7 | B119: Elec/Gas North/Oregon 4-Factor | E119: 0.70112 | F119: 0.20708 | G119: 0.0918 | I119: 1 | J119: Production/Transmission Ratio | L119: 0.6448 | O119: 0.3552
...

Sheet 1.4 Reg Assets
A1: Avista Corp. | L1: 1.4 Reg Assets
A2: BPA Appendix 1 - FY 23
A3: Other Regulatory Assets
A4: A/C 182.3
A6: Other Regulatory Assets (182.3) | B6: Page No | C6: Account No | D6: Funct Method | E6: Total | F6: Production | G6: Transmission | H6: Distribution | I6: Associated Liability? | J6: Description | K6: Authorizing Order(s) and/or Regulatory Support | L6: Attachments
A7: WA Excess Nat Gas Line Extension Allowance | E7: 2583244 | H7: =E7 -> 2583244 | J7: Relates to Gas operations.
A8: Reg Asset Post Ret Liab | B8: 232 | C8: 182.305 | D8: DIR-D | E8: 112462393 | H8: =E8 -> 112462393 | J8: This accrual is for our defined benefit pension and other post retirement plans. This is different from the above accrual because it requires us to measure the funded status of our benefit plans and record it here in other reg assets.
A9: Regulatory Asset FAS109 Utility Plant | B9: 232 | C9: 182.31&182.32 | D9: DIR-D | E9: 78172454 | H9: =E9 -> 78172454 | I9: Yes | J9: Income Tax accrual - Reflects the amount of taxes payable or refundable for the current year and deferred tax liabilities and assets for future years. | K9: Balance sheet only account
A10: Regulatory Asset FAS109 DSIT Non Plant | B10: 232 | C10: 182.315 | D10: DIR-D | E10: 2681673 | H10: =E10 -> 2681673 | I10: Yes | J10: Income Tax accrual - Reflects the amount of taxes payable or refundable for the current year and deferred tax liabilities and assets for future years. | K10: Balance sheet only account
A11: Regulatory Asset FAS109 WNP3 | B11: 232 | C11: 182.32 | D11: DIR-D | E11: 0 | H11: =E11 -> 0 | I11: Yes | K11: Balance sheet only account
A12: Regulatory Asset- Spokane River Relicense | B12: 232 | D12: DIR-P | E12: 0 | F12: =E12 -> 0 | J12: Related to Hydro system assign to production. | K12: UE-100467 Order 07
A13: Reg Assets-Decouplings Surcharge | B13: 232 | D13: DIR-D | E13: 2435722 | H13: =E13 -> 2435722 | J13: Amortization of prior deferred revenue.
A14: Reg Asset - Colstrip | B14: 232 | D14: DIR-D | E14: 19428968 | F14: =E14 -> 19428968 | J14: For Washington Electric,we are currently deferring ARO expenses. Amortization period to be determined. For Idaho Electric, amortization is for 34 years as per Order 34276,_x000D_ AVU-E-18-03. | K14: Order 34276, AVU-E-18-03.
A15: Commodity MTM LT Regulatory Asset | B15: 232 | C15: 182.374/75 | D15: Dir-D | E15: 0 | F15: =E15 -> 0 | H15: =E15 -> 0 | I15: Yes | J15: This account is for derivative instruments. They offset the liability for derivatives and regulatory liabilities. Therefore, the MTM transactions for reg. assets+ derivative assets +reg liabilities + derivative liabilities = 0.
A16: Regulatory Asset FAS143 Asset Retirement Obligation | B16: 232 | C16: 182.46 | D16: DIR-D | E16: 2298569 | H16: =E16 -> 2298569 | J16: Asset Retirement Obligations - These are retirement obligations that the utility has accrued for, the offsetting amt to the reserve is accounted for here. | K16: AVU-G-05-3 AVU-E-05-9, UE-051852 Order No. 1
A17: Reg Asset AN-CDA Lake Settlement | B17: 232 | C17: 182.3 | D17: DIR-P | E17: 36692352 | F17: =E17 -> 36692352 | J17: Related to Hydro system assign to production. | K17: UE-090134 Order 10
A18: Regulatory Asset Workers Comp | B18: 232 | C18: 182.76 | D18: DIR-D | E18: 1930165 | F18: 0 | G18: 0 | H18: =SUM(E18) -> 1930165 | J18: Workers Compensation costs
A19: Settled Interest Rate Swap Asset | B19: 232 | C19: 182.3 | E19: 179488399 | H19: =E19 -> 179488399 | J19: Interest Rate Swaps account
A20: DSM Asset | B20: 232 | C20: 182.3 | D20: Dir-D | E20: 10257486 | H20: =E20 -> 10257486 | I20: Yes | J20: Related to Demand Side Management - Please see the Company's recent filing in WA for it's DSM programs at http://www.avistautilities.com/services/energypricing/wa/Documents/Combined%20Filing.pdf
A21: Deferred ITC | C21: 182.3 | E21: 3602106 | H21: =E21 -> 3602106 | I21: Yes | J21: Relates to Nine Mile Generating Facility
A22: Regulatory Asset MDM System | C22: 182.337 | E22: 29345159 | H22: =E22 -> 29345159 | J22: MDM System (Distribution assets)
A23: Regulatory Asset BPA Residential Exchange | B23: 232 | C23: 182.36 | D23: Dir-D | E23: 1550215 | H23: =E23 -> 1550215 | J23: This account is put all to distribution as timing differences associated with past residential exchange benefits should not be included in the average system cost used to determine future residential exchange benefits.
A24: Regulatory Assets FISERV | B24: 232 | C24: 182.314 | E24: 170311 | F24: 0 | H24: =SUM(E24) -> 170311 | J24: Credit card payment for customers (distribution)
A25: Regulatory Assets - AFUDC & Equity DFIT | B25: 232 | C25: 182.3 | E25: 59066092 | H25: =E25 -> 59066092 | J25: Change to AFUDC due to FERC recommendation (audit)
A26: Regulatory Asset ID PCA Deferral - 1 year | B26: 232 | C26: 182.3 | E26: 7627491 | H26: =E26 -> 7627491
A27: Existing Meters/ERTS Retirement Def | B27: 232 | C27: 182.331 | E27: 17635170 | H27: =E27 -> 17635170 | J27: Washington Docket#s UE-180418 and UG-180419. Amortization period to be determined.
A28: Regulatory Asset Colstrip Community Fund | B28: 232 | C28: 182.3 | E28: 750000 | F28: =E28 -> 750000 | J28: WA Order 09 in Dockets UE-190222. Deferral of customer poriton for future rate recovery. The funds are set aside to help the Colstrip Community transition away from economic activity related to coal-fired generation.
A29: Regulatory Asset Covid-19 | B29: 232 | C29: 182.347 | E29: 657789 | F29: 0 | G29: 0 | H29: =SUM(E29) -> 657789 | I29: Yes | J29: Deferral of COVID-19 costs as per ID PUC Order no 34718, OR PUC Order no 20-401, Docket UM2069 and WA UTC order no. 01, Dockets UE-200407 and UG-200408
A30: Regulatory Asset Energy Imbalance Market | B30: 232 | C30: 182.3 | E30: 582599 | H30: =E30 -> 582599 | J30: ID PUC Order No 34606. Deferral of costs related to Avista's entry in the Energy Imbalance Market in March of 2022
A31: Regulatory Asset OR CAT Tax | B31: 232 | C31: 182.341 | E31: 10064 | H31: =E31 -> 10064 | J31: OR PUC Order No. 20-398, Docket UM-2042
A32: Regulatory Asset Wildfire Resiliency & Balancing | B32: 232 | C32: 182.344 | E32: 23737455 | F32: 0 | G32: 0 | H32: =E32 -> 23737455 | J32: Deferral of O&M wildfire expenses as per ID PUC order 34883 and WA Dockets UE-200900, UG-200901, and UE-200894
A33: Deferral for CS2 & Colstrip (O&M, Excess Depr) | B33: 232 | C33: 182.355 | E33: 2018257 | F33: =E33 -> 2018257 | J33: WA Order 09, Docket Nos. UE-190334, UG-190335, and UE-190222
A34: Regulatory Asset Tax Basis Flow through | B34: 232 | C34: 182.3 | E34: 145169206 | H34: =E34 -> 145169206 | I34: Yes | J34: WA order 01, Dockets UE-200895 and UG-200896, ID Case Nos. AVU-E-20-12 and AVU-G-20-07 Order No. 34906 and OR Docket no UM 2124 Order No 21-131 - Accounting method Change for federal income tax expense associated with Industry Director Directive No 5 mixed service costs for meters
A35: Regulatory Asset - Intervenor Fund Deferral | B35: 232 | C35: 182.357 | E35: 105939 | F35: 0 | G35: 0 | H35: =E35 -> 105939 | J35: WA Docket No UG-220596 and UE-220151
A36: Unrealized Currency Exchange | B36: 232 | C36: 182.3 | E36: 0 | J36: Recognition of other liability related to foreign exchange hedge rates over a two year period
A37: Regulatory Asset Commodity MTM ST & LT | B37: 232 | C37: 182.374/75 | E37: 69139449 | F37: 0 | H37: =E37 -> 69139449 | J37: WA Docket No UE-002066 and ID Order no 28648
A38: Regulatory Asset Energy Affordability Act | B38: 232 | C38: 182.354 | E38: 1301000 | H38: =E38 -> 1301000 | J38: Deferral of costs associated with OR House Bill 2475
A39: Regulatory Asset Insurance Balancing Acct | B39: 232 | C39: 182.359 | E39: 288789 | F39: 0 | G39: 0 | H39: =E39 -> 288789 | I39: Yes | J39: To defer costs above or below the baseline in accordance with Order No 10/04 Docket Nos UE-220053, UE-210854, and UG-220054
A40: Regulatory Asset - CPP | B40: 232 | C40: 182.361 | E40: 594833 | H40: =E40 -> 594833 | J40: To defer costs of compliance with the Climate Protection Plan pursuant to ORS 757.259 and OAR 860-027-0300(4). Docket No. UM2254
A41: Deferred Regulatory Fees | B41: 232 | C41: 182.343 | E41: 1915416 | F41: 0 | G41: 0 | H41: =E41 -> 1915416 | J41: OR Docket No UG415/Advice No. 21-06-G. Amortization of amounts deferred previously in Order No. 20-254 in UG 395. Wa Docket No UE-220892 and UG-220893 Order No. 1
A42: Regulatory Asset Pension Settlement Deferral | B42: 232 | C42: 182.358 | E42: 10841956 | F42: 0 | G42: 0 | H42: =E42 -> 10841956 | J42: To defer expected impacts associated with the occurrence fo pension events and amortization over 12 years - ID Case Nos. AVU-E-22-16 and AVU-G-22-08, WA Docket Nos UE-220898 and UG-220899, and OR UM 2267
A43: Regulatory Asset - CCA | B43: 232 | C43: 182.363 | E43: 46022329 | H43: =E43 -> 46022329 | I43: Yes | J43: To defer costs of compliance with the Climate Commitment Act in accordance with WAC 480-100-203(3) and WAC 480-90-203(3). Wa Docket No UG-220803
A44: WA ERM Deferral - Approved for Rebate | B44: 232 | C44: 182.352 | E44: 25478297 | H44: =E44 -> 25478297 | I44: Yes | J44: WA ERM Amortizing Deferral - Approved for Rebate Balance. Began amortizing 7/1/23
A45: Regulatory Asset - MT Riverbed Escrow Int | B45: 232 | C45: 182.377 | E45: 1613960 | F45: =E45 -> 1613960 | J45: Deferral for Montana Riverbed land lease agreement escrow release provisions following Avista and State of Montana Agreement on an updated balance owed
A46: Regulatory Asset - depreciation | B46: 232 | C46: 182.3 | E46: 511800 | H46: =E46 -> 511800 | J46: Difference between depreciation rates in GRC vs. effective date based on ID Order 35909 Dockets AVU-E-23-01 and AVU-G-23-01
A47: Regulatory Asset - CPP RNG | B47: 232 | C47: 182.378 | E47: 25000 | F47: 0 | H47: =E47 -> 25000 | J47: Order OR 23-145
A48: Total | E48: =SUM(E7:E47) -> 898192107 | F48: =SUM(F7:F47) -> 60503537 | G48: =SUM(G7:G47) -> 0 | H48: =SUM(H7:H47) -> 837688570
E49: ='[1]232'!L45 -> 898192107 | H49: =SUM(F48:H48)-E48 -> 0
A50: Note: | E50: =E48=E49 -> TRUE
A51: We did not comment on line items that were deemed immaterial, assigned to distribution, or was burdensome to provide detail.

Sheet 1.5 Misc. Def. Debits
A1: Avista Corp | L1: 1.5 Def. Debits
A2: BPA Appendix 1 - FY 23
A3: Miscellaneous Deferred Debits
A4: A/C 186
A6: Miscellaneous Deferred Debit Details | C6: Page No | D6: Account No | E6: Funct Method | F6: Total | G6: Production | H6: Transmission | I6: Distribution | J6: Description | K6: Authorizing Order(s) and/or Regulatory Support | L6: Attachments | N6: Total vs SUM of PTD
A8: Reg Asset - Battery Storage | B8: REG ASSET - BATTERY STORAGE | C8: 233 | D8: 186070 | E8: DIR-D | F8: 3422092.9 | G8: 0 | I8: =F8 -> 3422092.9 | J8: WA portion of allowed common AFUDC for the Colstrip generation facility it should be assigned to production. | K8: U-84 2nd Supplemental Order and 1988 Audit Exception moved it to 186 for remaining life of plant | N8: =F8-SUM(G8:I8) -> 0
A9: Plant Alloc of Clearing Journal | B9: PLANT ALLOC OF CLEARING JOURNALS | C9: 233 | D9: 186205 | E9: DIR-D | F9: 6207997.5 | G9: 0 | H9: 0 | I9: =F9 -> 6207997.5 | J9: ID portion of allowed common AFUDC for the Colstrip generation facility it should be assigned to production. | K9: acceptance of proposal, no specific order that documents accounting treatment. | N9: =F9-SUM(G9:I9) -> 0
A10: Reg Asset - ERM | B10: REGULATORY ASSET ERM DEFERRED CURRENT YEAR | C10: 233 | D10: 186280/186295 | E10: DIR-D | F10: 12160663 | I10: =F10 -> 12160663 | N10: =F10-SUM(G10:I10) -> 0
A11: WA REC Deferral | B11: MISC DEF DEBIT - WA REC 1/3 | C11: 233 | D11: 186322/323/324 | E11: DIR-P | F11: 412638.67 | G11: =F11 -> 412638.67 | J11: Relates to settlement costs relating to Hydro activities. | K11: ID - WWP-E-98-11, WA UE-991606 | N11: =F11-SUM(G11:I11) -> 0
A12: Reg Asset - Decoupling Deferred | B12: REG ASSET-DECOUPLING DEFERRED REV (& NON RES DECOUPLING DEF REV) | C12: 233 | D12: 186328/338 all | E12: DIR-D | F12: 9112109.5 | I12: =F12 -> 9112109.5 | J12: Related to Hydro - relicensing | K12: AVU-E-08-01 and AVU -G-08-01, Order 30647 | N12: =F12-SUM(G12:I12) -> 0
A13: Reg Asset - COVID 19 Deferral | B13: REG ASSET - COVID 19 DEFERRAL | C13: 233 | D13: 186347/348/349 | E13: DIR-D | F13: 11484555 | I13: =F13 -> 11484555 | N13: =F13-SUM(G13:I13) -> 0
A14: Reg Asset - CEIP | B14: REG ASSET - CEIP | C14: 233 | D14: 1186351 | E14: DIR-D | F14: 1033207.1 | G14: 0 | H14: 0 | I14: =F14 -> 1033207.1 | N14: =F14-SUM(G14:I14) -> 0
A15: Reg Asset - Williams Outage | B15: REG ASSET - WILLIAMS OUTAGE | C15: 233 | D15: 186353 | E15: DIR-D | F15: 10297716 | I15: =F15 -> 10297716 | N15: =F15-SUM(G15:I15) -> 0
A16: Misc Deferred Debits- Pension | B16: MISC DEFERRED DEBITS- Pension | C16: 233 | D16: 186500 | E16: DIR-D | F16: 33003989 | G16: 0 | H16: 0 | I16: =F16 -> 33003989 | J16: Allows for recovery of the fixed costs incurred independent of the amounts of electricity sold | K16: UE-140188 and UG-140189 | N16: =F16-SUM(G16:I16) -> 0
A17: Nez Perce Settlement | B17: REGULATORY ASSET NEZ PERCE SETTLEMENT | C17: 233 | D17: 186800/820 | E17: DIR-P | F17: 103561 | G17: =F17 -> 103561 | J17: Relates to Renewable generation - Buck A Block Program | N17: =F17-SUM(G17:I17) -> 0
A18: City of Post Falls Lease Pay | B18: Project - Individual Listing | C18: 233 | D18: 186200 | E18: DIR-P | F18: 126851.04 | G18: =F18 -> 126851.04 | N18: =F18-SUM(G18:I18) -> 0
A19: Post Falls HED Project 63 | B19: Project - Individual Listing | C19: 233 | D19: 186200 | E19: DIR-P | F19: 101120.54 | G19: =F19 -> 101120.54 | N19: =F19-SUM(G19:I19) -> 0
A20: Misc. Deferred Debits <$100,000 | B20: Suspense Projects/Deferred Charges, 186210,186320,186400,186410,186420,186460,186700,186900,186910 | C20: 233 | D20: 186200 & Various | E20: DIR-D | F20: 51401.63 | G20: 0 | I20: =F20 -> 51401.63 | N20: =F20-SUM(G20:I20) -> 0
A21: TOTAL | F21: =SUM(F8:F20) -> 87517903 | G21: =SUM(G8:G20) -> 744171.25 | H21: =SUM(H8:H20) -> 0 | I21: =SUM(I8:I20) -> 86773732 | N21: =SUM(N8:N20) -> 0
F22: =F21-'[1]233'!N23 -> 87517903
A23: Note: | F23: =F21-SUM(G21:I21) -> 0
A24: We did not comment on line items that were deemed immaterial, assigned to distribution, or was burdensome to provide detail.
A25: Avista may record regulatory asset in this account for internal accounting purposes or by order from state commissions.

Sheet 1.6 Misc. Def. Credits
A1: Avista Corp | I1: 1.6 Misc. Def. Credits
A2: BPA Appendix 1 - FY 26-28
A3: Other Deferred Credits
A4: A/C 253
A7: Other Deferred Credits | B7: FercPage No | C7: Funct Method | D7: Total | E7: Production | F7: Transmission | G7: Distribution | I7: Description | J7: Authorizing Order(s) and/or Regulatory Support
A8: Defer Gas Exchange(253028) | B8: 269 | C8: DIR-D | D8: 1406250 | G8: =D8 -> 1406250 | I8: Gas revenue deferral to collect cash payments during the summer. The Company books monthly revenue accrual to recognize in evenly throughout the year. This is a gas revenue deferral and therefore, was functionalized to Distribution/Other.
A9: Bills Pole Rentals (253140) | B9: 269 | C9: Dir-D | D9: 666361 | E9: - | F9: - | G9: =D9 -> 666361 | I9: Deferred Revenue for Pole Rentals - should be assigned to distribution
A10: Deferred Compensation Active Execs | B10: 269 | C10: LABOR | D10: 7793908 | G10: =D10 -> 7793908 | H10: -
A11: Amort. Unbilled Revenue Add-ons | B11: 269 | C11: DIR-D | D11: 4654027 | E11: - | F11: - | G11: =D11 -> 4654027 | I11: This is the amortization of unbilled revenue add-ons. These occur when expense offsets for adder schedule unbilled revenues are booked. These are reversed the following month and as revenue is billed the amortizations are subsequently recorded in their normal accounts.
A12: Decoupling Deferred Credits | B12: 269 | D12: 8466683 | G12: =D12 -> 8466683 | I12: Decoupling
A13: Reg Liability - Covid 19 Def | B13: 269 | D13: 7749100 | G13: =D13 -> 7749100 | I13: Deferral of Covid 19 costs as per Idaho PUC order No. 34718, Oregon PUC order no. 20-401, Docket UM 2036 and WA UTC order no 001, Dockets UE-200407 amd IG-200408
A14: WA REC Deferrals | B14: 269 | D14: 0 | E14: 0 | I14: WA Docket UE-190334, Sch 98
A15: Timber Harvest | B15: 269 | C15: DIR-D | D15: 226796 | G15: =D15 -> 226796
A16: Other Def Cr - Fiserv | B16: 269 | D16: 870702 | G16: =D16 -> 870702 | I16: Other deferred Credit - Fiserv
A17: Accts Pay - Software Licenses - LT | B17: 269 | D17: 1077496 | G17: =D17 -> 1077496 | I17: Deferred Liability for Software Licenses
A18: Misc Deferred Credits | B18: 269 | D18: 6920 | G18: =D18 -> 6920
A19: Total | D19: =SUM(D8:D18) -> 32918243 | E19: =SUM(E8:E12) -> 0 | F19: =SUM(F8:F12) -> 0 | G19: =SUM(G8:G18) -> 32918243
D20: =D19-SUM(E19:G19) -> 0
A21: Note:
A22: We did not comment on line items that were deemed immaterial, assigned to distribution, or was burdensome to provide detail.
A23: Avista may record regulatory liabilities in this account for internal accounting purposes or by order from state commissions.

Sheet 1.7 Reg Liabilities
A1: Avista Corp. | J1: 1.7 Reg Liabilities
A2: BPA Appendix 1 - FY 2023
A3: Other Regulatory Liabilities
A4: A/C 254
A5: Other Regulatory Liabilities | B5: Page No | C5: Funct Method | D5: Total | E5: Production | F5: Transmission | G5: Distribution | H5: Associated Asset? | I5: Description | J5: Authorizing Order(s) and/or Regulatory Support
A6: Idaho Investment Tax Credit (2540005) | B6: 278 | C6: DIR-D | D6: 7105476 | G6: =D6 -> 7105476 | I6: Idaho State Income Tax carry forwards to both Idaho and Oregon. Therefore, these are coded directly to distribution. | J6: No state commission rate order, amortization, or rate of return. This account is also offset with FERC account 190005.
A7: Interest Rate Swaps | B7: 278 | D7: 23751628 | G7: =D7 -> 23751628 | I7: Relates to Interest Rate Swaps
A8: Nez Perce - Reg Liability (254220) | B8: 278 | C8: Dir-P | D8: 440276 | E8: =D8 -> 440276 | F8: - | G8: - | I8: Timing issue, all Nez Perce settlement related items assigned to Production | J8: UE-991606
A9: Idaho Earnings Test | B9: 278 | D9: 572475 | G9: =D9 -> 572475 | I9: Account used for Avista earnings in excess of ROE targets. | J9: AVU-E-14-05 and AVU-G-14-01 Order No. 33130
A10: Decoupling Rebate | B10: 278 | C10: DIR-D | D10: 17998342 | G10: =D10 -> 17998342 | I10: Amortization of prior deferred revenue.
A11: WA ERM | B11: 278 | C11: DIR-D | D11: 0 | G11: =D11 -> 0 | I11: Energy Recovery Mechanism, even though this item is production related it is assigned to Distribution/Other as states allow interest to accrue on the balance but no rate base treatment.
A12: Deferred Federal ITC | B12: 278 | C12: DIR-D | D12: 7204302 | G12: =D12 -> 7204302 | H12: Yes | I12: From the Nine Mile upgrade that went into service in 2016.
A13: Plant Excess Deferred | B13: 278 | C13: DIR-D | D13: 301619229 | G13: =D13 -> 301619229 | I13: Amount of Excess Deferred Federal Income Tax from Tax reform act.
A14: Reg Liability MDM System | B14: 278 | C14: DIR-D | D14: 0 | G14: =D14 -> 0 | H14: Yes | I14: Meter Data Management System | K14: FALSE
A15: DSM Tariff Rider | B15: 278 | D15: 4987044 | G15: =D15 -> 4987044 | H15: Yes | I15: Same as DSM Reg Assets, except there is credit balance (This is FERC 242600)
A16: Low Income Energy Assistance | B16: 278 | D16: 5734024 | G16: =D16 -> 5734024 | I16: FERC Account 242770 - See LIRAP Filing
A17: Reg Liability - OR Tax Strategy Deferral | B17: 278 | D17: 569566 | G17: =D17 -> 569566 | I17: OR Docket No UM 2124. Deferral of Associated state tax savings
A18: Reg Liability - Tax Reform Amortization | B18: 278 | C18: DIR-D | D18: 139305 | G18: =D18 -> 139305 | I18: Returning tax reform related excess Deferred Federal Income Taxes to customers
A19: Reg Liabiligy - WA Rev Def of Power Supply | B19: 278 | D19: 0 | I19: Deferred liability for over-colleciton of authorized power supply cost revenue from Washington retail Customers
A20: Reg Liability - Energy Efficiency Assistance | B20: 278 | D20: 714598 | G20: =D20 -> 714598 | I20: Avista's contribution to the Energy Assistance Fund as per ID Settlement Stipulation Case #AVU-E-19-04
A21: Reg Liability - Covid - 19 Deferral | B21: 278 | C21: Dir_D | D21: 2807374 | G21: =D21 -> 2807374 | H21: Yes | I21: Defer of COVID-19 costs as per Idaho PUC order no. 20-401, Docket UM 2069 and WA UTC order no. 01, Dockets UE-200407 and UG-200408
A22: Reg Liability - Tax Customer Credit | B22: 278 | D22: 56253863 | G22: =D22 -> 56253863 | H22: Yes | I22: WA order 01, Dockets No. UE-200895 and UG-200896, ID Case Nos. AVU-E-20-12 and AVU-G-20-07 Order No. 34906 and OR Docket No UM 2124 Order No 21-131. Accounting method change for federal income tax from normalization flow-through for Industry Director Directive No. 5 mixed service costs and meters
A23: CS2 Insurance Proceeds Deferral | B23: 278 | C23: DIR-P | D23: 867237 | G23: =D23 -> 867237 | I23: Insurance proceeds for failed transformer at Coyote Springs per WA order UE-210893 Order 01
A24: Regulatory Liabilities - Other | B24: 278 | D24: 11147603 | G24: =D24 -> 11147603 | I24: State income tax NOL carryforward will revers over the period in which we are able to utilize the loss to offset taxable income on the ID, MT and OR tax returns
A25: Reg Liability - CCA | B25: 278 | C25: DIR-D | D25: 37231122 | G25: =D25 -> 37231122 | H25: Yes | I25: To defer costs of compliane with the Climate Commitment Act in accordance with WAC 480-100-203(3) and WAC 480-90-203(3)
A26: Inusrance Balancing Account | B26: 278 | C26: Dir_D | D26: 14854 | G26: =D26 -> 14854 | H26: Yes | I26: To defer costs above or below the baseline in accordance with order No. 10/04 Docket Nos UE-220053, UE-210854 and UG-220054
A27: Misc Regulatory Liabilities | B27: 278 | D27: 75597 | G27: =D27 -> 75597
A28: Total | D28: =SUM(D6:D27) -> 479233915 | E28: =SUM(E6:E27) -> 440276 | F28: =SUM(F6:F27) -> 0 | G28: =SUM(G6:G27) -> 478793639
D29: =D28-'278'!M24 -> 0 | G29: =SUM(E28:G28)-D28 -> 0
A30: Note:
A31: We did not comment on line items that were deemed immaterial, assigned to distribution, or was burdensome to provide detail.

Sheet Sch 1A - Cash Working Capital
A1: BONNEVILLE POWER ADMINISTRATION
A2: RESIDENTIAL PURCHASE AND SALE AGREEMENT
A3: 2008 Average System Cost Methodology (ASCM) Appendix 1
A5: TOC | B5: UTILITY NAME: | C5: ='Sch 1- Rate Base '!$E$5 -> Utility Name | F5: BPA Reviews:
B6: End of Year Report Period: | C6: ='Sch 1- Rate Base '!$E$6 -> 2023 | F6: ='Sch 1- Rate Base '!I6
B7: ASC Filing Date: | C7: ='Sch 1- Rate Base '!$E$7 -> 45446 | F7: ='Sch 1- Rate Base '!I7
A10: Schedule 1A: Cash Working Capital (f)
A11: (Automatic Input from Schedule 3- Expenses)
A12: Account Description | C12: Total | D12: Production | E12: Transmission | F12: Distribution/ Other
A14: Cash Working Capital Calculation:
B15: Total Production O&M | C15: ='Sch 3 - Expenses'!G36 -> 485623392 | D15: ='Sch 3 - Expenses'!H36 -> 485623392 | E15: ='Sch 3 - Expenses'!I36 -> 0 | F15: ='Sch 3 - Expenses'!J36 -> 0
B16: Total Transmission O&M (i) | C16: ='Sch 3 - Expenses'!G42 -> 33665618 | D16: ='Sch 3 - Expenses'!H42 -> 19063436 | E16: ='Sch 3 - Expenses'!I42 -> 0 | F16: ='Sch 3 - Expenses'!J42 -> 14602182
B17: Total Distribution O&M | C17: ='Sch 3 - Expenses'!G47 -> 56024785 | D17: ='Sch 3 - Expenses'!H47 -> 0 | E17: ='Sch 3 - Expenses'!I47 -> 0 | F17: ='Sch 3 - Expenses'!J47 -> 56024785
B18: Total Customer & Sales | C18: ='Sch 3 - Expenses'!G55 -> 43420872 | D18: ='Sch 3 - Expenses'!H55 -> 0 | E18: ='Sch 3 - Expenses'!I55 -> 0 | F18: ='Sch 3 - Expenses'!J55 -> 43420872
B19: Total Administrative and General O&M | C19: ='Sch 3 - Expenses'!G75 -> 1.2252742e+08 | D19: ='Sch 3 - Expenses'!H75 -> 38573198 | E19: ='Sch 3 - Expenses'!I75 -> 0 | F19: ='Sch 3 - Expenses'!J75 -> 83954222
B20: Less Purchased Power, Public Purpose Charge, REP Reversal, Fuel Costs | C20: ='Sch 3 - Expenses'!G16+'Sch 3 - Expenses'!G20+'Sch 3 - Expenses'!G27+'Sch 3 - Expenses'!G31+'Sch 3 - Expenses'!G34+'Sch 3 - Expenses'!G35+G30 -> 408512831 | D20: ='Sch 3 - Expenses'!H16+'Sch 3 - Expenses'!H20+'Sch 3 - Expenses'!H27+'Sch 3 - Expenses'!H31+'Sch 3 - Expenses'!H34+'Sch 3 - Expenses'!H35+H30 -> 408512831 | E20: ='Sch 3 - Expenses'!I16+'Sch 3 - Expenses'!I20+'Sch 3 - Expenses'!I27+'Sch 3 - Expenses'!I31+'Sch 3 - Expenses'!I34+'Sch 3 - Expenses'!I35 -> 0 | F20: ='Sch 3 - Expenses'!J16+'Sch 3 - Expenses'!J20+'Sch 3 - Expenses'!J27+'Sch 3 - Expenses'!J31+'Sch 3 - Expenses'!J34+'Sch 3 - Expenses'!J35 -> 0
A21: Revised Total O&M Expenses | C21: =SUM(C15:C19)-C20 -> 3.3274926e+08 | D21: =SUM(D15:D19)-D20 -> 1.3474719e+08 | E21: =SUM(E15:E19)-E20 -> 0 | F21: =SUM(F15:F19)-F20 -> 1.9800206e+08
A23: One-Eighth Revised Total O&M Expenses
A24: Allowable Functionalized Cash Working Capital | C24: =C21/8 -> 41593657 | D24: =D21/8 -> 16843399 | E24: =E21/8 -> 0 | F24: =F21/8 -> 24750258
B30: Account 557 Disallowed Amounts | G30: =+'3.2 557 Detail'!J36 -> 29805671 | H30: =G30 -> 29805671

Sheet Sch 2 -Rate of Return
A1: BONNEVILLE POWER ADMINISTRATION
A2: RESIDENTIAL PURCHASE AND SALE AGREEMENT
A3: 2008 Average System Cost Methodology (ASCM) Appendix 1
A5: TOC | C5: UTILITY NAME: | D5: ='Sch 1- Rate Base '!$E$5 -> Utility Name | H5: BPA Reviews:
A6: é | C6: End of Year Report Period: | D6: ='Sch 1- Rate Base '!$E$6 -> 2023 | H6: ='Sch 1- Rate Base '!I6
C7: ASC Filing Date: | D7: ='Sch 1- Rate Base '!$E$7 -> 45446 | H7: ='Sch 1- Rate Base '!I7
A8: Schedule 2: Capital Structure and Rate of Return (b)
D10: SUMMARY (for use by ASC Forecast Model)
D11: Single-Jurisdiction Investor-Owned Utility Return Calculation: | E11: =E35 -> 0
D12: Multi-Jurisdiction Investor-Owned Utility Return Calculation: | E12: =E90 -> 0.083054676
D13: Consumer-Owned Utility Return Calculation: | E13: =E118 -> 0
D14: Rate of Return : | E14: =SUM(E11:E13) -> 0.083054676
A16: Single-Jurisdiction Investor-Owned Utility Return Calculation
A18: Step 1: Weighted Cost of Capital from Most Recent State Commission Rate Order
A19: Note: Multi-jurisdictional utilities must begin on Page 2
A20: Publicly-owned utilities must begin on Page 4
B22: Capitalization Structure | D22: Effective Cost
A23: Component | B23: Amount | C23: Percent | D23: Embedded | E23: Weighted
A24: Debt | C24: 0 | E24: =ROUNDUP(D24*C24,5) -> 0
A25: Preferred Equity | C25: 0 | E25: =ROUNDUP(D25*C25,5) -> 0
A26: Common Equity | C26: 0 | E26: =ROUNDUP(D26*C26,5) -> 0
A27: Weighted Cost of Capital | B27: =SUM(B24:B26) -> 0 | C27: =IF($B$27=0,0,B27/$B$27) -> 0 | E27: =SUM(E24:E26) -> 0
A29: Step 2: Gross Up Equity Return for Federal Income Taxes
A31: Federal Income Tax Rate (21% during Base Period) | D31: 0.21
A32: Federal Income Tax Factor | E32: =(E27-(E24))*(D31/(1-D31)) -> 0
A33: {(ROR – (Embedded Cost of Debt * (Debt / (Total Capital))} * {(Federal Tax Rate / (1- Federal Tax Rate)}
A35: Federal Income Tax Adjusted Weighted Cost of Capital | E35: =E27+E32 -> 0
A36: (Weighted Cost of Capital Plus Federal Income Tax Factor)
A38: Step 3: Calculate Return on Rate Base
E39: Total | F39: Production | G39: Transmission | H39: Other
A40: Total Rate Base from Schedule 1 | E40: ='Sch 1- Rate Base '!G161 -> 3.8355557e+09 | F40: ='Sch 1- Rate Base '!H161 -> 1.0991539e+09 | G40: ='Sch 1- Rate Base '!I161 -> 0 | H40: ='Sch 1- Rate Base '!J161 -> 2.7364018e+09
A41: Federal Income Tax Adjusted Weighted Cost of Capital | E41: =$E$35 -> 0 | F41: =$E$35 -> 0 | G41: =$E$35 -> 0 | H41: =$E$35 -> 0
A42: Federal Income Tax Adjusted Return on Rate Base | E42: =E41*E40 -> 0 | F42: =F41*F40 -> 0 | G42: =G41*G40 -> 0 | H42: =H41*H40 -> 0
A43: (Total Rate Base * Federal Income Tax Adjusted Weighted Cost of Capital)
A47: Multi-Jurisdiction Investor-Owned Utility Return Calculation
A48: Step 1:
A49: Weighted Cost of Capital from Most Recent State Commission Rate Order in Jurisdiction 1
B51: Capitalization Structure | D51: Effective Cost | F51: Jurisdictional | G51: Effective Cost -
A52: Component | B52: Amount | C52: Percent | D52: Embedded | E52: Weighted | F52: Allocation | G52: Weighted State Allocation
A53: Debt | B53: 51.5 | C53: 0.515 | D53: 0.048 | E53: 0.0247 | F53: 0.6706 | G53: =E53*$F$53 -> 0.01656382 | H53: =C53*$F$53 -> 0.345359
A54: Preferred Equity | C54: 0 | E54: =ROUNDUP(D54*C54,5) -> 0 | G54: =E54*$F$53 -> 0 | H54: =C54*$F$53 -> 0
A55: Common Equity | B55: 48.5 | C55: 0.485 | D55: 0.094 | E55: 0.0456 | G55: =E55*$F$53 -> 0.03057936 | H55: =C55*$F$53 -> 0.325241
A56: Weighted Cost of Capital | B56: =SUM(B53:B55) -> 100 | C56: =SUM(C53:C55) -> 1 | E56: =SUM(E53:E55) -> 0.0703 | G56: =SUM(G53:G55) -> 0.04714318 | H56: =SUM(H53:H55) -> 0.6706
A58: Weighted Cost of Capital from Most Recent State Commission Rate Order in Jurisdiction 2
A60: Component | B60: Amount | C60: Percent | D60: Embedded | E60: Weighted
A61: Debt | B61: 50 | C61: 0.5 | D61: 0.0497 | E61: 0.02485 | F61: 0.3294 | G61: =E61*$F$61 -> 0.00818559 | H61: =C61*$F$61 -> 0.1647
A62: Preferred Equity | C62: =IF($B$64=0,0,B62/$B$64) -> 0 | E62: =ROUNDUP(D62*C62,5) -> 0 | G62: =E62*$F$61 -> 0 | H62: =C62*$F$61 -> 0
A63: Common Equity | B63: 50 | C63: 0.5 | D63: 0.094 | E63: 0.047 | G63: =E63*$F$61 -> 0.0154818 | H63: =C63*$F$61 -> 0.1647
A64: Weighted Cost of Capital | B64: =SUM(B61:B63) -> 100 | C64: =SUM(C61:C63) -> 1 | E64: =SUM(E61:E63) -> 0.07185 | G64: =SUM(G61:G63) -> 0.02366739 | H64: =SUM(H61:H63) -> 0.3294
A66: Weighted Cost of Capital from Most Recent State Commission Rate Order in Jurisdiction 3
A68: Component | B68: Amount | C68: Percent | D68: Embedded | E68: Weighted
A69: Debt | C69: =IF($B$72=0,0,B69/$B$72) -> 0 | E69: =ROUNDUP(D69*C69,5) -> 0 | F69: =IF(B77=0,"0",B77/$B$78) -> 0 | G69: =E69*$F$69 -> 0 | H69: =C69*$F$69 -> 0
A70: Preferred Equity | C70: =IF($B$72=0,0,B70/$B$72) -> 0 | E70: =ROUNDUP(D70*C70,5) -> 0 | G70: =E70*$F$69 -> 0 | H70: =C70*$F$69 -> 0
A71: Common Equity | C71: =IF($B$72=0,0,B71/$B$72) -> 0 | E71: =ROUNDUP(D71*C71,5) -> 0 | G71: =E71*$F$69 -> 0 | H71: =C71*$F$69 -> 0
A72: Weighted Cost of Capital | B72: =SUM(B69:B71) -> 0 | C72: =SUM(C69:C71) -> 0 | E72: =SUM(E69:E71) -> 0 | G72: =SUM(G69:G71) -> 0 | H72: =SUM(H69:H71) -> 0
A74: Jurisdiction | B74: Rate Base | C74: Weighted cost | D74: % | E74: Weighted Return
A75: WASHINGTON | B75: 1684913 | C75: =E56 -> 0.0703 | D75: =C75*F53 -> 0.04714318 | E75: =$D$78*B75 -> 119309.65 | G75: =G56 -> 0.04714318
A76: IDAHO | B76: 827750 | C76: =E64 -> 0.07185 | D76: =C76*F61 -> 0.02366739 | E76: =$D$78*B76 -> 58613.449 | G76: =G64 -> 0.02366739
C77: =E72 -> 0 | D77: =C77*F69 -> 0 | E77: =$D$78*B77 -> 0 | G77: =G72 -> 0
A78: Total | B78: =SUM(B75:B77) -> 2512663 | D78: =SUM(D75:D77) -> 0.07081057 | E78: =SUM(E75:E77) -> 177923.1 | F78: =SUM(F53:F77) -> 1 | G78: =SUM(G75:G77) -> 0.07081057
A81: Multi-Jurisdiction Investor-Owned Utility Return Calculation (continued)
A84: Step 2: Gross Up Equity Return for Federal Income Taxes
A86: Federal Income Tax Rate (21% during Base Period) | D86: 0.21
A87: Federal Income Tax Factor | E87: =(G78-(G53+G61+G69))*(D86/(1-D86)) -> 0.012244106
A88: {(ROR – (Embedded Cost of Debt * (Debt / (Total Capital))} * {(Federal Tax Rate / (1- Federal Tax Rate)}
A90: Federal Income Tax Adjusted Weighted Cost of Capital | E90: =G78+E87 -> 0.083054676
A91: (Weighted Cost of Capital Plus Federal Income Tax Factor)
A93: Step 3: Calculate Return on Rate Base
E94: Total | F94: Production | G94: Transmission | H94: Other
A96: Total Rate Base from Schedule 1 | E96: ='Sch 1- Rate Base '!G161 -> 3.8355557e+09 | F96: ='Sch 1- Rate Base '!H161 -> 1.0991539e+09 | G96: ='Sch 1- Rate Base '!I161 -> 0 | H96: ='Sch 1- Rate Base '!J161 -> 2.7364018e+09
A97: Federal Income Tax Adjusted Weighted Cost of Capital | E97: =$E$90 -> 0.083054676 | F97: =$E$90 -> 0.083054676 | G97: =$E$90 -> 0.083054676 | H97: =$E$90 -> 0.083054676
A98: Federal Income Tax Adjusted Return on Rate Base | E98: =E97*E96 -> 3.1856084e+08 | F98: =F97*F96 -> 91289874 | G98: =G97*G96 -> 0 | H98: =H97*H96 -> 2.2727097e+08
A99: (Total Rate Base * Federal Income Tax Adjusted Weighted Cost of Capital)
A101: Consumer-Owned Utility Return Calculation
A103: Step 1: Weighted Cost of Debt
B107: Original | C107: Year | D107: Year | E107: Interest | F107: Interest
A108: Debt Issue | B108: Amount | C108: Issued | D108: Due | E108: Rate | F108: Expense
F109: =E109*B109 -> 0
F110: =E110*B110 -> 0
F111: =E111*B111 -> 0
F112: =E112*B112 -> 0
F113: =E113*B113 -> 0
F114: =E114*B114 -> 0
F115: =E115*B115 -> 0
F116: =E116*B116 -> 0
F117: =E117*B117 -> 0
A118: Weighted Cost of Debt | B118: =SUM(B109:B117) -> 0 | E118: =IF(B118=0,0,F118/B118) -> 0 | F118: =SUM(F109:F117) -> 0
A121: Step 2: Calculate Return on Rate Base
E122: Total | F122: Production | G122: Transmission | H122: Other
A123: Total Rate Base from Schedule 1 | E123: ='Sch 1- Rate Base '!G161 -> 3.8355557e+09 | F123: ='Sch 1- Rate Base '!H161 -> 1.0991539e+09 | G123: ='Sch 1- Rate Base '!I161 -> 0 | H123: ='Sch 1- Rate Base '!J161 -> 2.7364018e+09
A124: Weighted Cost of Debt | E124: =$E$118 -> 0 | F124: =$E$118 -> 0 | G124: =$E$118 -> 0 | H124: =$E$118 -> 0
A125: Return on Rate Base | E125: =E124*E123 -> 0 | F125: =F124*F123 -> 0 | G125: =G124*G123 -> 0 | H125: =H124*H123 -> 0

Sheet 2.1 Authorized ROR
B1: Authorized Rates of Return
A4: Washington Electric
A5: General Case Order in 2022 (UE-220053) | E5: *Request copies of commission order with reference to specific language approving data below.
A6: effective 12/21/2022
D7: ProForma
B8: Capital | C8: ProForma | D8: Weighted
A9: Component | B9: Structure | C9: Cost | D9: Cost
A10: L/T Debt | B10: 0.515 | C10: 0.048 | D10: =B10*C10 -> 0.02472
A11: S/T Debt | B11: 0 | C11: 0 | D11: =B11*C11 -> 0
A12: S/T Debt | B12: 0 | C12: 0 | D12: =B12*C12 -> 0
A13: Pref Stock | B13: 0 | C13: 0 | D13: =B13*C13 -> 0
A14: Common | B14: 0.485 | C14: 0.094 | D14: =B14*C14 -> 0.04559
A15: Total | B15: =SUM(B10:B14) -> 1 | D15: =SUM(D10:D14) -> 0.07031
C17: CF | D17: 0.755294
A20: Idaho Electric
A21: General Case Settlement in 2023 (AVU-E-23-01)
A22: effective 09/01/2023
D23: ProForma
B24: Capital | C24: ProForma | D24: Weighted
A25: Component | B25: Structure | C25: Cost | D25: Cost
A26: L/T Debt | B26: 0.5 | C26: 0.0497 | D26: =B26*C26 -> 0.02485
A27: S/T Debt | B27: 0 | C27: 0 | D27: =B27*C27 -> 0
A28: Pref Trust | D28: =B28*C28 -> 0
A29: Pref Stock | D29: =B29*C29 -> 0
A30: Common | B30: 0.5 | C30: 0.094 | D30: =B30*C30 -> 0.047
A31: Total | B31: =SUM(B26:B30) -> 1 | D31: =SUM(D26:D30) -> 0.07185
A32: (excludes short-term debt)
C33: CF | D33: 0.787016

Sheet Sch 3 - Expenses
A1: BONNEVILLE POWER ADMINISTRATION
A2: RESIDENTIAL PURCHASE AND SALE AGREEMENT
A3: 2008 Average System Cost Methodology (ASCM) Appendix 1
A5: TOC | D5: UTILITY NAME: | E5: ='Sch 1- Rate Base '!$E$5 -> Utility Name | I5: BPA Reviews:
A6: é | D6: End of Year Report Period: | E6: ='Sch 1- Rate Base '!$E$6 -> 2023 | I6: ='Sch 1- Rate Base '!I6
D7: ASC Filing Date: | E7: ='Sch 1- Rate Base '!$E$7 -> 45446 | I7: ='Sch 1- Rate Base '!I7
A9: Schedule 3: Expenses
A11: Account Description | C11: Form 1 | E11: Functionalization | G11: Total | H11: Production | I11: Transmission | J11: Distribution/ Other | L11: Production | M11: Transmission | N11: Distribution/ Other
C12: Page | D12: Account | E12: Method
C13: Number | D13: Numbers | E13: Default | F13: Optional
A14: Power Production Expenses:
B15: Steam Power Generation
B16: Steam Power - Fuel | C16: 320-323 | D16: 501 | E16: PROD | G16: ='320-323'!H6 -> 46052299 | H16: =VLOOKUP($E16,Ratio,2,FALSE)*$G16 -> 46052299 | I16: =VLOOKUP($E16,Ratio,3,FALSE)*$G16 -> 0 | J16: =VLOOKUP($E16,Ratio,4,FALSE)*$G16 -> 0
B17: Steam Power - Operations (Excluding 501 - Fuel) | C17: 320-323 | D17: 500-509 | E17: PROD | G17: ='320-323'!H14-G16 -> 12263177 | H17: =VLOOKUP($E17,Ratio,2,FALSE)*$G17 -> 12263177 | I17: =VLOOKUP($E17,Ratio,3,FALSE)*$G17 -> 0 | J17: =VLOOKUP($E17,Ratio,4,FALSE)*$G17 -> 0
B18: Steam Power - Maintenance | C18: 320-323 | D18: 510-515 | E18: PROD | G18: ='320-323'!H21 -> 10563065 | H18: =VLOOKUP($E18,Ratio,2,FALSE)*$G18 -> 10563065 | I18: =VLOOKUP($E18,Ratio,3,FALSE)*$G18 -> 0 | J18: =VLOOKUP($E18,Ratio,4,FALSE)*$G18 -> 0
B19: Nuclear Power Generation
B20: Nuclear - Fuel | C20: 320-323 | D20: 518 | E20: PROD | G20: 0 | H20: =VLOOKUP($E20,Ratio,2,FALSE)*$G20 -> 0 | I20: =VLOOKUP($E20,Ratio,3,FALSE)*$G20 -> 0 | J20: =VLOOKUP($E20,Ratio,4,FALSE)*$G20 -> 0
B21: Nuclear - Operation ( Excluding 518 - Fuel) | C21: 320-323 | D21: 517-525 | E21: PROD | G21: 0 | H21: =VLOOKUP($E21,Ratio,2,FALSE)*$G21 -> 0 | I21: =VLOOKUP($E21,Ratio,3,FALSE)*$G21 -> 0 | J21: =VLOOKUP($E21,Ratio,4,FALSE)*$G21 -> 0
B22: Nuclear - Maintenance | C22: 320-323 | D22: 528-532 | E22: PROD | G22: 0 | H22: =VLOOKUP($E22,Ratio,2,FALSE)*$G22 -> 0 | I22: =VLOOKUP($E22,Ratio,3,FALSE)*$G22 -> 0 | J22: =VLOOKUP($E22,Ratio,4,FALSE)*$G22 -> 0
B23: Hydraulic Power Generation
B24: Hydraulic - Operation | C24: 320-323 | D24: 535-540.1 | E24: PROD | G24: ='320-323'!H51 -> 29951984 | H24: =VLOOKUP($E24,Ratio,2,FALSE)*$G24 -> 29951984 | I24: =VLOOKUP($E24,Ratio,3,FALSE)*$G24 -> 0 | J24: =VLOOKUP($E24,Ratio,4,FALSE)*$G24 -> 0
B25: Hydraulic - Maintenance | C25: 320-323 | D25: 541-545.1 | E25: PROD | G25: ='320-323'!H59 -> 5501093 | H25: =VLOOKUP($E25,Ratio,2,FALSE)*$G25 -> 5501093 | I25: =VLOOKUP($E25,Ratio,3,FALSE)*$G25 -> 0 | J25: =VLOOKUP($E25,Ratio,4,FALSE)*$G25 -> 0
B26: Other Power Generation
B27: Other Power - Fuel | C27: 320-323 | D27: 547 | E27: PROD | G27: ='320-323'!H64 -> 116227146 | H27: =VLOOKUP($E27,Ratio,2,FALSE)*$G27 -> 116227146 | I27: =VLOOKUP($E27,Ratio,3,FALSE)*$G27 -> 0 | J27: =VLOOKUP($E27,Ratio,4,FALSE)*$G27 -> 0
B28: Other Power - Operations (Excluding 547 - Fuel) | C28: 320-323 | D28: 546-550.1 | E28: PROD | G28: ='320-323'!H68-G27 -> 5842028 | H28: =VLOOKUP($E28,Ratio,2,FALSE)*$G28 -> 5842028 | I28: =VLOOKUP($E28,Ratio,3,FALSE)*$G28 -> 0 | J28: =VLOOKUP($E28,Ratio,4,FALSE)*$G28 -> 0
B29: Other Power - Maintenance | C29: 320-323 | D29: 551-554.1 | E29: PROD | G29: ='320-323'!H74 -> 3782274 | H29: =VLOOKUP($E29,Ratio,2,FALSE)*$G29 -> 3782274 | I29: =VLOOKUP($E29,Ratio,3,FALSE)*$G29 -> 0 | J29: =VLOOKUP($E29,Ratio,4,FALSE)*$G29 -> 0
B30: Other Power Supply Expenses
B31: Purchased Power (Excluding REP Reversal) | C31: 320-323 | D31: 555 | E31: PROD | G31: ='3-YEAR PP & OSS Worksheet'!D21 -> 216427715 | H31: =VLOOKUP($E31,Ratio,2,FALSE)*$G31 -> 216427715 | I31: =VLOOKUP($E31,Ratio,3,FALSE)*$G31 -> 0 | J31: =VLOOKUP($E31,Ratio,4,FALSE)*$G31 -> 0
B32: System Control and Load Dispatching | C32: 320-323 | D32: 556 | E32: PROD | G32: ='320-323'!H79 -> 764664 | H32: =VLOOKUP($E32,Ratio,2,FALSE)*$G32 -> 764664 | I32: =VLOOKUP($E32,Ratio,3,FALSE)*$G32 -> 0 | J32: =VLOOKUP($E32,Ratio,4,FALSE)*$G32 -> 0
B33: Other Expenses | C33: 320-323 | D33: 557 | E33: PROD | G33: ='320-323'!H80 -> 38247947 | H33: =VLOOKUP($E33,Ratio,2,FALSE)*$G33 -> 38247947 | I33: =VLOOKUP($E33,Ratio,3,FALSE)*$G33 -> 0 | J33: =VLOOKUP($E33,Ratio,4,FALSE)*$G33 -> 0
B34: BPA REP Reversal | C34: 326-327 | D34: 555 | E34: PROD | G34: 0 | H34: =VLOOKUP($E34,Ratio,2,FALSE)*$G34 -> 0 | I34: =VLOOKUP($E34,Ratio,3,FALSE)*$G34 -> 0 | J34: =VLOOKUP($E34,Ratio,4,FALSE)*$G34 -> 0
B35: Public Purpose Charges (h) | E35: DIRECT | F35: DIST | H35: =IF($E35="DIRECT",$L35,VLOOKUP($E35,Ratio,2,FALSE)*$G35) -> 0 | I35: =IF($E35="DIRECT",$M35,VLOOKUP($E35,Ratio,3,FALSE)*$G35) -> 0 | J35: =IF($E35="DIRECT",$N35,VLOOKUP($E35,Ratio,4,FALSE)*$G35) -> 0
A36: Total Production Expense | G36: =SUM(G16:G35) -> 485623392 | H36: =SUM(H16:H35) -> 485623392 | I36: =SUM(I16:I35) -> 0 | J36: =SUM(J16:J35) -> 0
A38: Transmission Expenses: (i)
B39: Transmission of Electricity by Others (Wheeling) | C39: 320-323 | D39: 565 | E39: prod | G39: ='320-323'!H98 -> 19063436 | H39: =VLOOKUP($E39,Ratio,2,FALSE)*$G39 -> 19063436 | I39: =VLOOKUP($E39,Ratio,3,FALSE)*$G39 -> 0 | J39: =VLOOKUP($E39,Ratio,4,FALSE)*$G39 -> 0
B40: Total Operations less Wheeling | C40: 320-323 | D40: 560-567.1 | E40: TRANS | G40: ='320-323'!H101-G39 -> 10227273 | H40: =VLOOKUP($E40,Ratio,2,FALSE)*$G40 -> 0 | I40: =VLOOKUP($E40,Ratio,3,FALSE)*$G40 -> 0 | J40: =VLOOKUP($E40,Ratio,4,FALSE)*$G40 -> 10227273
B41: Total Maintenance | C41: 320-323 | D41: 568-574 | E41: TRANS | G41: ='320-323'!H113 -> 4374909 | H41: =VLOOKUP($E41,Ratio,2,FALSE)*$G41 -> 0 | I41: =VLOOKUP($E41,Ratio,3,FALSE)*$G41 -> 0 | J41: =VLOOKUP($E41,Ratio,4,FALSE)*$G41 -> 4374909
A42: Total Transmission Expense | G42: =SUM(G39:G41) -> 33665618 | H42: =SUM(H39:H41) -> 19063436 | I42: =SUM(I39:I41) -> 0 | J42: =SUM(J39:J41) -> 14602182
A44: Distribution Expense:
B45: Total Operations | C45: 320-323 | D45: 580-589 | E45: DIST | G45: ='320-323'!H146 -> 23429072 | H45: =VLOOKUP($E45,Ratio,2,FALSE)*$G45 -> 0 | I45: =VLOOKUP($E45,Ratio,3,FALSE)*$G45 -> 0 | J45: =VLOOKUP($E45,Ratio,4,FALSE)*$G45 -> 23429072
B46: Total Maintenance | C46: 320-323 | D46: 590-598 | E46: DIST | G46: ='320-323'!H157 -> 32595713 | H46: =VLOOKUP($E46,Ratio,2,FALSE)*$G46 -> 0 | I46: =VLOOKUP($E46,Ratio,3,FALSE)*$G46 -> 0 | J46: =VLOOKUP($E46,Ratio,4,FALSE)*$G46 -> 32595713
A47: Total Distribution Expense | G47: =SUM(G45:G46) -> 56024785 | H47: =SUM(H45:H46) -> 0 | I47: =SUM(I45:I46) -> 0 | J47: =SUM(J45:J46) -> 56024785
A49: Customer and Sales Expenses:
B50: Total Customer Accounts | C50: 320-323 | D50: 901-905 | E50: DIST | G50: ='320-323'!H166 -> 10411205 | H50: =VLOOKUP($E50,Ratio,2,FALSE)*$G50 -> 0 | I50: =VLOOKUP($E50,Ratio,3,FALSE)*$G50 -> 0 | J50: =VLOOKUP($E50,Ratio,4,FALSE)*$G50 -> 10411205
B51: Customer Service and Information | C51: 320-323 | D51: 906-907 | E51: DIST | G51: ='320-323'!H169 -> 0 | H51: =VLOOKUP($E51,Ratio,2,FALSE)*$G51 -> 0 | I51: =VLOOKUP($E51,Ratio,3,FALSE)*$G51 -> 0 | J51: =VLOOKUP($E51,Ratio,4,FALSE)*$G51 -> 0
B52: Customer Assistance Expenses (Major only) | C52: 320-323 | D52: 908 | E52: Direct | F52: DIRECT | G52: ='320-323'!H170 -> 31870071 | I52: =IF($E52="DIRECT",$M52,VLOOKUP($E52,Ratio,3,FALSE)*$G52) -> 0 | J52: =G52 -> 31870071
B53: Customer Service and Information | C53: 320-323 | D53: 909-910 | E53: DIST | F53: DIRECT | G53: ='320-323'!H171+'320-323'!H172 -> 1095949.5 | H53: =IF($E53="DIRECT",$L53,VLOOKUP($E53,Ratio,2,FALSE)*$G53) -> 0 | I53: =IF($E53="DIRECT",$M53,VLOOKUP($E53,Ratio,3,FALSE)*$G53) -> 0 | J53: =IF($E53="DIRECT",$N53,VLOOKUP($E53,Ratio,4,FALSE)*$G53) -> 1095949.5
B54: Total Sales Expense | C54: 320-323 | D54: 911-917 | E54: DIST | G54: ='320-323'!H180 -> 43646 | H54: =VLOOKUP($E54,Ratio,2,FALSE)*$G54 -> 0 | I54: =VLOOKUP($E54,Ratio,3,FALSE)*$G54 -> 0 | J54: =VLOOKUP($E54,Ratio,4,FALSE)*$G54 -> 43646
A55: Total Customer and Sales Expenses | G55: =SUM(G50:G54) -> 43420872 | H55: =SUM(H50:H54) -> 0 | I55: =SUM(I50:I54) -> 0 | J55: =SUM(J50:J54) -> 43420872
A57: Administration and General Expense:
B58: Operation
B59: Administration and General Salaries | C59: 320-323 | D59: 920 | E59: LABOR | G59: ='320-323'!H183 -> 32491999 | H59: =VLOOKUP($E59,Ratio,2,FALSE)*$G59 -> 11894367 | I59: =VLOOKUP($E59,Ratio,3,FALSE)*$G59 -> 0 | J59: =VLOOKUP($E59,Ratio,4,FALSE)*$G59 -> 20597632
B60: Office Supplies & Expenses | C60: 320-323 | D60: 921 | E60: LABOR | G60: ='320-323'!H184 -> 3924957.9 | H60: =VLOOKUP($E60,Ratio,2,FALSE)*$G60 -> 1436811.9 | I60: =VLOOKUP($E60,Ratio,3,FALSE)*$G60 -> 0 | J60: =VLOOKUP($E60,Ratio,4,FALSE)*$G60 -> 2488146
B61: (Less) Administration Expenses Transferred - Credit | C61: 320-323 | D61: 922 | E61: LABOR | G61: ='320-323'!H185*-1 -> 114021.94 | H61: =VLOOKUP($E61,Ratio,2,FALSE)*$G61 -> 41740.085 | I61: =VLOOKUP($E61,Ratio,3,FALSE)*$G61 -> 0 | J61: =VLOOKUP($E61,Ratio,4,FALSE)*$G61 -> 72281.855
B62: Outside Services Employed | C62: 320-323 | D62: 923 | E62: LABOR | G62: ='320-323'!H186 -> 14933869 | H62: =VLOOKUP($E62,Ratio,2,FALSE)*$G62 -> 5466850.9 | I62: =VLOOKUP($E62,Ratio,3,FALSE)*$G62 -> 0 | J62: =VLOOKUP($E62,Ratio,4,FALSE)*$G62 -> 9467017.7
B63: Property Insurance | C63: 320-323 | D63: 924 | E63: PTDG | G63: ='320-323'!H187 -> 2806700.8 | H63: =VLOOKUP($E63,Ratio,2,FALSE)*$G63 -> 893155.9 | I63: =VLOOKUP($E63,Ratio,3,FALSE)*$G63 -> 0 | J63: =VLOOKUP($E63,Ratio,4,FALSE)*$G63 -> 1913544.9
B64: Injuries and Damages | C64: 320-323 | D64: 925 | E64: labor | G64: ='320-323'!H188 -> 10784299 | H64: =VLOOKUP($E64,Ratio,2,FALSE)*$G64 -> 3947815.1 | I64: =VLOOKUP($E64,Ratio,3,FALSE)*$G64 -> 0 | J64: =VLOOKUP($E64,Ratio,4,FALSE)*$G64 -> 6836483.4
B65: Employee Pensions & Benefits | C65: 320-323 | D65: 926 | E65: LABOR | G65: ='320-323'!H189 -> 28096654 | H65: =VLOOKUP($E65,Ratio,2,FALSE)*$G65 -> 10285360 | I65: =VLOOKUP($E65,Ratio,3,FALSE)*$G65 -> 0 | J65: =VLOOKUP($E65,Ratio,4,FALSE)*$G65 -> 17811294
B66: Franchise Requirements | C66: 320-323 | D66: 927 | E66: DIST | G66: ='320-323'!H190 -> 1200 | H66: =VLOOKUP($E66,Ratio,2,FALSE)*$G66 -> 0 | I66: =VLOOKUP($E66,Ratio,3,FALSE)*$G66 -> 0 | J66: =VLOOKUP($E66,Ratio,4,FALSE)*$G66 -> 1200
B67: Regulatory Commission Expenses | C67: 320-323 | D67: 928 | E67: DIST | G67: ='320-323'!H191 -> 8387545.1 | H67: =VLOOKUP($E67,Ratio,2,FALSE)*$G67 -> 0 | I67: =VLOOKUP($E67,Ratio,3,FALSE)*$G67 -> 0 | J67: =VLOOKUP($E67,Ratio,4,FALSE)*$G67 -> 8387545.1
B68: (Less) Duplicate Charges - Credit | C68: 320-323 | D68: 929 | E68: PTDG | G68: ='320-323'!H192 -> 0 | H68: =VLOOKUP($E68,Ratio,2,FALSE)*$G68 -> 0 | I68: =VLOOKUP($E68,Ratio,3,FALSE)*$G68 -> 0 | J68: =VLOOKUP($E68,Ratio,4,FALSE)*$G68 -> 0
B69: General Advertising Expenses | C69: 320-323 | D69: 930.1 | E69: DIST | F69: DIRECT | G69: ='320-323'!H193 -> 0 | H69: =IF($E69="DIRECT",$L69,VLOOKUP($E69,Ratio,2,FALSE)*$G69) -> 0 | I69: =IF($E69="DIRECT",$M69,VLOOKUP($E69,Ratio,3,FALSE)*$G69) -> 0 | J69: =IF($E69="DIRECT",$N69,VLOOKUP($E69,Ratio,4,FALSE)*$G69) -> 0 | L69: =+'3.1 908 Detail'!J36 -> 21004287 | N69: =+'3.1 908 Detail'!J37 -> 10865783
B70: Miscellaneous General Expenses | C70: 320-323 | D70: 930.2 | E70: DIST | F70: DIRECT | G70: ='320-323'!H194 -> 5644866 | H70: =IF($E70="DIRECT",$L70,VLOOKUP($E70,Ratio,2,FALSE)*$G70) -> 0 | I70: =IF($E70="DIRECT",$M70,VLOOKUP($E70,Ratio,3,FALSE)*$G70) -> 0 | J70: =IF($E70="DIRECT",$N70,VLOOKUP($E70,Ratio,4,FALSE)*$G70) -> 5644866
B71: Rents | C71: 320-323 | D71: 931 | E71: DIST | G71: ='320-323'!H195 -> 938930 | H71: =VLOOKUP($E71,Ratio,2,FALSE)*$G71 -> 0 | I71: =VLOOKUP($E71,Ratio,3,FALSE)*$G71 -> 0 | J71: =VLOOKUP($E71,Ratio,4,FALSE)*$G71 -> 938930
B72: Transportation Expenses (Non Major) | C72: 320-324 | D72: 933 | E72: DIST | G72: ='320-323'!H197 -> 0 | H72: =VLOOKUP($E72,Ratio,2,FALSE)*$G72 -> 0 | I72: =VLOOKUP($E72,Ratio,3,FALSE)*$G72 -> 0 | J72: =VLOOKUP($E72,Ratio,4,FALSE)*$G72 -> 0
B73: Maintenance
B74: Maintenance of General Plant | C74: 320-323 | D74: 935 | E74: GPM | G74: ='320-323'!H198 -> 14630422 | H74: =VLOOKUP($E74,Ratio,2,FALSE)*$G74 -> 4690577 | I74: =VLOOKUP($E74,Ratio,3,FALSE)*$G74 -> 0 | J74: =VLOOKUP($E74,Ratio,4,FALSE)*$G74 -> 9939845
A75: Total Administration and General Expenses | G75: =SUM(G59:G60,G62:G67,G69:G72,G74)-G61-G68 -> 1.2252742e+08 | H75: =SUM(H59:H60,H62:H67,H69:H72,H74)-H61-H68 -> 38573198 | I75: =SUM(I59:I60,I62:I67,I69:I72,I74)-I61-I68 -> 0 | J75: =SUM(J59:J60,J62:J67,J69:J72,J74)-J61-J68 -> 83954222
A77: Total Operations and Maintenance | G77: =G36+G42+G47+G55+G75 -> 7.4126209e+08 | H77: =H36+H42+H47+H55+H75 -> 5.4326003e+08 | I77: =I36+I42+I47+I55+I75 -> 0 | J77: =J36+J42+J47+J55+J75 -> 1.9800206e+08
A78: (Total Expenses: Production + Transmission + Distribution + Customer and Sales +Total Administration and General Expenses)
A80: Depreciation and Amortization:
B81: Amortization of Intangible Plant - Account 301 | C81: 336 | D81: 404 | E81: DIST | H81: =VLOOKUP($E81,Ratio,2,FALSE)*$G81 -> 0 | I81: =VLOOKUP($E81,Ratio,3,FALSE)*$G81 -> 0 | J81: =VLOOKUP($E81,Ratio,4,FALSE)*$G81 -> 0
B82: Amortization of Intangible Plant - Account 302 | C82: 336 | D82: 404 | E82: DIRECT | F82: PTD | G82: 2226233 | H82: =IF($E82="DIRECT",$L82,VLOOKUP($E82,Ratio,2,FALSE)*$G82) -> 2010137.6 | I82: =IF($E82="DIRECT",$M82,VLOOKUP($E82,Ratio,3,FALSE)*$G82) -> 0 | J82: =IF($E82="DIRECT",$N82,VLOOKUP($E82,Ratio,4,FALSE)*$G82) -> 216095.5 | L82: ='1.1 Intangible Assets Summary'!F30 -> 2010137.6 | M82: =0 -> 0 | N82: ='1.1 Intangible Assets Summary'!H30+'1.1 Intangible Assets Summary'!G30 -> 216095.5
B83: Amortization of Intangible Plant - Account 303 | C83: 336 | D83: 404 | E83: DIRECT | F83: DIST | G83: 7624356 | H83: =IF($E83="DIRECT",$L83,VLOOKUP($E83,Ratio,2,FALSE)*$G83) -> 5568168.4 | I83: =IF($E83="DIRECT",$M83,VLOOKUP($E83,Ratio,3,FALSE)*$G83) -> 0 | J83: =IF($E83="DIRECT",$N83,VLOOKUP($E83,Ratio,4,FALSE)*$G83) -> 2056187.5 | L83: ='1.1 Intangible Assets Summary'!F31 -> 5568168.4 | M83: =0 -> 0 | N83: ='1.1 Intangible Assets Summary'!H31+'1.1 Intangible Assets Summary'!G31 -> 2056187.5
B84: Steam Production Plant | C84: 336 | D84: 403 | E84: PROD | G84: =+'336'!G3 -> 17056563 | H84: =VLOOKUP($E84,Ratio,2,FALSE)*$G84 -> 17056563 | I84: =VLOOKUP($E84,Ratio,3,FALSE)*$G84 -> 0 | J84: =VLOOKUP($E84,Ratio,4,FALSE)*$G84 -> 0
B85: Nuclear Production Plant | C85: 336 | D85: 403 | E85: PROD | H85: =VLOOKUP($E85,Ratio,2,FALSE)*$G85 -> 0 | I85: =VLOOKUP($E85,Ratio,3,FALSE)*$G85 -> 0 | J85: =VLOOKUP($E85,Ratio,4,FALSE)*$G85 -> 0
B86: Hydraulic Production Plant - Conventional | C86: 336 | D86: 403 | E86: PROD | G86: =+'336'!G5 -> 16632247 | H86: =VLOOKUP($E86,Ratio,2,FALSE)*$G86 -> 16632247 | I86: =VLOOKUP($E86,Ratio,3,FALSE)*$G86 -> 0 | J86: =VLOOKUP($E86,Ratio,4,FALSE)*$G86 -> 0
B87: Hydraulic Production Plant - Pumped Storage | C87: 336 | D87: 403 | E87: PROD | H87: =VLOOKUP($E87,Ratio,2,FALSE)*$G87 -> 0 | I87: =VLOOKUP($E87,Ratio,3,FALSE)*$G87 -> 0 | J87: =VLOOKUP($E87,Ratio,4,FALSE)*$G87 -> 0
B88: Other Production Plant | C88: 336 | D88: 403 | E88: PROD | G88: =+'336'!G7 -> 11041726 | H88: =VLOOKUP($E88,Ratio,2,FALSE)*$G88 -> 11041726 | I88: =VLOOKUP($E88,Ratio,3,FALSE)*$G88 -> 0 | J88: =VLOOKUP($E88,Ratio,4,FALSE)*$G88 -> 0
B89: Transmission Plant (i) | C89: 336 | D89: 403 | E89: TRANS | G89: =+'336'!G8 -> 21064671 | H89: =VLOOKUP($E89,Ratio,2,FALSE)*$G89 -> 0 | I89: =VLOOKUP($E89,Ratio,3,FALSE)*$G89 -> 0 | J89: =VLOOKUP($E89,Ratio,4,FALSE)*$G89 -> 21064671
B90: Distribution Plant | C90: 336 | D90: 403 | E90: DIST | G90: =+'336'!G9 -> 60509580 | H90: =VLOOKUP($E90,Ratio,2,FALSE)*$G90 -> 0 | I90: =VLOOKUP($E90,Ratio,3,FALSE)*$G90 -> 0 | J90: =VLOOKUP($E90,Ratio,4,FALSE)*$G90 -> 60509580
B91: General Plant | C91: 336 | D91: 403 | E91: GP | G91: =+'336'!G11 -> 5172455 | H91: =VLOOKUP($E91,Ratio,2,FALSE)*$G91 -> 796769.34 | I91: =VLOOKUP($E91,Ratio,3,FALSE)*$G91 -> 0 | J91: =VLOOKUP($E91,Ratio,4,FALSE)*$G91 -> 4375685.7
B92: Common Plant - Electric | C92: 336 | D92: 403 | E92: DIRECT | G92: =+'336'!C12 -> 18217879 | H92: =IF($E92="DIRECT",$L92,VLOOKUP($E92,Ratio,2,FALSE)*$G92) -> 5101006.1 | I92: =IF($E92="DIRECT",$M92,VLOOKUP($E92,Ratio,3,FALSE)*$G92) -> 0 | J92: =IF($E92="DIRECT",$N92,VLOOKUP($E92,Ratio,4,FALSE)*$G92) -> 13116873 | L92: ='1.3 Common Plt Summary'!G26 -> 5101006.1 | M92: =0 -> 0 | N92: ='1.3 Common Plt Summary'!I26+'1.3 Common Plt Summary'!H26 -> 13116873
B93: Common Plant - Electric | C93: 336 | D93: 404 | E93: DIRECT | G93: =+'336'!E12 -> 36465620 | H93: =IF($E93="DIRECT",$L93,VLOOKUP($E93,Ratio,2,FALSE)*$G93) -> 10210374 | I93: =IF($E93="DIRECT",$M93,VLOOKUP($E93,Ratio,3,FALSE)*$G93) -> 0 | J93: =IF($E93="DIRECT",$N93,VLOOKUP($E93,Ratio,4,FALSE)*$G93) -> 26255246 | L93: ='1.3 Common Plt Summary'!G27 -> 10210374 | M93: =0 -> 0 | N93: ='1.3 Common Plt Summary'!I27+'1.3 Common Plt Summary'!H27 -> 26255246
B94: Depreciation Expense for Asset Retirement Costs | C94: 336 | D94: 403.1 | E94: DIRECT | G94: 0 | H94: =IF($E94="DIRECT",$L94,VLOOKUP($E94,Ratio,2,FALSE)*$G94) -> 0 | I94: =IF($E94="DIRECT",$M94,VLOOKUP($E94,Ratio,3,FALSE)*$G94) -> 0 | J94: =IF($E94="DIRECT",$N94,VLOOKUP($E94,Ratio,4,FALSE)*$G94) -> 0
B95: Amortization of Limited Term Electric Plant | C95: 336 | D95: 404 | E95: DIRECT | G95: 0 | H95: =IF($E95="DIRECT",$L95,VLOOKUP($E95,Ratio,2,FALSE)*$G95) -> 0 | I95: =IF($E95="DIRECT",$M95,VLOOKUP($E95,Ratio,3,FALSE)*$G95) -> 0 | J95: =IF($E95="DIRECT",$N95,VLOOKUP($E95,Ratio,4,FALSE)*$G95) -> 0
B96: Amortization of Plant Acquisition Adjustments (Electric) | C96: 200-201 | D96: 406 | E96: DIRECT | G96: =+'336'!G15 -> 0 | H96: =IF($E96="DIRECT",$L96,VLOOKUP($E96,Ratio,2,FALSE)*$G96) -> 0 | I96: =IF($E96="DIRECT",$M96,VLOOKUP($E96,Ratio,3,FALSE)*$G96) -> 0 | J96: =IF($E96="DIRECT",$N96,VLOOKUP($E96,Ratio,4,FALSE)*$G96) -> 0
A97: Total Depreciation and Amortization | G97: =SUM(G81:G96) -> 196011330 | H97: =SUM(H81:H96) -> 68416991 | I97: =SUM(I81:I96) -> 0 | J97: =SUM(J81:J96) -> 1.2759434e+08
A100: Total Operating Expenses | G100: =G77+G97 -> 9.3727342e+08 | H100: =H77+H97 -> 6.1167702e+08 | I100: =I77+I97 -> 0 | J100: =J77+J97 -> 3.255964e+08
A101: (Total O&M + Total Depreciation & Amortization)

Sheet 3.1 908 Detail
C1: RESULTS OF OPERATIONS | G1: Report ID: | J1: AVISTA UTILITIES
C2: ELECTRIC ALLOCATION OF CUSTOMER ASSISTANCE EXPENSES | G2: E-908-12E
C3: For Twelve Months Ended December 31, 2023
C4: Ending Balance Basis | H4: ***************** SYSTEM ***************** | L4: *************** WASHINGTON ************* | O4: ***************** IDAHO ******************
C5: Ref/Basis | D5: Account | E5: Description | H5: Direct | I5: Allocated | J5: Total | L5: Direct | M5: Allocated | N5: Total | O5: Direct | P5: Allocated | Q5: Total
A6: Direct | B6: Allocated
A7: 35537 | B7: 35794 | C7: 2 | D7: 908000 | E7: Customer Assistance Expense | H7: 542335 | I7: 260995 | J7: 803330 | K7: D | L7: 456495 | M7: 169297 | N7: 625792 | O7: 85840 | P7: 91698 | Q7: 177538
A9: 35538 | B9: 35795 | C9: 99 | D9: 908600 | E9: Public Purpose Tariff Rider Expense Offset | H9: 31096236 | I9: 0 | J9: 31096236 | K9: (a) | L9: 24407992 | M9: 0 | N9: 24407992 | O9: 6688244 | P9: 0 | Q9: 6688244
A11: 35539 | B11: 35796 | C11: 99 | D11: 908610 | E11: Limited Income Tax Refund Program | H11: 161528 | I11: 0 | J11: 161528 | K11: D | L11: 161528 | M11: 0 | N11: 161528 | O11: 0 | P11: 0 | Q11: 0
A13: 35540 | B13: 35797 | C13: 99 | D13: 908690 | E13: Unbilled Public Purpose Tariff Amortization | H13: -191022 | I13: 0 | J13: -191022 | K13: (b) | L13: 38394 | M13: 0 | N13: 38394 | O13: -229416 | P13: 0 | Q13: -229416
A15: 35541 | B15: 35798 | C15: 99 | D15: 908990 | E15: DSM Amortization | H15: 0 | I15: 0 | J15: 0 | K15: P | L15: 0 | M15: 0 | N15: 0 | O15: 0 | P15: 0 | Q15: 0
E17: TOTAL ACCOUNT 908 | H17: =SUM(H7:H16) -> 31609077 | I17: =SUM(I7:I16) -> 260995 | J17: =SUM(J7:J16) -> 31870072 | L17: =SUM(L7:L16) -> 25064409 | M17: =SUM(M7:M16) -> 169297 | N17: =SUM(N7:N16) -> 25233706 | O17: =SUM(O7:O16) -> 6544668 | P17: =SUM(P7:P16) -> 91698 | Q17: =SUM(Q7:Q16) -> 6636366
C21: ALLOCATION RATIOS:
C22: E-ALL | D22: 2 | E22: Number of Customers | I22: 1 | M22: 0.64866 | P22: 0.35134
C23: E-ALL | D23: 99 | E23: Not Allocated | I23: 0 | M23: 0 | P23: 0
C27: Recon to Schedule 3:
C28: DSM | H28: Production | I28: P | J28: =G46+G47 -> 21134114 | N28: =J28/J30 -> 0.67963576
C29: LIRAP | H29: Distribution | I29: D | J29: =G48+G49 -> 9962122 | N29: =J29/J30 -> 0.32036424
I30: (a) | J30: =J9 -> 31096236
C31: Based on split above
C32: DSM | H32: Production | I32: P | J32: =N28*J34 -> -129825.38
C33: LIRAP | H33: Distribution | I33: D | J33: =N29*J34 -> -61196.618
I34: (b) | J34: =J13 -> -191022
C35: Totals for Schedule 3:
C36: Production | H36: Total P | J36: =J28+J32-1 -> 21004287
C37: Distribution | H37: Total D | J37: =J7+J11+J29+J33 -> 10865783
H38: Rounding | J38: -
J39: =SUM(J36:J38) -> 31870071
J40: =J39-J17 -> -1.1590171
C44: Sum of Transaction Amount | K44: DSM | L44: LIRAP | M44: LIRAP RATE DISC
C45: Ferc Acct | D45: Service | F45: Transaction Desc | G45: Total | J45: 202301 | K45: 1413339.1 | L45: 935800.37 | M45: -47699.84
C46: 908600 | D46: ED | F46: ID Elect. DSM | G46: =O9 -> 6688244 | J46: 202302 | K46: 1244421.7 | L46: 846072.55 | M46: -41837.71
F47: WA Elec. DSM | G47: 14445870 | J47: 202303 | K47: 1418540.8 | L47: 971477.49 | M47: -45042.83
F48: WA Elec. LIRAP | G48: 10235269 | J48: 202304 | K48: 1053673.7 | L48: 716870.77 | M48: -32245.16
F49: WA Elec. LIRAP Rate Discount Pilot | G49: -273147.04 | J49: 202305 | K49: 1077571.3 | L49: 732544.92 | M49: -24040.61
D50: ED Total | G50: =SUM(G46:G49) -> 31096236 | J50: 202306 | K50: 1056025.1 | L50: 712776.52 | M50: -19520.83
C51: 908600 Total | J51: 202307 | K51: 1170813.5 | L51: 789309.45 | M51: -21262.44
J52: 202308 | K52: 1266117.7 | L52: 857463.91 | M52: -22522.23
J53: 202309 | K53: 1128289.6 | L53: 758207.27 | M53: -19192.71
J54: 202310 | K54: 988367.96 | L54: 658319.33 | M54: -28.98
J55: 202311 | K55: 1115812.5 | L55: 992655.78
J56: 202312 | K56: 1512896.9 | L56: 1263770.7 | M56: 246.3
K57: =SUM(K45:K56) -> 14445870 | L57: =SUM(L45:L56) -> 10235269 | M57: =SUM(M45:M56) -> -273147.04

Sheet 3.2 557 Detail
C1: RESULTS OF OPERATIONS | G1: Report ID: | J1: AVISTA UTILITIES
C2: ELECTRIC ALLOCATION OF OTHER POWER SUPPLY EXPENSES | G2: E-557-12E
C3: For Twelve Months Ended December 31, 2023
C4: Ending Balance Basis | H4: ***************** SYSTEM ***************** | L4: *************** WASHINGTON ************* | O4: ***************** IDAHO ******************
A5: Direct | B5: Allocated | C5: Ref/Basis | D5: Account | E5: Description | H5: Direct | I5: Allocated | J5: Total | L5: Direct | M5: Allocated | N5: Total | O5: Direct | P5: Allocated | Q5: Total
A6: 35511 | B6: 35768 | C6: 1 | D6: 557000 | E6: Other Expenses | H6: 41162 | I6: 5905064 | J6: 5946226 | L6: 3807585 | M6: 3848747 | N6: 0 | O6: 2097479 | P6: 2097479 | Q6: 2400827
A7: 35512 | B7: 35769 | C7: 1 | D7: 557010 | E7: Other Power Supply Expense - Financial | H7: 0 | I7: -23206363 | J7: -23206363 | K7: A | L7: -14963463 | M7: -14963463 | N7: 0 | O7: -8242900 | P7: -8242900 | Q7: -1179326
A8: 429684 | B8: 429689 | C8: 1 | D8: 557018 | E8: Merchandise Processing Fee | H8: 0 | I8: 50279 | J8: 50279 | L8: 32420 | M8: 32420 | N8: 0 | O8: 17859 | P8: 17859 | Q8: 17226
A9: 35513 | B9: 35770 | C9: 1 | D9: 557150 | E9: Fuel - Economic Dispatch | H9: 0 | I9: 16124680 | J9: 16124680 | K9: A | L9: 10397194 | M9: 10397194 | N9: 0 | O9: 5727486 | P9: 5727486 | Q9: -4908444
A10: 35514 | B10: 35771 | C10: 1 | D10: 557160 | E10: Power Supply Expense - Miscellaneous | H10: 0 | I10: 328862 | J10: 328862 | L10: 212050 | M10: 212050 | N10: 0 | O10: 116812 | P10: 116812 | Q10: 499596
A11: 35515 | B11: 35772 | C11: 99 | D11: 557161 | E11: Unbilled Add-Ons | H11: 996766 | I11: 0 | J11: 996766 | K11: A | L11: 0 | M11: 543037 | N11: 453729 | O11: 0 | P11: 453729 | Q11: 461272
A12: 423877 | B12: 423882 | C12: 1 | D12: 557165 | E12: Other Resource Costs-CAISO Charges | H12: 0 | I12: 1006261 | J12: 1006261 | L12: 648837 | M12: 648837 | N12: 0 | O12: 357424 | P12: 357424 | Q12: 78105
A13: 476085 | B13: 476090 | C13: 1 | D13: 557167 | E13: Other Resource Costs-CA Carbon | H13: 0 | I13: 319000 | J13: 319000 | L13: 205691 | M13: 205691 | N13: 0 | O13: 113309 | P13: 113309
A14: 35516 | B14: 35773 | C14: 1 | D14: 557170 | E14: Broker Fees - Power | H14: 1860 | I14: 762432 | J14: 764292 | L14: 491616 | M14: 491616 | N14: 1860 | O14: 270816 | P14: 272676 | Q14: 100658
A15: 292276 | B15: 292281 | C15: 1 | D15: 557171 | E15: REC Broker Fees | H15: 0 | I15: 57243 | J15: 57243 | L15: 36910 | M15: 36910 | N15: 0 | O15: 20333 | P15: 20333 | Q15: 16340
A16: 404876 | B16: 404881 | C16: 1 | D16: 557172 | E16: Trade Reporting | H16: 0 | I16: 0 | J16: 0 | L16: 0 | M16: 0 | N16: 0 | O16: 0 | P16: 0 | Q16: 0
A17: 455700 | B17: 455705 | C17: 1 | D17: 557175 | E17: Solar Select Deferral | H17: 1241395 | I17: 0 | J17: 1241395 | L17: 0 | M17: 1241395 | N17: 0 | O17: 0 | P17: 0
A18: 35517 | B18: 35774 | C18: 1 | D18: 557200 | E18: Nez Perce | H18: 818678 | I18: 0 | J18: 818678 | K18: A | L18: 0 | M18: 497498 | N18: 321180 | O18: 0 | P18: 321180 | Q18: 321180
A19: 35518 | B19: 35775 | C19: 99 | D19: 557280 | E19: Washington ERM Deferred | H19: -15519489 | I19: 0 | J19: -15519489 | K19: A | L19: 0 | M19: -15519489 | N19: 0 | O19: 0 | P19: 0 | Q19: 0
A20: 273875 | B20: 273880 | C20: 99 | D20: 557270 | E20: Other Power Supply Expense - Other Exp | H20: 0 | I20: 0 | J20: 0 | L20: 0 | M20: 0 | N20: 0 | O20: 0 | P20: 0 | Q20: 0
A21: 35519 | B21: 35776 | C21: 99 | D21: 557290 | E21: Washington ERM Amortization | H21: 7568951 | I21: 0 | J21: 7568951 | K21: A | L21: 0 | M21: 7568951 | N21: 0 | O21: 0 | P21: 0 | Q21: 0
A22: 81870 | B22: 81875 | C22: 1 | D22: 557312 | E22: Lancaster Power Supply Expense Deferred | H22: 0 | I22: 0 | J22: 0 | L22: 0 | M22: 0 | N22: 0 | O22: 0 | P22: 0 | Q22: 0
A23: 281876 | B23: 281881 | C23: 1 | D23: 557322 | E23: RECs Power Supply Expense Deferred | H23: 1308033 | I23: 0 | J23: 1308033 | L23: 0 | M23: 1308033 | N23: 0 | O23: 0 | P23: 0 | Q23: 0
A24: 401870 | B24: 401875 | C24: 99 | D24: 557324 | E24: Def Power Supply Exp-REC Amort | H24: -2580933 | I24: 0 | J24: -2580933 | L24: 0 | M24: -2580933 | N24: 0 | O24: 0 | P24: 0 | Q24: 0
A25: 301670 | B25: 301675 | C25: 99 | D25: 557331 | E25: Reardan Wind Costs | H25: 0 | I25: 0 | J25: 0 | L25: 0 | M25: 0 | N25: 0 | O25: 0 | P25: 0 | Q25: 0
A26: 35520 | B26: 35777 | C26: 99 | D26: 557380 | E26: Idaho PCA Deferred | H26: 2743066 | I26: 0 | J26: 2743066 | K26: A | L26: 0 | M26: 0 | N26: 2743066 | O26: 0 | P26: 2743066 | Q26: 180994
A27: 35521 | B27: 35778 | C27: 99 | D27: 557390 | E27: Idaho PCA Amortization | H27: 6864565 | I27: 0 | J27: 6864565 | K27: A | L27: 0 | M27: 0 | N27: 6864565 | O27: 0 | P27: 6864565 | Q27: -8067117
A28: 182270 | B28: 182275 | C28: 1 | D28: 557395 | E28: Optional Renewable Power Expense Offset | H28: 0 | I28: 1619 | J28: 1619 | L28: 1044 | M28: 1044 | N28: 0 | O28: 575 | P28: 575 | Q28: 206
A29: 35522 | B29: 35779 | C29: 1 | D29: 557610 | E29: Other Expenses - Exposure | H29: 0 | I29: 0 | J29: 0 | L29: 0 | M29: 0 | N29: 0 | O29: 0 | P29: 0 | Q29: 0
A30: 35523 | B30: 35780 | C30: 1 | D30: 557700 | E30: Turbine Gas Bookout Expense | H30: 0 | I30: 5779837 | J30: 5779837 | K30: A | L30: 3726839 | M30: 3726839 | N30: 0 | O30: 2052998 | P30: 2052998 | Q30: 1640144
A31: 205291 | B31: 205296 | C31: 1 | D31: 557711 | E31: Turbine Gas Bookout Offset | H31: 0 | I31: -5779837 | J31: -5779837 | K31: A | L31: -3726839 | M31: -3726839 | N31: 0 | O31: -2052998 | P31: -2052998 | Q31: -1640144
A32: 205280 | B32: 205285 | C32: 1 | D32: 557730 | E32: Other Power Exp - Intracompany Thermal Gas | H32: 0 | I32: 33414817 | J32: 33414817 | K32: A | L32: 21545874 | M32: 21545874 | N32: 0 | O32: 11868943 | P32: 11868943 | Q32: 22460610
E34: TOTAL ACCOUNT 557 | H34: =SUM(H6:H33) -> 3484054 | I34: =SUM(I6:I33) -> 34763894 | J34: =SUM(J6:J33) -> 38247948 | L34: =SUM(L6:L33) -> 22415758 | M34: =SUM(M6:M33) -> 15515412 | N34: =SUM(N6:N33) -> 10384400 | O34: =SUM(O6:O33) -> 12348136 | P34: =SUM(P6:P33) -> 22732536 | Q34: 12382127
I36: Remove Fuel and PCA costs from Cash Working Capital (removed in formula on Schedule 1A) | J36: =SUMIF(K6:K32,K36,J6:J32) -> 29805671 | K36: A
C38: ALLOCATION RATIOS:
C39: E-ALL | D39: 1 | E39: Production/Transmission Ratio | I39: 1
C40: E-ALL | D40: 99 | E40: Not Allocated | I40: 0 | M40: 0.6448 | P40: 0.3552
M41: 0 | P41: 0
J42: =J34 -> 38247948

Sheet Sch 3A - Taxes
A1: BONNEVILLE POWER ADMINISTRATION
A2: RESIDENTIAL PURCHASE AND SALE AGREEMENT
A3: 2008 Average System Cost Methodology (ASCM) Appendix 1
A5: TOC | D5: UTILITY NAME: | E5: ='Sch 1- Rate Base '!$E$5 -> Utility Name | I5: BPA Reviews:
D6: End of Year Report Period: | E6: ='Sch 1- Rate Base '!$E$6 -> 2023 | I6: ='Sch 1- Rate Base '!I6
D7: ASC Filing Date: | E7: ='Sch 1- Rate Base '!$E$7 -> 45446 | I7: ='Sch 1- Rate Base '!I7
A9: Schedule 3A Items: Taxes (Including Income Taxes)
A11: Account Description | C11: FERC Form 1 | E11: Funct. Method | F11: Total | G11: Production | H11: Transmission | I11: Distribution/ Other
C12: Page | D12: Account
C13: Number | D13: Numbers
A15: FEDERAL
B16: Income Tax (Included on Schedule 2) | C16: 262-263 | D16: 409.1 | E16: DIST | F16: ='262-263'!L90 -> -2240752 | G16: =VLOOKUP($E16,Ratio,2,FALSE)*$F16 -> 0 | H16: =VLOOKUP($E16,Ratio,3,FALSE)*$F16 -> 0 | I16: =VLOOKUP($E16,Ratio,4,FALSE)*$F16 -> -2240752
B17: Employment Tax | C17: 262-263 | D17: 408.1 | E17: LABOR | F17: ='262-263'!L92 -> 17254667 | G17: =VLOOKUP($E17,Ratio,2,FALSE)*$F17 -> 6316427 | H17: =VLOOKUP($E17,Ratio,3,FALSE)*$F17 -> 0 | I17: =VLOOKUP($E17,Ratio,4,FALSE)*$F17 -> 10938240
B18: Other Federal Taxes | C18: 262-263 | D18: 408.1 | E18: DIST | G18: =VLOOKUP($E18,Ratio,2,FALSE)*$F18 -> 0 | H18: =VLOOKUP($E18,Ratio,3,FALSE)*$F18 -> 0 | I18: =VLOOKUP($E18,Ratio,4,FALSE)*$F18 -> 0
A19: TOTAL FEDERAL | F19: =SUM(F16:F18) -> 15013915 | G19: =SUM(G16:G18) -> 6316427 | H19: =SUM(H16:H18) -> 0 | I19: =SUM(I16:I18) -> 8697488
A21: STATE AND OTHER
B22: Property | C22: 262-263 | D22: 408.1 | E22: PTDG | F22: ='262-263'!L91 -> 37863278 | G22: =VLOOKUP($E22,Ratio,2,FALSE)*$F22 -> 12048955 | H22: =VLOOKUP($E22,Ratio,3,FALSE)*$F22 -> 0 | I22: =VLOOKUP($E22,Ratio,4,FALSE)*$F22 -> 25814323
B23: Unemployment | C23: 262-263 | D23: 408.1 | E23: LABOR | F23: ='262-263'!L98 -> 110882 | G23: =VLOOKUP($E23,Ratio,2,FALSE)*$F23 -> 40590.645 | H23: =VLOOKUP($E23,Ratio,3,FALSE)*$F23 -> 0 | I23: =VLOOKUP($E23,Ratio,4,FALSE)*$F23 -> 70291.355
B24: State Income, B&O, et. | C24: 262-263 | D24: 409.1 | E24: DIST | F24: ='262-263'!L93 -> 43491448 | G24: =VLOOKUP($E24,Ratio,2,FALSE)*$F24 -> 0 | H24: =VLOOKUP($E24,Ratio,3,FALSE)*$F24 -> 0 | I24: =VLOOKUP($E24,Ratio,4,FALSE)*$F24 -> 43491448
B25: Franchise Fees | C25: 262-263 | D25: 408.1 | E25: DIST | F25: ='262-263'!L94 -> 5991378 | G25: =VLOOKUP($E25,Ratio,2,FALSE)*$F25 -> 0 | H25: =VLOOKUP($E25,Ratio,3,FALSE)*$F25 -> 0 | I25: =VLOOKUP($E25,Ratio,4,FALSE)*$F25 -> 5991378
B26: Regulatory Commission | C26: 262-263 | D26: 408.1 | E26: DIST | F26: ='262-263'!L95 -> 207 | G26: =VLOOKUP($E26,Ratio,2,FALSE)*$F26 -> 0 | H26: =VLOOKUP($E26,Ratio,3,FALSE)*$F26 -> 0 | I26: =VLOOKUP($E26,Ratio,4,FALSE)*$F26 -> 207
B27: City/Municipal | C27: 262-263 | D27: 408.1 | E27: DIST | F27: ='262-263'!L96 -> 29955625 | G27: =VLOOKUP($E27,Ratio,2,FALSE)*$F27 -> 0 | H27: =VLOOKUP($E27,Ratio,3,FALSE)*$F27 -> 0 | I27: =VLOOKUP($E27,Ratio,4,FALSE)*$F27 -> 29955625
B28: Other | C28: 262-263 | D28: 408.1 | E28: DIST | F28: ='262-263'!L97 -> 3348499 | G28: =VLOOKUP($E28,Ratio,2,FALSE)*$F28 -> 0 | H28: =VLOOKUP($E28,Ratio,3,FALSE)*$F28 -> 0 | I28: =VLOOKUP($E28,Ratio,4,FALSE)*$F28 -> 3348499
A29: TOTAL STATE AND OTHER TAXES | F29: =SUM(F22:F28) -> 120761317 | G29: =SUM(G22:G28) -> 12089545 | H29: =SUM(H22:H28) -> 0 | I29: =SUM(I22:I28) -> 1.0867177e+08
A31: TOTAL TAXES | F31: =F29+F19 -> 135775232 | G31: =G29+G19 -> 18405972 | H31: =H29+H19 -> 0 | I31: =I29+I19 -> 1.1736926e+08

Sheet 3B.2 Revenue
E1: Revenue by State | G1: Data Source: Finance Reporting
G2: Data Updated Daily
E3: Accounting Period From 202301 through 202312
A4: Revenue Amt | E4: ID | F4: WA | G4: AN | H4: Total | I4: Designation
A5: 456000 | B5: REVCCB | C5: OD Other Electric Direct | D5: ED | F5: 114700 | G5: 21300 | H5: =SUM(E5:G5) -> 136000 | I5: Production
A6: 456000 | B6: REVBILLS | C6: OA Other Electric Allocated | D6: ED | E6: 5910.2 | F6: 0 | G6: 547785.09 | H6: =SUM(E6:G6) -> 553695.29 | I6: Distribution
A7: 456000 | B7: REVBILLS | C7: GA Other Gas Allocated | D7: ED | G7: 172.95 | H7: =SUM(E7:G7) -> 172.95 | I7: Distribution
A8: 456000 | B8: REVBILLS | C8: DX Digital Exchange (SMC) | D8: ED | G8: 60984.42 | H8: =SUM(E8:G8) -> 60984.42 | I8: Distribution
A9: 456000 | B9: REVBILLS | C9: CU Connected Communities | D9: ED | F9: 16200.05 | G9: -1661.74 | H9: =SUM(E9:G9) -> 14538.31 | I9: Distribution
A10: 456000 | B10: REVBILLS | C10: MA Mutual Aid Electric | D10: ED | G10: 476022.38 | H10: =SUM(E10:G10) -> 476022.38 | I10: Distribution
A11: 456000 | B11: REVBILLS | C11: IG Innovation Lab (SMC) | D11: ED | G11: 112649.24 | H11: =SUM(E11:G11) -> 112649.24 | I11: Distribution
A12: 456000 | B12: REVBILLS | C12: RF Route Application Fees | D12: ED | G12: 65.7 | H12: =SUM(E12:G12) -> 65.7 | I12: Distribution
A13: 456000 | B13: REVBILLS | C13: FE Grant Funding Electric | D13: ED | G13: 6599.99 | H13: =SUM(E13:G13) -> 6599.99 | I13: Distribution
A14: 456000 | B14: REVEARNED | C14: AL Apprentice Lineman School Receivable | D14: ED | G14: 25992.52 | H14: =SUM(E14:G14) -> 25992.52 | I14: Distribution
A15: 456000 | B15: REVEARNED | C15: PD Pre-Line School Deposits | D15: ED | G15: 6114.78 | H15: =SUM(E15:G15) -> 6114.78 | I15: Distribution
A16: 456000 | B16: REVPS | C16: EN Zeco Sky Host/EnerVee Electric | D16: ED | G16: 1533.46 | H16: =SUM(E16:G16) -> 1533.46 | I16: Distribution
A17: 456000 | B17: REVPS | C17: EV Fast Charger | D17: ED | F17: 16789.94 | H17: =SUM(E17:G17) -> 16789.94 | I17: Distribution
A18: 456329 | B18: REVDECOUPLING | C18: EZ Amort Res E Decoupling Def Rev | D18: ED | E18: 5728556.5 | F18: 10429886 | H18: =SUM(E18:G18) -> 16158442 | I18: Distribution
A19: 456329 | B19: REVDECOUPLING | C19: NW Non-Res Decoupling Deferred Rev | D19: ED | E19: 764658.03 | F19: 2543301.3 | H19: =SUM(E19:G19) -> 3307959.3 | I19: Distribution
A20: 456339 | B20: REVDECOUPLING | C20: FA Elec Amort Non-Rest Decoupling | D20: ED | E20: 0 | F20: -1538664.8 | H20: =SUM(E20:G20) -> -1538664.8 | I20: Distribution
A21: 456339 | B21: REVDECOUPLING | C21: EY Amort Non-Res E Decoupling Def Rev | D21: ED | E21: 410166.89 | F21: 667329.55 | H21: =SUM(E21:G21) -> 1077496.4 | I21: Distribution
A22: 456010 | B22: AVA NUCLEUS | C22: AG Turbine Gas Financial Mizuho Clearing Agent | D22: ED | G22: -16804902 | H22: =SUM(E22:G22) -> -16804902 | I22: Production | J22: *HUGE jump from BP-24 of $4,249,104.75; why??
A23: 456010 | B23: AVA NUCLEUS | C23: AH Turbine Gas Financial Wells Fargo | D23: ED | G23: -40373524 | H23: =SUM(E23:G23) -> -40373524 | I23: Production | J23: *HUGE jump from BP-24 of $3,318423.50; why??
A24: 456015 | B24: AVA NUCLEUS | C24: GF Turbine Gas Physical | D24: ED | G24: 30234643 | H24: =SUM(E24:G24) -> 30234643 | I24: Distribution | J24: -30237834 | K24: =SUM(H24,J24) -> -3191.14
A25: 456015 | B25: REVGSALES | C25: FT Gas Realized Gain/Loss Thermal | D25: ED | G25: 3191.14 | H25: =SUM(E25:G25) -> 3191.14 | I25: Distribution
A26: 456016 | B26: REVREC | C26: RO Miscellaneous Resource Optimization | D26: ED | G26: 3667551.4 | H26: =SUM(E26:G26) -> 3667551.4 | I26: Production
A27: 456017 | B27: REVTRAN | C27: NR Other Electric Revenue - Non Resource | D27: ED | G27: 120758.64 | H27: =SUM(E27:G27) -> 120758.64 | I27: Distribution
A28: 456018 | B28: AVA NUCLEUS | C28: CC Extraction Plant Credits | D28: ED | G28: 305591.64 | H28: =SUM(E28:G28) -> 305591.64 | I28: Production
A29: 456030 | B29: REVESALES | C29: XO Clearwater Transmission Offset | D29: ED | E29: -165000 | H29: =SUM(E29:G29) -> -165000 | I29: Transmission
A30: 456030 | B30: AVA NUCLEUS | C30: CT Other Clearwater Rev Transmission | D30: ED | G30: 1650000 | H30: =SUM(E30:G30) -> 1650000 | I30: Transmission
A31: 456050 | B31: REVBILLS | C31: JU Joint Use/Make Ready | D31: ED | E31: 39526 | F31: 188419.27 | H31: =SUM(E31:G31) -> 227945.27 | I31: Distribution
A32: 456050 | B32: REVBILLS | C32: RF Route Application Fees | D32: ED | E32: 141182 | F32: 527599 | H32: =SUM(E32:G32) -> 668781 | I32: Distribution
A33: 456050 | B33: REVMISC | C33: RF Route Application Fees | D33: ED | E33: -166 | F33: 24001 | H33: =SUM(E33:G33) -> 23835 | I33: Distribution
A34: 456050 | B34: REVMISC | C34: JU Joint Use/Make Ready | D34: ED | E34: -2460 | F34: -465 | H34: =SUM(E34:G34) -> -2925 | I34: Distribution
A35: 456100 | B35: AVA NUCLEUS | C35: ET Electric Transmission | D35: ED | G35: 28749513 | H35: =SUM(E35:G35) -> 28749513
A36: 456100 | B36: REVTRAN | C36: ET Electric Transmission | D36: ED | G36: 0 | H36: =SUM(E36:G36) -> 0
A37: 456100 | B37: REVBILLS | C37: ET Electric Transmission | D37: ED | G37: 122873 | H37: =SUM(E37:G37) -> 122873
A38: 456120 | B38: AVA NUCLEUS | C38: PC Parallel Capacity Support Rev | D38: ED | G38: 924000 | H38: =SUM(E38:G38) -> 924000
A39: 456130 | B39: AVA NUCLEUS | C39: EA Electric Ancillary Transmission | D39: ED | G39: 1173595.4 | H39: =SUM(E39:G39) -> 1173595.4
A40: 456328 | B40: REVDECOUPLING | C40: RD Res Decoupling Deferred Rev | D40: ED | E40: -4799885.6 | F40: -1786067 | H40: =SUM(E40:G40) -> -6585952.6 | I40: Distribution
A41: 456380 | B41: REVREC | C41: RM Other Electric Rev-Clearwater RECs | D41: ED | E41: 331018.06 | H41: =SUM(E41:G41) -> 331018.06 | I41: Production
A42: 456700 | B42: REVTRAN | C42: DE Electric Distribution | D42: ED | E42: 62790.84 | F42: 128568.84 | H42: =SUM(E42:G42) -> 191359.68 | I42: Distribution
A43: 456705 | B43: REVTRAN | C43: LV Electric Distribution | D43: ED | G43: 1779528 | H43: =SUM(E43:G43) -> 1779528 | I43: Distribution
A44: 456711 | B44: AVA NUCLEUS | C44: GK Turbine Gas Bookout | D44: ED | G44: -3028077.2 | H44: =SUM(E44:G44) -> -3028077.2 | I44: Distribution
A45: 456720 | B45: AVA NUCLEUS | C45: GK Turbine Gas Bookout | D45: ED | G45: 3028077.2 | H45: =SUM(E45:G45) -> 3028077.2 | I45: Distribution
A46: 456730 | B46: AVA NUCLEUS | C46: IT Intraco Thermal Gas | D46: ED | G46: 6488484.3 | H46: =SUM(E46:G46) -> 6488484.3 | I46: Distribution
A47: 456XXX | B47: Misc Other | D47: ED | G47: 22152 | H47: =SUM(E47:G47) -> 22152 | I47: Distribution
E48: =SUM(E5:E46) -> 2516296.9 | F48: =SUM(F5:F46) -> 11331598 | G48: =SUM(G5:G47) -> 19321013 | H48: =SUM(H5:H47) -> 33168908
H51: Subtotal from above:
H52: =SUMIFS($H$5:$H$46,$I$5:$I$46,I52) -> -52738265 | I52: Production
H53: =SUMIFS($H$5:$H$46,$I$5:$I$46,I53) -> 1485000 | I53: Transmission
H54: =SUMIFS($H$5:$H$47,$I$5:$I$47,I54) -> 53452192 | I54: Distribution
H55: =SUM(H52:H54) -> 2198927

Sheet 3b.1 Other Exp. Support
A1: RESULTS OF OPERATIONS | D1: Report ID: | F1: AVISTA UTILITIES
A2: ELECTRIC OPERATING STATEMENT | D2: E-OPS-12E
A3: For Twelve Months Ended December 31, 2023
A4: Ending Balance Basis | D4: ***************** SYSTEM ***************** | G4: *************** WASHINGTON ************* | J4: ***************** IDAHO ******************
A5: Ref/Basis | B5: Account | C5: Description | D5: Direct | E5: Allocated | F5: Total | G5: Direct | H5: Allocated | I5: Total | J5: Direct | K5: Allocated | L5: Total
C6: REVENUE
C7: SALES OF ELECTRICITY:
A8: 99 | B8: 440000 | C8: Residential | D8: 429502955 | E8: 0 | F8: 429502955 | G8: 290271441 | H8: 0 | I8: =SUM(G8:H8) -> 290271441 | J8: 139231514 | K8: 0 | L8: =SUM(J8:K8) -> 139231514
A9: 99 | B9: 442200 | C9: Commercial - Firm & Int. | D9: 344903974 | E9: 0 | F9: 344903974 | G9: 251219978 | H9: 0 | I9: =SUM(G9:H9) -> 251219978 | J9: 93683996 | K9: 0 | L9: =SUM(J9:K9) -> 93683996
A10: 1 | B10: 442300 | C10: Industrial | D10: 120578441 | E10: 0 | F10: 120578441 | G10: 65992912 | H10: 0 | I10: =SUM(G10:H10) -> 65992912 | J10: 54585529 | K10: 0 | L10: =SUM(J10:K10) -> 54585529
A11: 99 | B11: 444000 | C11: Public Street & Highway Lighting | D11: 7975679 | E11: 0 | F11: 7975679 | G11: 5130889 | H11: 0 | I11: =SUM(G11:H11) -> 5130889 | J11: 2844790 | K11: 0 | L11: =SUM(J11:K11) -> 2844790
A12: 99 | B12: 448000 | C12: Interdepartmental Revenue | D12: 1606948 | E12: 0 | F12: 1606948 | G12: 1355015 | H12: 0 | I12: =SUM(G12:H12) -> 1355015 | J12: 251933 | K12: 0 | L12: =SUM(J12:K12) -> 251933
A13: 99 | B13: 499XXX | C13: Unbilled Revenue | D13: -6081121 | E13: 0 | F13: -6081121 | G13: -3815617 | H13: 0 | I13: =SUM(G13:H13) -> -3815617 | J13: -2265504 | K13: 0 | L13: =SUM(J13:K13) -> -2265504
C14: TOTAL SALES TO ULTIMATE CUSTOMERS | D14: =SUM(D8:D13) -> 898486876 | E14: =SUM(E8:E13) -> 0 | F14: =SUM(F8:F13) -> 898486876 | G14: =SUM(G8:G13) -> 610154618 | H14: =SUM(H8:H13) -> 0 | I14: =SUM(I8:I13) -> 610154618 | J14: =SUM(J8:J13) -> 288332258 | K14: =SUM(K8:K13) -> 0 | L14: =SUM(L8:L13) -> 288332258
A16: 1 | B16: 447XXX | C16: Sales for Resale | D16: 0 | E16: 253658001 | F16: 253658001 | G16: 0 | H16: 163558679 | I16: 163558679 | J16: 0 | K16: 90099322 | L16: 90099322
C17: TOTAL SALES OF ELECTRICITY | D17: =SUM(D14,D16) -> 898486876 | E17: =SUM(E14,E16) -> 253658001 | F17: =SUM(F14,F16) -> 1152144877 | G17: =SUM(G14,G16) -> 610154618 | H17: =SUM(H14,H16) -> 163558679 | I17: =SUM(I14,I16) -> 773713297 | J17: =SUM(J14,J16) -> 288332258 | K17: =SUM(K14,K16) -> 90099322 | L17: =SUM(L14,L16) -> 378431580
C19: OTHER OPERATING REVENUE:
A20: 99 | B20: 449100 | C20: Provision for Rate Refund | D20: 0 | E20: 0 | F20: =SUM(D20:E20) -> 0 | G20: 0 | H20: 0 | I20: =SUM(G20:H20) -> 0 | J20: 0 | K20: 0 | L20: =SUM(J20:K20) -> 0
A21: 2 | B21: 449110 | C21: Provision for Rate Refund-Tax Reform | D21: 0 | E21: 0 | F21: =SUM(D21:E21) -> 0 | G21: 0 | H21: 0 | I21: =SUM(G21:H21) -> 0 | J21: 0 | K21: 0 | L21: =SUM(J21:K21) -> 0
A22: 99 | B22: 451000 | C22: Miscellaneous Service Revenue | D22: 129396 | E22: 0 | F22: =SUM(D22:E22) -> 129396 | G22: 44370 | H22: 0 | I22: =SUM(G22:H22) -> 44370 | J22: 85026 | K22: 0 | L22: =SUM(J22:K22) -> 85026
A23: 1 | B23: 453000 | C23: Sales of Water & Water Power | D23: 0 | E23: 688332 | F23: =SUM(D23:E23) -> 688332 | G23: 0 | H23: 443836 | I23: =SUM(G23:H23) -> 443836 | J23: 0 | K23: 244496 | L23: =SUM(J23:K23) -> 244496
A24: 1 | B24: 454000 | C24: Rent from Electric Property | D24: 7305530 | E24: 189825 | F24: =SUM(D24:E24) -> 7495355 | G24: 4134648 | H24: 122399 | I24: =SUM(G24:H24) -> 4257047 | J24: 3170882 | K24: 67426 | L24: =SUM(J24:K24) -> 3238308
A25: 1 | B25: 454100 | C25: Rent from Trnsmission Joint Use | D25: 47499 | E25: 0 | F25: =SUM(D25:E25) -> 47499 | G25: 18374 | H25: 0 | I25: =SUM(G25:H25) -> 18374 | J25: 29125 | K25: 0 | L25: =SUM(J25:K25) -> 29125
A26: 1 | B26: 456XXX | C26: Other Electric Revenues | D26: 13869195 | E26: 19277561 | F26: =SUM(D26:E26) -> 33146756 | G26: 11331598 | H26: 12430171 | I26: =SUM(G26:H26) -> 23761769 | J26: 2537597 | K26: 6847390 | L26: =SUM(J26:K26) -> 9384987
C27: TOTAL OTHER OPERATING REVENUE | D27: =SUM(D20:D26) -> 21351620 | E27: =SUM(E20:E26) -> 20155718 | F27: =SUM(D27:E27) -> 41507338 | G27: =SUM(G20:G26) -> 15528990 | H27: =SUM(H20:H26) -> 12996406 | I27: =SUM(G27:H27) -> 28525396 | J27: =SUM(J20:J26) -> 5822630 | K27: =SUM(K20:K26) -> 7159312 | L27: =SUM(J27:K27) -> 12981942
C28: TOTAL ELECTRIC REVENUE | D28: =SUM(D17,D27) -> 919838496 | E28: =SUM(E17,E27) -> 273813719 | F28: =SUM(F17,F27) -> 1193652215 | G28: =SUM(G17,G27) -> 625683608 | H28: =SUM(H17,H27) -> 176555085 | I28: =SUM(I17,I27) -> 802238693 | J28: =SUM(J17,J27) -> 294154888 | K28: =SUM(K17,K27) -> 97258634 | L28: =SUM(L17,L27) -> 391413522
C30: EXPENSE
C31: STEAM POWER GENERATION EXPENSE:
C32: OPERATION
A33: 1 | B33: 500000 | C33: Supervision & Engineering | D33: 0 | E33: 177149 | F33: 177149 | G33: 0 | H33: 114226 | I33: 114226 | J33: 0 | K33: 62923 | L33: 62923
A34: 1 | B34: 501XXX | C34: Fuel | D34: 0 | E34: 46052298 | F34: 46052298 | G34: 0 | H34: 29694522 | I34: 29694522 | J34: 0 | K34: 16357776 | L34: 16357776
A35: 1 | B35: 502000 | C35: Steam Expense | D35: 0 | E35: 4221985 | F35: 4221985 | G35: 0 | H35: 2722336 | I35: 2722336 | J35: 0 | K35: 1499649 | L35: 1499649
A36: 1 | B36: 505000 | C36: Electric Expense | D36: 0 | E36: 754146 | F36: 754146 | G36: 0 | H36: 486273 | I36: 486273 | J36: 0 | K36: 267873 | L36: 267873
A37: 1 | B37: 506XXX | C37: Miscellaneous Steam Power Generation Op Exp | D37: 0 | E37: 6447460 | F37: 6447460 | G37: 0 | H37: 4157322 | I37: 4157322 | J37: 0 | K37: 2290138 | L37: 2290138
A38: 1 | B38: 507000 | C38: Rent | D38: 0 | E38: 0 | F38: 0 | G38: 0 | H38: 0 | I38: 0 | J38: 0 | K38: 0 | L38: 0
A39: 1 | B39: 509100 | C39: CCA Emission Expense | D39: 662437 | E39: 0 | F39: 662437 | G39: 0 | H39: 0 | I39: 0 | J39: 662437 | K39: 0 | L39: 662437
C41: MAINTENANCE
A42: 1 | B42: 510000 | C42: Supervision & Engineering | D42: 0 | E42: 408706 | F42: 408706 | G42: 0 | H42: 263534 | I42: 263534 | J42: 0 | K42: 145172 | L42: 145172
A43: 1 | B43: 511000 | C43: Structures | D43: 0 | E43: 869388 | F43: 869388 | G43: 0 | H43: 560581 | I43: 560581 | J43: 0 | K43: 308807 | L43: 308807
A44: 1 | B44: 512000 | C44: Boiler Plant | D44: 0 | E44: 7090053 | F44: 7090053 | G44: 0 | H44: 4571666 | I44: 4571666 | J44: 0 | K44: 2518387 | L44: 2518387
A45: 1 | B45: 513000 | C45: Electric Plant | D45: 0 | E45: 849384 | F45: 849384 | G45: 0 | H45: 547683 | I45: 547683 | J45: 0 | K45: 301701 | L45: 301701
A46: 1 | B46: 514XXX | C46: Miscellaneous Steam Power Generation Maint Exp | D46: 0 | E46: 1345535 | F46: 1345535 | G46: 0 | H46: 867601 | I46: 867601 | J46: 0 | K46: 477934 | L46: 477934
C47: TOTAL STEAM POWER GENERATION EXP | D47: =SUM(D33:D46) -> 662437 | E47: =SUM(E33:E46) -> 68216104 | F47: =SUM(F33:F46) -> 68878541 | G47: =SUM(G33:G46) -> 0 | H47: =SUM(H33:H46) -> 43985744 | I47: =SUM(I33:I46) -> 43985744 | J47: =SUM(J33:J46) -> 662437 | K47: =SUM(K33:K46) -> 24230360 | L47: =SUM(L33:L46) -> 24892797
C49: HYDRAULIC POWER GENERATION EXP:
C50: OPERATION
A51: 1 | B51: 535000 | C51: Supervision & Engineering | D51: 0 | E51: 2459290 | F51: 2459290 | G51: 0 | H51: 1585750 | I51: 1585750 | J51: 0 | K51: 873540 | L51: 873540
A52: 1 | B52: 536000 | C52: Water for Power | D52: 0 | E52: 1184579 | F52: 1184579 | G52: 0 | H52: 763817 | I52: 763817 | J52: 0 | K52: 420762 | L52: 420762
A53: 1 | B53: 537000 | C53: Hydraulic Expense | D53: 6354212 | E53: 3509705 | F53: 9863917 | G53: 4170269 | H53: 2263058 | I53: 6433327 | J53: 2183943 | K53: 1246647 | L53: 3430590
A54: 1 | B54: 538000 | C54: Electric Expense | D54: 0 | E54: 6629557 | F54: 6629557 | G54: 0 | H54: 4274738 | I54: 4274738 | J54: 0 | K54: 2354819 | L54: 2354819
A55: 1 | B55: 539000 | C55: Miscellaneous Hydraulic Power Generation Exp | D55: 0 | E55: 2203306 | F55: 2203306 | G55: 0 | H55: 1420692 | I55: 1420692 | J55: 0 | K55: 782614 | L55: 782614
A56: 1 | B56: 540000 | C56: Rent | D56: 0 | E56: 1699335 | F56: 1699335 | G56: 0 | H56: 1095731 | I56: 1095731 | J56: 0 | K56: 603604 | L56: 603604
A57: 1 | B57: 540100 | C57: MT Trust Funds Land Settlement Rents | D57: 5912000 | E57: 0 | F57: 5912000 | G57: 3807328 | H57: 0 | I57: 3807328 | J57: 2104672 | K57: 0 | L57: 2104672
C59: MAINTENANCE
A60: 1 | B60: 541000 | C60: Supervision & Engineering | D60: 0 | E60: 714032 | F60: 714032 | G60: 0 | H60: 460408 | I60: 460408 | J60: 0 | K60: 253624 | L60: 253624
A61: 1 | B61: 542000 | C61: Structures | D61: 0 | E61: 498079 | F61: 498079 | G61: 0 | H61: 321161 | I61: 321161 | J61: 0 | K61: 176918 | L61: 176918
A62: 1 | B62: 543000 | C62: Reservoirs, Dams, & Waterways | D62: 0 | E62: 497534 | F62: 497534 | G62: 0 | H62: 320810 | I62: 320810 | J62: 0 | K62: 176724 | L62: 176724
A63: 1 | B63: 544000 | C63: Electric Plant | D63: 0 | E63: 3128062 | F63: 3128062 | G63: 0 | H63: 2016974 | I63: 2016974 | J63: 0 | K63: 1111088 | L63: 1111088
A64: 1 | B64: 545000 | C64: Miscellaneous Hydraulic Plant | D64: 0 | E64: 663386 | F64: 663386 | G64: 0 | H64: 427751 | I64: 427751 | J64: 0 | K64: 235635 | L64: 235635
C65: TOTAL HYDRO POWER GENERATION EXP | D65: =SUM(D51:D64) -> 12266212 | E65: =SUM(E51:E64) -> 23186865 | F65: =SUM(F51:F64) -> 35453077 | G65: =SUM(G51:G64) -> 7977597 | H65: =SUM(H51:H64) -> 14950890 | I65: =SUM(I51:I64) -> 22928487 | J65: =SUM(J51:J64) -> 4288615 | K65: =SUM(K51:K64) -> 8235975 | L65: =SUM(L51:L64) -> 12524590
C67: OTHER POWER GENERATION EXPENSE:
C68: OPERATION
A69: 1 | B69: 546000 | C69: Supervision & Engineering | D69: 0 | E69: 893882 | F69: 893882 | G69: 0 | H69: 576375 | I69: 576375 | J69: 0 | K69: 317507 | L69: 317507
A70: 1 | B70: 547XXX | C70: Fuel | D70: 0 | E70: 116227146 | F70: 116227146 | G70: 0 | H70: 74943264 | I70: 74943264 | J70: 0 | K70: 41283882 | L70: 41283882
A71: 1 | B71: 548000 | C71: Generation Expense | D71: 0 | E71: 3899766 | F71: 3899766 | G71: 0 | H71: 2514569 | I71: 2514569 | J71: 0 | K71: 1385197 | L71: 1385197
A72: 1 | B72: 549XXX | C72: Miscellaneous Other Power Generation Op Exp | D72: 0 | E72: 945276 | F72: 945276 | G72: 0 | H72: 609514 | I72: 609514 | J72: 0 | K72: 335762 | L72: 335762
A73: 1 | B73: 550000 | C73: Rent | D73: 0 | E73: 103105 | F73: 103105 | G73: 0 | H73: 66482 | I73: 66482 | J73: 0 | K73: 36623 | L73: 36623
C75: MAINTENANCE
A76: 1 | B76: 551000 | C76: Supervision & Engineering | D76: 0 | E76: 768609 | F76: 768609 | G76: 0 | H76: 495599 | I76: 495599 | J76: 0 | K76: 273010 | L76: 273010
A77: 1 | B77: 552000 | C77: Structures | D77: 0 | E77: 138992 | F77: 138992 | G77: 0 | H77: 89622 | I77: 89622 | J77: 0 | K77: 49370 | L77: 49370
A78: 1 | B78: 553000 | C78: Generating & Electric Equipment | D78: 0 | E78: 2012410 | F78: 2012410 | G78: 0 | H78: 1297602 | I78: 1297602 | J78: 0 | K78: 714808 | L78: 714808
A79: 1 | B79: 554XXX | C79: Miscellaneous Other Power Generation Maint Exp | D79: 0 | E79: 862263 | F79: 862263 | G79: 0 | H79: 555987 | I79: 555987 | J79: 0 | K79: 306276 | L79: 306276
C80: TOTAL OTHER POWER GENERATION EXP | D80: =SUM(D69:D79) -> 0 | E80: =SUM(E69:E79) -> 125851449 | F80: =SUM(F69:F79) -> 125851449 | G80: =SUM(G69:G79) -> 0 | H80: =SUM(H69:H79) -> 81149014 | I80: =SUM(I69:I79) -> 81149014 | J80: =SUM(J69:J79) -> 0 | K80: =SUM(K69:K79) -> 44702435 | L80: =SUM(L69:L79) -> 44702435
C82: OTHER POWER SUPPLY EXPENSE:
A83: E-555 | B83: 555XXX | C83: Purchased Power | D83: 10433987 | E83: 205993729 | F83: 216427716 | G83: 0 | H83: 132824757 | I83: 132824757 | J83: 10433987 | K83: 73168972 | L83: 83602959
A84: 1 | B84: 556000 | C84: System Control & Load Dispatching | D84: 0 | E84: 764665 | F84: 764665 | G84: 0 | H84: 493056 | I84: 493056 | J84: 0 | K84: 271609 | L84: 271609
A85: E-557 | B85: 557XXX | C85: Other Expense | D85: 3484054 | E85: 34763894 | F85: 38247948 | G85: -6900346 | H85: 22415758 | I85: 15515412 | J85: 10384400 | K85: 12348136 | L85: 22732536
C86: TOTAL OTHER POWER SUPPLY EXPENSE | D86: =SUM(D83:D85) -> 13918041 | E86: =SUM(E83:E85) -> 241522288 | F86: =SUM(F83:F85) -> 255440329 | G86: =SUM(G83:G85) -> -6900346 | H86: =SUM(H83:H85) -> 155733571 | I86: =SUM(I83:I85) -> 148833225 | J86: =SUM(J83:J85) -> 20818387 | K86: =SUM(K83:K85) -> 85788717 | L86: =SUM(L83:L85) -> 106607104
C87: TOTAL PRODUCTION OPERATING EXP | D87: 26846690 | E87: 458776706 | F87: 485623396 | G87: 1077251 | H87: 295819219 | I87: 296896470 | J87: 25769439 | K87: 162957487 | L87: 188726926
C89: TRANSMISSION OPERATING EXPENSE:
C90: OPERATION
A91: 1 | B91: 560000 | C91: Supervision & Engineering | D91: 0 | E91: 2084569 | F91: 2084569 | G91: 0 | H91: 1344130 | I91: 1344130 | J91: 0 | K91: 740439 | L91: 740439
A92: 1 | B92: 561000 | C92: Load Dispatching | D92: 0 | E92: 3080112 | F92: 3080112 | G92: 0 | H92: 1986056 | I92: 1986056 | J92: 0 | K92: 1094056 | L92: 1094056
A93: 1 | B93: 562000 | C93: Station Expense | D93: 0 | E93: 397216 | F93: 397216 | G93: 0 | H93: 256125 | I93: 256125 | J93: 0 | K93: 141091 | L93: 141091
A94: 1 | B94: 562100 | C94: Energy Storage Equipment | D94: 0 | E94: 0 | F94: 0 | G94: 0 | H94: 0 | I94: 0 | J94: 0 | K94: 0 | L94: 0
A95: 1 | B95: 563000 | C95: Overhead Line Expense | D95: 0 | E95: 324854 | F95: 324854 | G95: 0 | H95: 209466 | I95: 209466 | J95: 0 | K95: 115388 | L95: 115388
A96: 1 | B96: 565XXX | C96: Transmission of Electricity by Others | D96: 0 | E96: 19063437 | F96: 19063437 | G96: 0 | H96: 12292104 | I96: 12292104 | J96: 0 | K96: 6771333 | L96: 6771333
A97: 1 | B97: 566000 | C97: Miscellaneous Transmission Expense | D97: 0 | E97: 4242692 | F97: 4242692 | G97: 0 | H97: 2735688 | I97: 2735688 | J97: 0 | K97: 1507004 | L97: 1507004
A98: 1 | B98: 567000 | C98: Rent | D98: 0 | E98: 97829 | F98: 97829 | G98: 0 | H98: 63080 | I98: 63080 | J98: 0 | K98: 34749 | L98: 34749
C100: MAINTENANCE
A101: 1 | B101: 568000 | C101: Supervision & Engineering | D101: 1461 | E101: 367914 | F101: 369375 | G101: 0 | H101: 237231 | I101: 237231 | J101: 1461 | K101: 130683 | L101: 132144
A102: 1 | B102: 569000 | C102: Structures | D102: 26799 | E102: 546065 | F102: 572864 | G102: -380 | H102: 352103 | I102: 351723 | J102: 27179 | K102: 193962 | L102: 221141
A103: 1 | B103: 570000 | C103: Station Equipment | D103: 0 | E103: 1160838 | F103: 1160838 | G103: 0 | H103: 748508 | I103: 748508 | J103: 0 | K103: 412330 | L103: 412330
A104: 1 | B104: 570100 | C104: Energy Storage Equipment | D104: 0 | E104: 0 | F104: 0 | G104: 0 | H104: 0 | I104: 0 | J104: 0 | K104: 0 | L104: 0
A105: 1 | B105: 571000 | C105: Overhead Lines | D105: 6302 | E105: 2192438 | F105: 2198740 | G105: 957 | H105: 1413684 | I105: 1414641 | J105: 5345 | K105: 778754 | L105: 784099
A106: 1 | B106: 572000 | C106: Underground Lines | D106: 0 | E106: 965 | F106: 965 | G106: 0 | H106: 622 | I106: 622 | J106: 0 | K106: 343 | L106: 343
A107: 1 | B107: 573000 | C107: Service Miscellaneous | D107: 4869 | E107: 67259 | F107: 72128 | G107: 4869 | H107: 43369 | I107: 48238 | J107: 0 | K107: 23890 | L107: 23890
C108: TOTAL TRANSMISSION OPERATING EXP | D108: =SUM(D91:D107) -> 39431 | E108: =SUM(E91:E107) -> 33626188 | F108: =SUM(F91:F107) -> 33665619 | G108: =SUM(G91:G107) -> 5446 | H108: =SUM(H91:H107) -> 21682166 | I108: =SUM(I91:I107) -> 21687612 | J108: =SUM(J91:J107) -> 33985 | K108: =SUM(K91:K107) -> 11944022 | L108: =SUM(L91:L107) -> 11978007
A110: E-DEPX | C110: Depreciation Expense-Production | D110: 15604909 | E110: 31881641 | F110: 47486550 | G110: 11235468 | H110: 20557282 | I110: 31792750 | J110: 4369441 | K110: 11324359 | L110: 15693800
A111: E-DEPX | C111: Depreciation Expense-Transmission | D111: 794749 | E111: 20269922 | F111: 21064671 | G111: 522026 | H111: 13070046 | I111: 13592072 | J111: 272723 | K111: 7199876 | L111: 7472599
A112: E-AMTX | C112: Amortization Expense-Franchises/Misc Intangibles | D112: 0 | E112: 1181154 | F112: 1181154 | G112: 0 | H112: 761608 | I112: 761608 | J112: 0 | K112: 419546 | L112: 419546
...

Sheet 4.1 NLSL SUMMARY - Lg WA 1
B2: Avista - NLSL Analysis
B3: Large ID 1
B5: CF/CT Load (Sep 1, 1979): | G5: NOTE: Would qualify for CF/CT (pre-Sep 1979 load), but would NOT affect current NLSL status or amount -- based on available info. | H5: NOTE: CF/CT amount granted 5-11-2009
B7: 0 | C7: aMW
B9: A | C9: B | D9: C | E9: D | F9: E | G9: F | I9: G | J9: H | K9: I | L9: J
B10: NLSL Test Year 1/ | C10: Hours | D10: NLSL Test Yr Load (kWh) 1/ | E10: NLSL Test Yr Load (aMW) 1/ | F10: Increase from prior FY (aMW) 1/ | G10: NLSL Test (aMW) 2/ | H10: NLSL "Happy" Indicator | I10: NLSL Threshhold (aMW) | J10: Test Yr non-NLSL load (aMW) | K10: Test Yr NLSL load (aMW) | L10: Test Yr NLSL load (MWh''s)
B12: 1978 | C12: 8760 | D12: 0 | E12: 0 | F12: 0 | G12: 0 | H12: N/A | I12: N/A | J12: - | M12: Pre-1979
B13: 1979 | C13: 8760 | D13: 76656000 | E13: 8.751 | F13: 0 | G13: 0 | H13: N/A | I13: N/A | J13: 8.751 | K13: -
B14: 1980 | C14: 8784 | D14: 880710000 | E14: 10.216 | F14: 1.465 | G14: 1.465 | H14: N/A | I14: N/A | J14: 10.216 | K14: -
B15: 1981 | C15: 8760 | D15: 116496000 | E15: 13.299 | F15: 3.083 | G15: 3.083 | H15: N/A | I15: N/A | J15: 13.299 | K15: -
B16: 1982 | C16: 8760 | D16: 101380000 | E16: 11.573 | F16: -1.726 | G16: 0 | H16: N/A | I16: N/A | J16: 11.573 | K16: -
B17: 1983 | C17: 8760 | D17: 124704000 | E17: 14.236 | F17: 2.663 | G17: 2.663 | H17: N/A | I17: N/A | J17: 14.236 | K17: -
B18: 1984 | C18: 8784 | D18: 145128000 | E18: 16.522 | F18: 2.286 | G18: 2.286 | H18: N/A | I18: N/A | J18: 16.522 | K18: -
B19: 1985 | C19: 8760 | D19: 144408000 | E19: 16.485 | F19: -0.037 | G19: 0 | H19: N/A | I19: N/A | J19: 16.485 | K19: -
B20: 1986 | C20: 8760 | D20: 153583333 | E20: 17.532 | F20: 1.047 | G20: 1.047 | H20: N/A | I20: N/A | J20: 17.532 | K20: -
B21: 1987 | C21: 8760 | D21: 168288000 | E21: 19.211 | F21: 1.679 | G21: 1.679 | H21: N/A | I21: N/A | J21: 19.211 | K21: -
B22: 1988 | C22: 8784 | D22: 182256530 | E22: 20.749 | F22: 1.538 | G22: 1.538 | H22: N/A | I22: N/A | J22: 20.749 | K22: -
B23: 1989 | C23: 8760 | D23: 175062875 | E23: 19.984 | F23: -0.764 | G23: 0 | H23: N/A | I23: N/A | J23: 19.984 | K23: -
B24: 1990 | C24: 8760 | D24: 186118490 | E24: 21.246 | F24: 1.262 | G24: 1.262 | H24: N/A | I24: N/A | J24: 21.246 | K24: -
... B28: 1994 | C28: 8760 | D28: 159674408 | E28: 18.228 | F28: -0.008 | G28: 0 | H28: N/A | I28: N/A | J28: 18.228 | K28: -
B29: 1995 | C29: 8760 | D29: 173246488 | E29: 19.776996 | F29: 1.5493242 | G29: 1.5493242 | H29: N/A | I29: N/A | J29: 19.776996 | K29: 0
B30: 1996 | C30: 8784 | D30: 193810653 | E30: 22.064054 | F30: 2.287058 | G30: 2.287058 | H30: N/A | I30: N/A | J30: 22.064054 | K30: 0 | M30: <<<---Input Values for Initial Rate Proposal on this line !!
B31: 1997 | C31: 8760 | D31: 208578992 | E31: 23.810387 | F31: 1.7463329 | G31: 1.7463329 | H31: N/A | I31: N/A | J31: 23.810387 | K31: 0
B32: 1998 | C32: 8760 | D32: 219236074 | E32: 25.026949 | F32: 1.2165619 | G32: 1.2165619 | H32: N/A | I32: N/A | J32: 25.026949 | K32: 0
B33: 1999 | C33: 8760 | D33: 234641514 | E33: 26.785561 | F33: 1.7586119 | G33: 1.7586119 | H33: N/A | I33: N/A | J33: 26.785561 | K33: 0
B34: 2000 | C34: 8784 | D34: 247130960 | E34: 28.134217 | F34: 1.3486558 | G34: 1.3486558 | H34: N/A | I34: N/A | J34: 28.134217 | K34: 0
